Workbook

Sheet Cover
B2: Mondelez Financial Model
B3: May 1st, 2014

Sheet Summary
B2: Mondelez International, Inc. (MDLZ)
B3: Trading Data & Summary Financials
B5: Trading Data | G5: Summary Financials
B6: Current Price as of: | C6: 41760 | E6: 34.36 | G6: (FY End: December) | H6: 2011 | I6: =H6+1 -> 2012 | J6: =I6+1 -> 2013 | K6: =J6+1 -> 2014 | L6: =K6+1 -> 2015 | M6: =L6+1 -> 2016 | N6: =M6+1 -> 2017
B7: Shares Outstanding (m) | E7: 1649.48 | G7: Revenue | H7: =IS!C7 -> 35810 | I7: =IS!D7 -> 35015 | J7: =IS!E7 -> 35299 | K7: =IS!F7 -> 34244 | L7: =IS!G7 -> 30650.965 | M7: =IS!H7 -> 31331.187 | N7: =IS!I7 -> 32408.694
B8: Market Capitalization | E8: =E6*E7 -> 56676.133 | G8: Growth y/y% | H8: 0.01 | I8: =I7/H7-1 -> -0.022200503 | J8: =J7/I7-1 -> 0.0081108097 | K8: =K7/J7-1 -> -0.029887532 | L8: =L7/K7-1 -> -0.10492451 | M8: =M7/L7-1 -> 0.0221925 | N8: =N7/M7-1 -> 0.034390877
B9: Cash & Short-Term Investments | E9: 1703 | G9: Operating Income | H9: =IS!C16 -> 4097 | I9: =IS!D16 -> 4293 | J9: =IS!E16 -> 4271 | K9: =IS!F16 -> 4416 | L9: =IS!G16 -> 4105.0346 | M9: =IS!H16 -> 4276.1126 | N9: =IS!I16 -> 4483.7701
B10: Total Debt | E10: 16781 | G10: Growth y/y% | H10: -0.003 | I10: =I9/H9-1 -> 0.047839883 | J10: =J9/I9-1 -> -0.0051246215 | K10: =K9/J9-1 -> 0.033949895 | L10: =L9/K9-1 -> -0.070417878 | M10: =M9/L9-1 -> 0.041675152 | N10: =N9/M9-1 -> 0.04856221
B11: Total Enterprise Value | E11: =E8-E9+E10 -> 71754.133 | G11: Margin % | H11: =H9/H7 -> 0.11440938 | I11: =I9/I7 -> 0.1226046 | J11: =J9/J7 -> 0.12099493 | K11: =K9/K7 -> 0.1289569 | L11: =L9/L7 -> 0.1339284 | M11: =M9/M7 -> 0.13648103 | N11: =N9/N7 -> 0.13835084
B12: Book Value of Common Equity | E12: 374 | G12: EPS | H12: =IS!C25 -> 1.3832522 | I12: =IS!D25 -> 1.4251266 | J12: =IS!E25 -> 1.5619408 | K12: =IS!F25 -> 1.7573236 | L12: =IS!G25 -> 1.560848 | M12: =IS!H25 -> 1.7023614 | N12: =IS!I25 -> 1.84922
B13: Total Debt | E13: =E10 -> 16781 | G13: Growth y/y% | H13: 0.301 | I13: =I12/H12-1 -> 0.030272412 | J13: =J12/I12-1 -> 0.096001455 | K13: =K12/J12-1 -> 0.12508977 | L13: =L12/K12-1 -> -0.11180392 | M13: =M12/L12-1 -> 0.090664443 | N13: =N12/M12-1 -> 0.086267615
B14: Total Capital | E14: =SUM(E12:E13) -> 17155 | G14: Unlevered FCF | H14: =CF!C44 -> 2749 | I14: =CF!D44 -> 2313 | J14: =CF!E44 -> 4788 | K14: =CF!F44 -> 1920 | L14: =Sensitivity!N13 -> 1699.4703 | M14: =Sensitivity!O13 -> 2302.9058 | N14: =Sensitivity!P13 -> 2088.4026
G15: FCF Yield% | K15: =K14/E8 -> 0.033876694 | L15: =L14/E8 -> 0.029985644 | M15: =M14/E8 -> 0.040632726 | N15: =N14/E8 -> 0.036848008
B16: Liquidity | G16: EV / EBITDA | K16: =$E$11/K9 -> 16.248671 | L16: =$E$11/L9 -> 17.479544 | M16: =$E$11/M9 -> 16.780225 | N16: =$E$11/N9 -> 16.00308
B17: Total Debt / TTM EBITDA | E17: =BS!F42 -> 2.8118721 | G17: P / FCF | K17: =$E$6/(K14/$E$7) -> 29.518819 | L17: =$E$6/(L14/$E$7) -> 33.349292 | M17: =$E$6/(M14/$E$7) -> 24.610704 | N17: =$E$6/(N14/$E$7) -> 27.138509
B18: EBITDA / Interest Expense | E18: =BS!AB45 -> 5.9118269 | G18: P / E | K18: =$E$6/K12 -> 19.55246 | L18: =$E$6/L12 -> 22.013675 | M18: =$E$6/M12 -> 20.183729 | N18: =$E$6/N12 -> 18.580807

Sheet IS
K1: 40633 | L1: =EOMONTH(K1,3) -> 40724 | M1: =EOMONTH(L1,3) -> 40816 | N1: =EOMONTH(M1,3) -> 40908 | O1: =EOMONTH(N1,3) -> 40999 | P1: =EOMONTH(O1,3) -> 41090 | Q1: =EOMONTH(P1,3) -> 41182 | R1: =EOMONTH(Q1,3) -> 41274 | S1: =EOMONTH(R1,3) -> 41364 | ... AL1: =EOMONTH(AK1,3) -> 43100
B2: Mondelez International, Inc. (MDLZ)
B3: Consolidated Income Statement
B4: $000's, Except Where Noted
C5: Annual Summary | K5: 2011 | O5: =K5+1 -> 2012 | S5: =O5+1 -> 2013 | W5: =S5+1 -> 2014 | AA5: =W5+1 -> 2015 | AE5: =AA5+1 -> 2016 | AI5: =AE5+1 -> 2017
C6: 2011 | D6: =C6+1 -> 2012 | E6: =D6+1 -> 2013 | F6: =E6+1 -> 2014 | G6: =F6+1 -> 2015 | H6: =G6+1 -> 2016 | I6: =H6+1 -> 2017 | K6: 1 | L6: =K6+1 -> 2 | M6: =L6+1 -> 3 | N6: =M6+1 -> 4 | O6: 1 | P6: =O6+1 -> 2 | Q6: =P6+1 -> 3 | R6: =Q6+1 -> 4 | S6: 1 | T6: =S6+1 -> 2 | U6: =T6+1 -> 3 | V6: =U6+1 -> 4 | W6: 1 | X6: =W6+1 -> 2 | Y6: =X6+1 -> 3 | Z6: =Y6+1 -> 4 | AA6: 1 | AB6: =AA6+1 -> 2 | AC6: =AB6+1 -> 3 | AD6: =AC6+1 -> 4 | AE6: 1 | AF6: =AE6+1 -> 2 | AG6: =AF6+1 -> 3 | AH6: =AG6+1 -> 4 | AI6: 1 | AJ6: =AI6+1 -> 2 | AK6: =AJ6+1 -> 3 | AL6: =AK6+1 -> 4
B7: Net Sales | C7: =SUM(K7:N7) -> 35810 | D7: =SUM(O7:R7) -> 35015 | E7: =SUM(S7:V7) -> 35299 | F7: =SUM(W7:Z7) -> 34244 | G7: =SUM(AA7:AD7) -> 30650.965 | H7: =SUM(AE7:AH7) -> 31331.187 | I7: =SUM(AI7:AL7) -> 32408.694 | K7: ='IS-Segments'!K8+'IS-Segments'!K23+'IS-Segments'!K38+'IS-Segments'!K53+'IS-Segments'!K68 -> 8190 | L7: ='IS-Segments'!L8+'IS-Segments'!L23+'IS-Segments'!L38+'IS-Segments'!L53+'IS-Segments'!L68 -> 9163 | M7: ='IS-Segments'!M8+'IS-Segments'!M23+'IS-Segments'!M38+'IS-Segments'!M53+'IS-Segments'!M68 -> 8778 | N7: ='IS-Segments'!N8+'IS-Segments'!N23+'IS-Segments'!N38+'IS-Segments'!N53+'IS-Segments'!N68 -> 9679 | O7: ='IS-Segments'!O8+'IS-Segments'!O23+'IS-Segments'!O38+'IS-Segments'!O53+'IS-Segments'!O68 -> 8667 | P7: ='IS-Segments'!P8+'IS-Segments'!P23+'IS-Segments'!P38+'IS-Segments'!P53+'IS-Segments'!P68 -> 8527 | Q7: ='IS-Segments'!Q8+'IS-Segments'!Q23+'IS-Segments'!Q38+'IS-Segments'!Q53+'IS-Segments'!Q68 -> 8326 | R7: ='IS-Segments'!R8+'IS-Segments'!R23+'IS-Segments'!R38+'IS-Segments'!R53+'IS-Segments'!R68 -> 9495 | ... AL7: ='IS-Segments'!AL8+'IS-Segments'!AL23+'IS-Segments'!AL38+'IS-Segments'!AL53+'IS-Segments'!AL68 -> 8678.0452
B8: % Growth y/y | C8: 0.01 | D8: =D7/C7-1 -> -0.022200503 | E8: =E7/D7-1 -> 0.0081108097 | F8: =F7/E7-1 -> -0.029887532 | G8: =G7/F7-1 -> -0.10492451 | H8: =H7/G7-1 -> 0.0221925 | I8: =I7/H7-1 -> 0.034390877 | K8: 0.11 | L8: 0.098 | M8: 0.11 | N8: 0.11 | O8: =O7/K7-1 -> 0.058241758 | P8: =P7/L7-1 -> -0.069409582 | Q8: =Q7/M7-1 -> -0.051492367 | R8: =R7/N7-1 -> -0.019010228 | S8: =S7/O7-1 -> 0.0088842737 | T8: =T7/P7-1 -> 0.0079746687 | U8: =U7/Q7-1 -> 0.017535431 | V8: =V7/R7-1 -> -0.00073723012 | ... AL8: =AL7/AH7-1 -> 0.033030201
B9: Cost of Goods Sold | C9: =SUM(K9:N9) -> -22402.5 | D9: =SUM(O9:R9) -> -21939 | E9: =SUM(S9:V9) -> -22189 | F9: =SUM(W9:Z9) -> -21647 | G9: =SUM(AA9:AD9) -> -19071.583 | H9: =SUM(AE9:AH9) -> -19337.003 | I9: =SUM(AI9:AL9) -> -19848.024 | K9: -5133.25 | L9: -5650.25 | M9: -5461 | N9: -6158 | O9: -5472 | P9: -5316 | Q9: -5206 | R9: -5945 | S9: -5502 | T9: -5364 | U9: -5328 | V9: -5995 | W9: -5437 | X9: -5331 | Y9: -5195 | Z9: -5684 | AA9: =-AA7*(1-AA29) -> -4751.3559 | AB9: =-AB7*(1-AB29) -> -4652.418 | AC9: =-AC7*(1-AC29) -> -4613.8013 | AD9: =-AD7*(1-AD29) -> -5054.0075 | AE9: =-AE7*(1-AE29) -> -4737.1043 | AF9: =-AF7*(1-AF29) -> -4726.018 | AG9: =-AG7*(1-AG29) -> -4707.529 | AH9: =-AH7*(1-AH29) -> -5166.3522 | ... AL9: =-AL7*(1-AL29) -> -5293.6076
B10: Gross Profit | C10: =SUM(K10:N10) -> 13407.5 | D10: =SUM(O10:R10) -> 13076 | E10: =SUM(S10:V10) -> 13110 | F10: =SUM(W10:Z10) -> 12597 | G10: =SUM(AA10:AD10) -> 11579.382 | H10: =SUM(AE10:AH10) -> 11994.183 | I10: =SUM(AI10:AL10) -> 12560.67 | K10: =K7+K9 -> 3056.75 | L10: =L7+L9 -> 3512.75 | M10: =M7+M9 -> 3317 | N10: =N7+N9 -> 3521 | O10: =O7+O9 -> 3195 | P10: =P7+P9 -> 3211 | Q10: =Q7+Q9 -> 3120 | R10: =R7+R9 -> 3550 | ... AL10: =AL7+AL9 -> 3384.4376
B11: MD&A Expenses | C11: =SUM(K11:N11) -> -9274.5 | D11: =SUM(O11:R11) -> -8827 | E11: =SUM(S11:V11) -> -8902 | F11: =SUM(W11:Z11) -> -8128 | G11: =SUM(AA11:AD11) -> -7474.3476 | H11: =SUM(AE11:AH11) -> -7718.0706 | I11: =SUM(AI11:AL11) -> -8076.8996 | K11: -2177.75 | L11: -2386.75 | M11: -2289 | N11: -2421 | O11: -2159 | P11: -2099 | Q11: -2055 | R11: -2514 | S11: -2303 | T11: -2269 | U11: -2125 | V11: -2205 | W11: -2152 | X11: -2050 | Y11: -2047 | Z11: -1879 | AA11: =AA16-AA10 -> -1857.9158 | AB11: =AB16-AB10 -> -1857.2847 | AC11: =AC16-AC10 -> -1845.9777 | AD11: =AD16-AD10 -> -1913.1694 | AE11: =AE16-AE10 -> -1884.4438 | AF11: =AF16-AF10 -> -1923.6612 | AG11: =AG16-AG10 -> -1918.4972 | AH11: =AH16-AH10 -> -1991.4684 | ... AL11: =AL16-AL10 -> -2082.8558
B12: Segment Income | C12: =SUM(K12:N12) -> 4762 | D12: =SUM(O12:R12) -> 4827 | E12: =SUM(S12:V12) -> 4649 | F12: =SUM(W12:Z12) -> 4927 | G12: =SUM(AA12:AD12) -> 4461.0346 | H12: =SUM(AE12:AH12) -> 4612.1126 | I12: =SUM(AI12:AL12) -> 4819.7701 | K12: ='IS-Segments'!K10+'IS-Segments'!K25+'IS-Segments'!K40+'IS-Segments'!K55+'IS-Segments'!K70 -> 998 | L12: ='IS-Segments'!L10+'IS-Segments'!L25+'IS-Segments'!L40+'IS-Segments'!L55+'IS-Segments'!L70 -> 1244 | M12: ='IS-Segments'!M10+'IS-Segments'!M25+'IS-Segments'!M40+'IS-Segments'!M55+'IS-Segments'!M70 -> 1220 | N12: ='IS-Segments'!N10+'IS-Segments'!N25+'IS-Segments'!N40+'IS-Segments'!N55+'IS-Segments'!N70 -> 1300 | O12: ='IS-Segments'!O10+'IS-Segments'!O25+'IS-Segments'!O40+'IS-Segments'!O55+'IS-Segments'!O70 -> 1141 | P12: ='IS-Segments'!P10+'IS-Segments'!P25+'IS-Segments'!P40+'IS-Segments'!P55+'IS-Segments'!P70 -> 1196 | Q12: ='IS-Segments'!Q10+'IS-Segments'!Q25+'IS-Segments'!Q40+'IS-Segments'!Q55+'IS-Segments'!Q70 -> 1226 | R12: ='IS-Segments'!R10+'IS-Segments'!R25+'IS-Segments'!R40+'IS-Segments'!R55+'IS-Segments'!R70 -> 1264 | ... AL12: ='IS-Segments'!AL10+'IS-Segments'!AL25+'IS-Segments'!AL40+'IS-Segments'!AL55+'IS-Segments'!AL70 -> 1385.5819
B13: Goodwill Amortization | C13: =SUM(K13:N13) -> -225 | D13: =SUM(O13:R13) -> -217 | E13: =SUM(S13:V13) -> -217 | F13: =SUM(W13:Z13) -> -206 | G13: =SUM(AA13:AD13) -> -196 | H13: =SUM(AE13:AH13) -> -196 | I13: =SUM(AI13:AL13) -> -196 | K13: -57 | L13: -57 | M13: -58 | N13: -53 | O13: -56 | P13: -53 | Q13: -54 | R13: -54 | S13: -54 | T13: -55 | U13: -55 | V13: -53 | W13: -54 | X13: -55 | Y13: -48 | Z13: -49 | AA13: =Z13 -> -49 | AB13: =AA13 -> -49 | AC13: =AB13 -> -49 | AD13: =AC13 -> -49 | AE13: =AD13 -> -49 | AF13: =AE13 -> -49 | AG13: =AF13 -> -49 | AH13: =AG13 -> -49 | ... AL13: =AK13 -> -49
B14: Corporate Expenses | C14: =SUM(K14:N14) -> -404 | D14: =SUM(O14:R14) -> -318 | E14: =SUM(S14:V14) -> -223 | F14: =SUM(W14:Z14) -> -193 | G14: =SUM(AA14:AD14) -> -160 | H14: =SUM(AE14:AH14) -> -140 | I14: =SUM(AI14:AL14) -> -140 | K14: -62 | L14: -61 | M14: -134 | N14: -147 | O14: -73 | P14: -42 | Q14: -84 | R14: -119 | S14: -59 | T14: -60 | U14: -64 | V14: -40 | W14: -69 | X14: -40 | Y14: -39 | Z14: -45 | AA14: -40 | AB14: =AA14 -> -40 | AC14: =AB14 -> -40 | AD14: =AC14 -> -40 | AE14: -35 | AF14: =AE14 -> -35 | AG14: =AF14 -> -35 | AH14: =AG14 -> -35 | AI14: -35 | AJ14: =AI14 -> -35 | AK14: =AJ14 -> -35 | AL14: =AK14 -> -35
B15: Unrealized Gains/Losses on Hedges | C15: =SUM(K15:N15) -> -36 | D15: =SUM(O15:R15) -> 1 | E15: =SUM(S15:V15) -> 62 | F15: =SUM(W15:Z15) -> -112 | G15: =SUM(AA15:AD15) -> 0 | H15: =SUM(AE15:AH15) -> 0 | I15: =SUM(AI15:AL15) -> 0 | K15: 65 | L15: -72 | M15: 17 | N15: -46 | O15: 18 | P15: 23 | Q15: 1 | R15: -41 | S15: 19 | T15: 24 | U15: 12 | V15: 7 | W15: 7 | X15: -54 | Y15: 39 | Z15: -104 | AA15: 0 | AB15: =AA15 -> 0 | AC15: =AB15 -> 0 | AD15: =AC15 -> 0 | AE15: =AD15 -> 0 | AF15: =AE15 -> 0 | AG15: =AF15 -> 0 | AH15: =AG15 -> 0 | AI15: =AH15 -> 0 | ... AL15: =AK15 -> 0
B16: Operating Income | C16: =SUM(K16:N16) -> 4097 | D16: =SUM(O16:R16) -> 4293 | E16: =SUM(S16:V16) -> 4271 | F16: =SUM(W16:Z16) -> 4416 | G16: =SUM(AA16:AD16) -> 4105.0346 | H16: =SUM(AE16:AH16) -> 4276.1126 | I16: =SUM(AI16:AL16) -> 4483.7701 | K16: =SUM(K12:K15) -> 944 | L16: =SUM(L12:L15) -> 1054 | M16: =SUM(M12:M15) -> 1045 | N16: =SUM(N12:N15) -> 1054 | O16: =SUM(O12:O15) -> 1030 | P16: =SUM(P12:P15) -> 1124 | Q16: =SUM(Q12:Q15) -> 1089 | R16: =SUM(R12:R15) -> 1050 | ... AL16: =SUM(AL12:AL15) -> 1301.5819
B17: % Growth y/y | C17: 0.01 | D17: =D16/C16-1 -> 0.047839883 | E17: =E16/D16-1 -> -0.0051246215 | F17: =F16/E16-1 -> 0.033949895 | G17: =G16/F16-1 -> -0.070417878 | H17: =H16/G16-1 -> 0.041675152 | I17: =I16/H16-1 -> 0.04856221 | K17: 0.066 | L17: 0.054 | M17: 0.056 | N17: 0.043 | O17: =O16/K16-1 -> 0.091101695 | P17: =P16/L16-1 -> 0.066413662 | Q17: =Q16/M16-1 -> 0.042105263 | R17: =R16/N16-1 -> -0.0037950664 | S17: =S16/O16-1 -> -0.085436893 | T17: =T16/P16-1 -> -0.12633452 | U17: =U16/Q16-1 -> -0.050505051 | V17: =V16/R16-1 -> 0.25047619 | ... AL17: =AL16/AH16-1 -> 0.04733831
B18: EBITDA | C18: =SUM(K18:N18) -> 5582 | D18: =SUM(O18:R18) -> 5638 | E18: =SUM(S18:V18) -> 5348 | F18: =SUM(W18:Z18) -> 5475 | G18: =SUM(AA18:AD18) -> 5024.5636 | H18: =SUM(AE18:AH18) -> 5216.0482 | I18: =SUM(AI18:AL18) -> 5456.0309 | K18: =K16+CF!K9 -> 1316 | L18: =L16+CF!L9 -> 1424 | M18: =M16+CF!M9 -> 1420 | N18: =N16+CF!N9 -> 1422 | O18: =O16+CF!O9 -> 1387 | P18: =P16+CF!P9 -> 1476 | Q18: =Q16+CF!Q9 -> 1445 | R18: =R16+CF!R9 -> 1330 | ... AL18: =AL16+CF!AL9 -> 1561.9232
B19: Net Interest Expense | C19: =SUM(K19:N19) -> -1308 | D19: =SUM(O19:R19) -> -1093 | E19: =SUM(S19:V19) -> -1011 | F19: =SUM(W19:Z19) -> -821 | G19: =SUM(AA19:AD19) -> -825 | H19: =SUM(AE19:AH19) -> -800 | I19: =SUM(AI19:AL19) -> -800 | K19: -302 | L19: -298 | M19: -281 | N19: -427 | O19: -280 | P19: -280 | Q19: -254 | R19: -279 | S19: -274 | T19: -235 | U19: -267 | V19: -235 | W19: -226 | X19: -216 | Y19: -193 | Z19: -186 | AA19: =-825/4 -> -206.25 | AB19: =-825/4 -> -206.25 | AC19: =-825/4 -> -206.25 | AD19: =-825/4 -> -206.25 | AE19: -200 | AF19: =AE19 -> -200 | AG19: =AF19 -> -200 | AH19: =AG19 -> -200 | AI19: -200 | AJ19: =AI19 -> -200 | AK19: =AJ19 -> -200 | AL19: =AK19 -> -200
B20: Pre-Tax Income | C20: =SUM(K20:N20) -> 2789 | D20: =SUM(O20:R20) -> 3200 | E20: =SUM(S20:V20) -> 3260 | F20: =SUM(W20:Z20) -> 3595 | G20: =SUM(AA20:AD20) -> 3280.0347 | H20: =SUM(AE20:AH20) -> 3476.1126 | I20: =SUM(AI20:AL20) -> 3683.7701 | K20: =K16+K19 -> 642 | L20: =L16+L19 -> 756 | M20: =M16+M19 -> 764 | N20: =N16+N19 -> 627 | O20: =O16+O19 -> 750 | P20: =P16+P19 -> 844 | Q20: =Q16+Q19 -> 835 | R20: =R16+R19 -> 771 | ... AL20: =AL16+AL19 -> 1101.5819
B21: Taxes | C21: =SUM(K21:N21) -> -317 | D21: =SUM(O21:R21) -> -625 | E21: =SUM(S21:V21) -> -442 | F21: =SUM(W21:Z21) -> -577 | G21: =SUM(AA21:AD21) -> -656.00693 | H21: =SUM(AE21:AH21) -> -695.22252 | I21: =SUM(AI21:AL21) -> -736.75401 | K21: -148 | L21: -144 | M21: -101 | N21: 76 | O21: -181 | P21: -172 | Q21: -166 | R21: -106 | S21: -2 | T21: -77 | U21: -34 | V21: -329 | W21: -171 | X21: -133 | Y21: -92 | Z21: -181 | AA21: =-AA20*AA33 -> -147.66066 | AB21: =-AB20*AB33 -> -157.58946 | AC21: =-AC20*AC33 -> -155.11719 | AD21: =-AD20*AD33 -> -195.63962 | AE21: =-AE20*AE33 -> -153.99304 | AF21: =-AF20*AF33 -> -166.98058 | AG21: =-AG20*AG33 -> -165.69849 | AH21: =-AH20*AH33 -> -208.55042 | ... AL21: =-AL20*AL33 -> -220.31637
B22: Minority Interest | C22: =SUM(K22:N22) -> -20 | D22: =SUM(O22:R22) -> -27 | E22: =SUM(S22:V22) -> -25 | F22: =SUM(W22:Z22) -> -17 | G22: =SUM(AA22:AD22) -> -28 | H22: =SUM(AE22:AH22) -> -28 | I22: =SUM(AI22:AL22) -> -28 | K22: -3 | L22: 0 | M22: -5 | N22: -12 | O22: -6 | P22: -5 | Q22: -7 | R22: -9 | S22: -6 | T22: -6 | U22: -6 | V22: -7 | W22: 13 | X22: -20 | Y22: -3 | Z22: -7 | AA22: -7 | AB22: =AA22 -> -7 | AC22: =AB22 -> -7 | AD22: =AC22 -> -7 | AE22: =AD22 -> -7 | AF22: =AE22 -> -7 | AG22: =AF22 -> -7 | AH22: =AG22 -> -7 | AI22: =AH22 -> -7 | ... AL22: =AK22 -> -7
B23: Net Income | C23: =SUM(K23:N23) -> 2452 | D23: =SUM(O23:R23) -> 2548 | E23: =SUM(S23:V23) -> 2793 | F23: =SUM(W23:Z23) -> 3001 | G23: =SUM(AA23:AD23) -> 2596.0277 | H23: =SUM(AE23:AH23) -> 2752.8901 | I23: =SUM(AI23:AL23) -> 2919.0161 | K23: =K20+K21+K22 -> 491 | L23: =L20+L21+L22 -> 612 | M23: =M20+M21+M22 -> 658 | N23: =N20+N21+N22 -> 691 | O23: =O20+O21+O22 -> 563 | P23: =P20+P21+P22 -> 667 | Q23: =Q20+Q21+Q22 -> 662 | R23: =R20+R21+R22 -> 656 | ... AL23: =AL20+AL21+AL22 -> 874.26549
B24: Diluted Shares Outstanding | C24: =AVERAGE(K24:N24) -> 1771.75 | D24: =AVERAGE(O24:R24) -> 1787.75 | E24: =AVERAGE(S24:V24) -> 1789 | F24: =AVERAGE(W24:Z24) -> 1708.5 | G24: =AVERAGE(AA24:AD24) -> 1664.7204 | H24: =AVERAGE(AE24:AH24) -> 1618.3763 | I24: =AVERAGE(AI24:AL24) -> 1579.6348 | K24: 1760 | L24: 1771 | M24: 1777 | N24: 1779 | O24: 1783 | P24: 1786 | Q24: 1789 | R24: 1793 | S24: 1798 | T24: 1803 | U24: 1794 | V24: 1761 | W24: 1722 | X24: 1712 | Y24: 1705 | Z24: 1695 | AA24: =Equity!G17 -> 1684 | AB24: =Equity!H17 -> 1670.9034 | AC24: =Equity!I17 -> 1658.1771 | AD24: =Equity!J17 -> 1645.8009 | AE24: =Equity!K17 -> 1633.7559 | AF24: =Equity!L17 -> 1623.3284 | AG24: =Equity!M17 -> 1613.1658 | AH24: =Equity!N17 -> 1603.255 | ... AL24: =Equity!R17 -> 1565.8987
B25: Earnings Per Share | C25: =SUM(K25:N25) -> 1.3832522 | D25: =SUM(O25:R25) -> 1.4251266 | E25: =SUM(S25:V25) -> 1.5619408 | F25: =SUM(W25:Z25) -> 1.7573236 | G25: =SUM(AA25:AD25) -> 1.560848 | H25: =SUM(AE25:AH25) -> 1.7023614 | I25: =SUM(AI25:AL25) -> 1.84922 | K25: =K23/K24 -> 0.27897727 | L25: =L23/L24 -> 0.34556748 | M25: =M23/M24 -> 0.370287 | N25: =N23/N24 -> 0.38842046 | O25: =O23/O24 -> 0.31575996 | P25: =P23/P24 -> 0.37346025 | Q25: =Q23/Q24 -> 0.37003913 | R25: =R23/R24 -> 0.36586726 | ... AL25: =AL23/AL24 -> 0.55831548
B28: Margins
B29: Gross Margin | C29: =C10/C7 -> 0.37440659 | D29: =D10/D7 -> 0.37343995 | E29: =E10/E7 -> 0.37139862 | F29: =F10/F7 -> 0.36786006 | G29: =G10/G7 -> 0.37778198 | H29: =H10/H7 -> 0.38281931 | I29: =I10/I7 -> 0.387571 | K29: =K10/K7 -> 0.37322955 | L29: =L10/L7 -> 0.38336244 | M29: =M10/M7 -> 0.37787651 | N29: =N10/N7 -> 0.36377725 | O29: =O10/O7 -> 0.36863967 | P29: =P10/P7 -> 0.37656855 | Q29: =Q10/Q7 -> 0.37472976 | R29: =R10/R7 -> 0.37388099 | ... Z29: =Z10/Z7 -> 0.35628539 | AA29: 0.371 | AB29: 0.38 | AC29: 0.38 | AD29: 0.38 | AE29: 0.376 | AF29: 0.385 | AG29: 0.385 | AH29: 0.385 | AI29: 0.38 | AJ29: 0.39 | AK29: 0.39 | AL29: 0.39
B30: Operating Margin | C30: =C16/C7 -> 0.11440938 | D30: =D16/D7 -> 0.1226046 | E30: =E16/E7 -> 0.12099493 | F30: =F16/F7 -> 0.1289569 | G30: =G16/G7 -> 0.1339284 | H30: =H16/H7 -> 0.13648103 | I30: =I16/I7 -> 0.13835084 | K30: =K16/K7 -> 0.11526252 | L30: =L16/L7 -> 0.11502783 | M30: =M16/M7 -> 0.11904762 | N30: =N16/N7 -> 0.10889555 | O30: =O16/O7 -> 0.11884158 | P30: =P16/P7 -> 0.13181658 | Q30: =Q16/Q7 -> 0.1307951 | R30: =R16/R7 -> 0.11058452 | ... AL30: =AL16/AL7 -> 0.1499856
B31: MD&A (% of sales) | C31: =-C11/C7 -> 0.2589919 | D31: =-D11/D7 -> 0.25209196 | E31: =-E11/E7 -> 0.25218845 | F31: =-F11/F7 -> 0.23735545 | G31: =-G11/G7 -> 0.24385358 | H31: =-H11/H7 -> 0.24633828 | I31: =-I11/I7 -> 0.24922016 | K31: =-K11/K7 -> 0.26590354 | L31: =-L11/L7 -> 0.26047692 | M31: =-M11/M7 -> 0.26076555 | N31: =-N11/N7 -> 0.25012915 | O31: =-O11/O7 -> 0.2491058 | P31: =-P11/P7 -> 0.24615926 | Q31: =-Q11/Q7 -> 0.2468172 | R31: =-R11/R7 -> 0.26477093 | ... AL31: =-AL11/AL7 -> 0.2400144
B32: Drivers
B33: Tax Rate % | C33: =-C21/C20 -> 0.11366081 | D33: =-D21/D20 -> 0.1953125 | E33: =-E21/E20 -> 0.13558282 | F33: =-F21/F20 -> 0.1605007 | G33: =-G21/G20 -> 0.2 | H33: =-H21/H20 -> 0.2 | I33: =-I21/I20 -> 0.2 | K33: =-K21/K20 -> 0.2305296 | L33: =-L21/L20 -> 0.19047619 | M33: =-M21/M20 -> 0.13219895 | N33: =-N21/N20 -> -0.12121212 | O33: =-O21/O20 -> 0.24133333 | P33: =-P21/P20 -> 0.20379147 | Q33: =-Q21/Q20 -> 0.1988024 | R33: =-R21/R20 -> 0.13748379 | ... Z33: =-Z21/Z20 -> 0.18488253 | AA33: 0.2 | AB33: =AA33 -> 0.2 | AC33: =AB33 -> 0.2 | AD33: =AC33 -> 0.2 | AE33: =AD33 -> 0.2 | AF33: =AE33 -> 0.2 | AG33: =AF33 -> 0.2 | AH33: =AG33 -> 0.2 | AI33: =AH33 -> 0.2 | ... AL33: =AK33 -> 0.2
B34: D&A (% of sales) | C34: =CF!C9/IS!C7 -> 0.041468863 | D34: =CF!D9/IS!D7 -> 0.038412109 | E34: =CF!E9/IS!E7 -> 0.030510779 | F34: =CF!F9/IS!F7 -> 0.030925126 | G34: =CF!G9/IS!G7 -> 0.03 | H34: =CF!H9/IS!H7 -> 0.03 | I34: =CF!I9/IS!I7 -> 0.03 | K34: =CF!K9/IS!K7 -> 0.045421245 | L34: =CF!L9/IS!L7 -> 0.040379788 | M34: =CF!M9/IS!M7 -> 0.042720437 | N34: =CF!N9/IS!N7 -> 0.038020457 | O34: =CF!O9/IS!O7 -> 0.041190723 | P34: =CF!P9/IS!P7 -> 0.041280638 | Q34: =CF!Q9/IS!Q7 -> 0.042757627 | R34: =CF!R9/IS!R7 -> 0.029489205 | ... Z34: =CF!Z9/IS!Z7 -> 0.029671574 | AA34: 0.03 | AB34: =AA34 -> 0.03 | AC34: =AB34 -> 0.03 | AD34: =AC34 -> 0.03 | AE34: =AD34 -> 0.03 | AF34: =AE34 -> 0.03 | AG34: =AF34 -> 0.03 | AH34: =AG34 -> 0.03 | AI34: =AH34 -> 0.03 | ... AL34: =AK34 -> 0.03
B35: Capex (% of sales) | C35: =-CF!C23/IS!C7 -> 0.049455459 | D35: =-CF!D23/IS!D7 -> 0.045980294 | E35: =-CF!E23/IS!E7 -> 0.04595031 | F35: =-CF!F23/IS!F7 -> 0.047950006 | G35: =-CF!G23/IS!G7 -> 0.06 | H35: =-CF!H23/IS!H7 -> 0.052422989 | I35: =-CF!I23/IS!I7 -> 0.06 | K35: =-CF!K23/IS!K7 -> 0.028937729 | L35: =-CF!L23/IS!L7 -> 0.045618247 | M35: =-CF!M23/IS!M7 -> 0.07131465 | N35: =-CF!N23/IS!N7 -> 0.050625065 | O35: =-CF!O23/IS!O7 -> 0.03865236 | P35: =-CF!P23/IS!P7 -> 0.047496189 | Q35: =-CF!Q23/IS!Q7 -> 0.058731684 | R35: =-CF!R23/IS!R7 -> 0.040126382 | ... Z35: =-CF!Z23/IS!Z7 -> 0.058097395 | AA35: 0.06 | AB35: =AA35 -> 0.06 | AC35: =AB35 -> 0.06 | AD35: =AC35 -> 0.06 | AE35: 0.06 | AF35: 0.05 | AG35: =AF35 -> 0.05 | AH35: =AG35 -> 0.05 | AI35: 0.06 | AJ35: =AI35 -> 0.06 | AK35: =AJ35 -> 0.06 | AL35: =AK35 -> 0.06

Sheet IS-Segments
K1: 40633 | L1: =EOMONTH(K1,3) -> 40724 | M1: =EOMONTH(L1,3) -> 40816 | N1: =EOMONTH(M1,3) -> 40908 | O1: =EOMONTH(N1,3) -> 40999 | P1: =EOMONTH(O1,3) -> 41090 | Q1: =EOMONTH(P1,3) -> 41182 | R1: =EOMONTH(Q1,3) -> 41274 | S1: =EOMONTH(R1,3) -> 41364 | ... AL1: =EOMONTH(AK1,3) -> 43100
B2: =Debt!B2 -> Mondelez International, Inc. (MDLZ)
B3: Segment Analysis
B4: $000, Except Where Noted
C5: Annual Summary | K5: 2011 | O5: =K5+1 -> 2012 | S5: =O5+1 -> 2013 | W5: =S5+1 -> 2014 | AA5: =W5+1 -> 2015 | AE5: =AA5+1 -> 2016 | AI5: =AE5+1 -> 2017
C6: 2011 | D6: =+C6+1 -> 2012 | E6: =+D6+1 -> 2013 | F6: =+E6+1 -> 2014 | G6: =+F6+1 -> 2015 | H6: =+G6+1 -> 2016 | I6: =+H6+1 -> 2017 | K6: 1 | L6: =K6+1 -> 2 | M6: =L6+1 -> 3 | N6: =M6+1 -> 4 | O6: 1 | P6: =O6+1 -> 2 | Q6: =P6+1 -> 3 | R6: =Q6+1 -> 4 | S6: 1 | T6: =S6+1 -> 2 | U6: =T6+1 -> 3 | V6: =U6+1 -> 4 | W6: 1 | X6: =W6+1 -> 2 | Y6: =X6+1 -> 3 | Z6: =Y6+1 -> 4 | AA6: 1 | AB6: =AA6+1 -> 2 | AC6: =AB6+1 -> 3 | AD6: =AC6+1 -> 4 | AE6: 1 | AF6: =AE6+1 -> 2 | AG6: =AF6+1 -> 3 | AH6: =AG6+1 -> 4 | AI6: 1 | AJ6: =AI6+1 -> 2 | AK6: =AJ6+1 -> 3 | AL6: =AK6+1 -> 4
B7: North America
B8: Revenues | C8: =SUM(K8:N8) -> 6833 | D8: =SUM(O8:R8) -> 6903 | E8: =SUM(S8:V8) -> 6991 | F8: =SUM(W8:Z8) -> 6936 | G8: =SUM(AA8:AD8) -> 6797.28 | H8: =SUM(AE8:AH8) -> 6899.2392 | I8: =SUM(AI8:AL8) -> 7002.7278 | K8: 1602 | L8: 1648 | M8: 1735 | N8: 1848 | O8: 1634 | P8: 1685 | Q8: 1768 | R8: 1816 | S8: 1658 | T8: 1704 | U8: 1785 | V8: 1844 | W8: 1667 | X8: 1723 | Y8: 1760 | Z8: 1786 | AA8: =W8*(1+AA9) -> 1633.66 | AB8: =X8*(1+AB9) -> 1688.54 | AC8: =Y8*(1+AC9) -> 1724.8 | AD8: =Z8*(1+AD9) -> 1750.28 | AE8: =AA8*(1+AE9) -> 1658.1649 | AF8: =AB8*(1+AF9) -> 1713.8681 | AG8: =AC8*(1+AG9) -> 1750.672 | AH8: =AD8*(1+AH9) -> 1776.5342 | ... AL8: =AH8*(1+AL9) -> 1803.1822
B9: Growth y/y% | D9: =D8/C8-1 -> 0.010244402 | E9: =E8/D8-1 -> 0.012748081 | F9: =F8/E8-1 -> -0.0078672579 | G9: =G8/F8-1 -> -0.02 | H9: =H8/G8-1 -> 0.015 | I9: =I8/H8-1 -> 0.015 | O9: 0.019975031 | P9: 0.022451456 | Q9: 0.019020173 | R9: -0.017316017 | S9: 0.014687882 | T9: 0.011275964 | U9: 0.0096153846 | V9: 0.015418502 | W9: 0.0054282268 | X9: 0.011150235 | Y9: -0.014005602 | Z9: -0.031453362 | AA9: =SUM(AA17:AA20) -> -0.02 | AB9: =SUM(AB17:AB20) -> -0.02 | AC9: =SUM(AC17:AC20) -> -0.02 | AD9: =SUM(AD17:AD20) -> -0.02 | AE9: =SUM(AE17:AE20) -> 0.015 | AF9: =SUM(AF17:AF20) -> 0.015 | AG9: =SUM(AG17:AG20) -> 0.015 | AH9: =SUM(AH17:AH20) -> 0.015 | ... AL9: =SUM(AL17:AL20) -> 0.015
B10: Operating Income | C10: =SUM(K10:N10) -> 937 | D10: =SUM(O10:R10) -> 962 | E10: =SUM(S10:V10) -> 1049 | F10: =SUM(W10:Z10) -> 1129 | G10: =SUM(AA10:AD10) -> 1114.9313 | H10: =SUM(AE10:AH10) -> 1148.6301 | I10: =SUM(AI10:AL10) -> 1189.1767 | K10: 213 | L10: 221 | M10: 244 | N10: 259 | O10: 197 | P10: 227 | Q10: 275 | R10: 263 | S10: 192 | T10: 226 | U10: 301 | V10: 330 | W10: 230 | X10: 291 | Y10: 314 | Z10: 294 | AA10: =AA8*AA12 -> 226.527 | AB10: =AB8*AB12 -> 286.6059 | AC10: =AC8*AC12 -> 310.7972 | AD10: =AD8*AD12 -> 291.0012 | AE10: =AE8*AE12 -> 233.37378 | AF10: =AF8*AF12 -> 295.26856 | AG10: =AG8*AG12 -> 320.19105 | AH10: =AH8*AH12 -> 299.79671 | ... AL10: =AL8*AL12 -> 310.37954
B11: Growth y/y% | D11: =D10/C10-1 -> 0.026680896 | E11: =E10/D10-1 -> 0.09043659 | F11: =F10/E10-1 -> 0.076263108 | G11: =G10/F10-1 -> -0.012461205 | H11: =H10/G10-1 -> 0.030225 | I11: =I10/H10-1 -> 0.0353 | O11: -0.075117371 | P11: 0.027149321 | Q11: 0.12704918 | R11: 0.015444015 | S11: -0.025380711 | T11: -0.0044052863 | U11: 0.094545455 | V11: 0.25475285 | W11: 0.19791667 | X11: 0.28761062 | Y11: 0.043189369 | Z11: -0.10909091 | AA11: =AA10/W10-1 -> -0.0151 | AB11: =AB10/X10-1 -> -0.0151 | AC11: =AC10/Y10-1 -> -0.0102 | AD11: =AD10/Z10-1 -> -0.0102 | AE11: =AE10/AA10-1 -> 0.030225 | AF11: =AF10/AB10-1 -> 0.030225 | AG11: =AG10/AC10-1 -> 0.030225 | AH11: =AH10/AD10-1 -> 0.030225 | ... AL11: =AL10/AH10-1 -> 0.0353
B12: EBIT Margin % | C12: =C10/C8 -> 0.13712864 | D12: =D10/D8 -> 0.1393597 | E12: =E10/E8 -> 0.15005006 | F12: =F10/F8 -> 0.16277393 | G12: =G10/G8 -> 0.1640261 | H12: =H10/H8 -> 0.16648649 | I12: =I10/I8 -> 0.16981622 | K12: 0.1329588 | L12: 0.13410194 | M12: 0.14063401 | N12: 0.14015152 | O12: 0.12056304 | P12: 0.1347181 | Q12: 0.15554299 | R12: 0.14482379 | S12: 0.11580217 | T12: 0.13262911 | U12: 0.16862745 | V12: 0.17895879 | W12: 0.13797241 | X12: 0.16889147 | Y12: 0.17840909 | Z12: 0.16461366 | AA12: =W12*(1+AA13) -> 0.13866227 | AB12: =X12*(1+AB13) -> 0.16973593 | AC12: =Y12*(1+AC13) -> 0.18019318 | AD12: =Z12*(1+AD13) -> 0.1662598 | AE12: =AA12*(1+AE13) -> 0.1407422 | AF12: =AB12*(1+AF13) -> 0.17228196 | AG12: =AC12*(1+AG13) -> 0.18289608 | AH12: =AD12*(1+AH13) -> 0.1687537 | ... AL12: =AH12*(1+AL13) -> 0.17212877
B13: Change y/y% | D13: =D12-C12 -> 0.0022310583 | E13: =E12-D12 -> 0.010690366 | F13: =F12-E12 -> 0.012723869 | G13: =G12-F12 -> 0.0012521626 | H13: =H12-G12 -> 0.0024603914 | I13: =I12-H12 -> 0.0033297297 | O13: =O12-K12 -> -0.012395766 | P13: =P12-L12 -> 0.00061615914 | Q13: =Q12-M12 -> 0.014908981 | R13: =R12-N12 -> 0.0046722734 | S13: =S12-O12 -> -0.0047608642 | T13: =T12-P12 -> -0.0020889929 | U13: =U12-Q12 -> 0.013084465 | V13: =V12-R12 -> 0.034134997 | ... Z13: =Z12-V12 -> -0.014345123 | AA13: 0.005 | AB13: 0.005 | AC13: 0.01 | AD13: 0.01 | AE13: 0.015 | AF13: 0.015 | AG13: 0.015 | AH13: 0.015 | AI13: 0.02 | AJ13: 0.02 | AK13: 0.02 | AL13: 0.02
B14: North America - Revenue Build
B15: Vol/Mix | C15: -0.01 | D15: -0.012 | E15: =SUMPRODUCT(O$8:R$8,S15:V15)/SUM(O$8:R$8) -> 0.023482254 | F15: =SUMPRODUCT(S$8:V$8,W15:Z15)/SUM(S$8:V$8) -> 0.0067737091 | G15: =SUMPRODUCT(W$8:Z$8,AA15:AD15)/SUM(W$8:Z$8) -> 0.015 | H15: =SUMPRODUCT(AA$8:AD$8,AE15:AH15)/SUM(AA$8:AD$8) -> 0.01 | I15: =SUMPRODUCT(AE$8:AH$8,AI15:AL15)/SUM(AE$8:AH$8) -> 0.01 | K15: 0.013 | L15: -0.03 | M15: -0.011 | N15: -0.045 | O15: -0.013 | P15: -0.024 | Q15: -0.002 | R15: -0.01 | S15: 0.009 | T15: 0.032 | U15: 0.02 | V15: 0.032 | W15: 0.01 | X15: 0.016 | Y15: 0.003 | Z15: -0.001 | AA15: 0.015 | AB15: 0.015 | AC15: 0.015 | AD15: 0.015 | AE15: 0.01 | AF15: 0.01 | AG15: 0.01 | AH15: 0.01 | AI15: 0.01 | AJ15: 0.01 | AK15: 0.01 | AL15: 0.01
B16: Pricing/Promo | C16: 0.035 | D16: 0.036 | E16: =SUMPRODUCT(O$8:R$8,S16:V16)/SUM(O$8:R$8) -> 0.0021151673 | F16: =SUMPRODUCT(S$8:V$8,W16:Z16)/SUM(S$8:V$8) -> 0.0012692033 | G16: =SUMPRODUCT(W$8:Z$8,AA16:AD16)/SUM(W$8:Z$8) -> -0.01 | H16: =SUMPRODUCT(AA$8:AD$8,AE16:AH16)/SUM(AA$8:AD$8) -> 0.005 | I16: =SUMPRODUCT(AE$8:AH$8,AI16:AL16)/SUM(AE$8:AH$8) -> 0.005 | K16: 0.004 | L16: 0.026 | M16: 0.06 | N16: 0.104 | O16: 0.035 | P16: 0.054 | Q16: 0.025 | R16: 0.032 | S16: 0.015 | T16: -0.009 | U16: 0.004 | V16: -0.001 | W16: 0.015 | X16: 0.011 | Y16: -0.005 | Z16: -0.014 | AA16: -0.01 | AB16: -0.01 | AC16: -0.01 | AD16: -0.01 | AE16: 0.005 | AF16: 0.005 | AG16: 0.005 | AH16: 0.005 | AI16: 0.005 | AJ16: 0.005 | AK16: 0.005 | AL16: 0.005
B17: Organic Growth | C17: =SUM(C15:C16) -> 0.025 | D17: =SUM(D15:D16) -> 0.024 | E17: =SUM(E15:E16) -> 0.025597421 | F17: =SUM(F15:F16) -> 0.0080429123 | G17: =SUM(G15:G16) -> 0.005 | H17: =SUM(H15:H16) -> 0.015 | I17: =SUM(I15:I16) -> 0.015 | K17: 0.017 | L17: -0.004 | M17: 0.049 | N17: 0.059 | O17: 0.022 | P17: 0.03 | Q17: 0.023 | R17: 0.022 | S17: 0.024 | T17: 0.023 | U17: 0.024 | V17: 0.031 | W17: 0.025 | X17: 0.027 | Y17: -0.002 | Z17: -0.015 | AA17: =SUM(AA15:AA16) -> 0.005 | AB17: =SUM(AB15:AB16) -> 0.005 | AC17: =SUM(AC15:AC16) -> 0.005 | AD17: =SUM(AD15:AD16) -> 0.005 | AE17: =SUM(AE15:AE16) -> 0.015 | AF17: =SUM(AF15:AF16) -> 0.015 | AG17: =SUM(AG15:AG16) -> 0.015 | AH17: =SUM(AH15:AH16) -> 0.015 | ... AL17: =SUM(AL15:AL16) -> 0.015
B18: Currency | C18: 0.007 | D18: -0.002 | E18: =SUMPRODUCT(O$8:R$8,S18:V18)/SUM(O$8:R$8) -> -0.0044161959 | F18: =SUMPRODUCT(S$8:V$8,W18:Z18)/SUM(S$8:V$8) -> -0.010155915 | G18: =SUMPRODUCT(W$8:Z$8,AA18:AD18)/SUM(W$8:Z$8) -> -0.025 | H18: =SUMPRODUCT(AA$8:AD$8,AE18:AH18)/SUM(AA$8:AD$8) -> 0 | I18: =SUMPRODUCT(AE$8:AH$8,AI18:AL18)/SUM(AE$8:AH$8) -> 0 | K18: 0 | L18: 0 | M18: 0 | N18: 0 | O18: -0.001 | P18: -0.008 | Q18: -0.003 | R18: 0.005 | S18: -0.001 | T18: 0.001 | U18: -0.007 | V18: -0.01 | W18: -0.012062726 | X18: -0.0093896714 | Y18: -0.0067226891 | Z18: -0.012472885 | AA18: -0.025 | AB18: -0.025 | AC18: -0.025 | AD18: -0.025 | AE18: 0 | AF18: 0 | AG18: 0 | AH18: 0 | AI18: 0 | AJ18: 0 | AK18: 0 | AL18: 0
B19: Acquisitions/Divestitures | C19: 0.018 | D19: -0.002 | E19: =SUMPRODUCT(O$8:R$8,S19:V19)/SUM(O$8:R$8) -> -0.0079500217 | F19: =SUMPRODUCT(S$8:V$8,W19:Z19)/SUM(S$8:V$8) -> -0.0033277071 | G19: =SUMPRODUCT(W$8:Z$8,AA19:AD19)/SUM(W$8:Z$8) -> 0 | H19: =SUMPRODUCT(AA$8:AD$8,AE19:AH19)/SUM(AA$8:AD$8) -> 0 | I19: =SUMPRODUCT(AE$8:AH$8,AI19:AL19)/SUM(AE$8:AH$8) -> 0 | K19: 0.054597701 | L19: 0 | M19: 0 | N19: 0 | O19: -0.001 | P19: 0 | Q19: -0.001 | R19: -0.006 | S19: -0.008 | T19: -0.011 | U19: -0.007 | V19: -0.006 | W19: -0.008 | X19: -0.0058685446 | Y19: 0 | Z19: 0 | AA19: 0 | AB19: 0 | AC19: 0 | AD19: 0 | AE19: 0 | AF19: 0 | AG19: 0 | AH19: 0 | AI19: 0 | AJ19: 0 | AK19: 0 | AL19: 0
B20: Other | C20: 0.011 | D20: =SUMPRODUCT(K8:N8,O20:R20)/SUM(K8:N8) -> -0.010277184 | E20: =SUMPRODUCT(O$8:R$8,S20:V20)/SUM(O$8:R$8) -> 0 | F20: =SUMPRODUCT(S$8:V$8,W20:Z20)/SUM(S$8:V$8) -> 0 | G20: =SUMPRODUCT(W$8:Z$8,AA20:AD20)/SUM(W$8:Z$8) -> 0 | H20: =SUMPRODUCT(AA$8:AD$8,AE20:AH20)/SUM(AA$8:AD$8) -> 0 | I20: =SUMPRODUCT(AE$8:AH$8,AI20:AL20)/SUM(AE$8:AH$8) -> 0 | K20: 0 | L20: 0 | M20: 0 | N20: 0 | O20: 0 | P20: 0 | Q20: 0 | R20: -0.038 | S20: 0 | T20: 0 | U20: 0 | V20: 0 | W20: 0 | X20: 0 | Y20: 0 | Z20: 0 | AA20: 0 | AB20: 0 | AC20: 0 | AD20: 0 | AE20: 0 | AF20: 0 | AG20: 0 | AH20: 0 | AI20: 0 | AJ20: 0 | AK20: 0 | AL20: 0
B22: Latin America
B23: Revenues | C23: =SUM(K23:N23) -> 5403 | D23: =SUM(O23:R23) -> 5396 | E23: =SUM(S23:V23) -> 5382 | F23: =SUM(W23:Z23) -> 5153 | G23: =SUM(AA23:AD23) -> 4736.54 | H23: =SUM(AE23:AH23) -> 5103.0413 | I23: =SUM(AI23:AL23) -> 5486.0806 | K23: 1256 | L23: 1415 | M23: 1379 | N23: 1353 | O23: 1370 | P23: 1340 | Q23: 1286 | R23: 1400 | S23: 1398 | T23: 1339 | U23: 1308 | V23: 1337 | W23: 1356 | X23: 1242 | Y23: 1315 | Z23: 1240 | AA23: =W23*(1+AA24) -> 1206.84 | AB23: =X23*(1+AB24) -> 1148.85 | AC23: =Y23*(1+AC24) -> 1196.65 | AD23: =Z23*(1+AD24) -> 1184.2 | AE23: =AA23*(1+AE24) -> 1291.3188 | AF23: =AB23*(1+AF24) -> 1252.2465 | AG23: =AC23*(1+AG24) -> 1292.382 | AH23: =AD23*(1+AH24) -> 1267.094 | ... AL23: =AH23*(1+AL24) -> 1355.7906
B24: Growth y/y% | D24: =D23/C23-1 -> -0.0012955765 | E24: =E23/D23-1 -> -0.0025945145 | F24: =F23/E23-1 -> -0.042549238 | G24: =G23/F23-1 -> -0.08081894 | H24: =H23/G23-1 -> 0.077377432 | I24: =I23/H23-1 -> 0.075060977 | O24: =O23/K23-1 -> 0.090764331 | P24: =P23/L23-1 -> -0.053003534 | Q24: =Q23/M23-1 -> -0.067440174 | R24: =R23/N23-1 -> 0.03473762 | S24: =S23/O23-1 -> 0.020437956 | T24: =T23/P23-1 -> -0.00074626866 | U24: =U23/Q23-1 -> 0.017107309 | V24: =V23/R23-1 -> -0.045 | ... Z24: =Z23/V23-1 -> -0.072550486 | AA24: =SUM(AA32:AA35) -> -0.11 | AB24: =SUM(AB32:AB35) -> -0.075 | AC24: =SUM(AC32:AC35) -> -0.09 | AD24: =SUM(AD32:AD35) -> -0.045 | AE24: =SUM(AE32:AE35) -> 0.07 | AF24: =SUM(AF32:AF35) -> 0.09 | AG24: =SUM(AG32:AG35) -> 0.08 | AH24: =SUM(AH32:AH35) -> 0.07 | ... AL24: =SUM(AL32:AL35) -> 0.07
B25: Operating Income | C25: =SUM(K25:N25) -> 824 | D25: =SUM(O25:R25) -> 814 | E25: =SUM(S25:V25) -> 678 | F25: =SUM(W25:Z25) -> 750 | G25: =SUM(AA25:AD25) -> 697.13955 | H25: =SUM(AE25:AH25) -> 754.0179 | I25: =SUM(AI25:AL25) -> 818.48234 | K25: 171 | L25: 233 | M25: 212 | N25: 208 | O25: 172 | P25: 217 | Q25: 200 | R25: 225 | S25: 150 | T25: 166 | U25: 180 | V25: 182 | W25: 187 | X25: 146 | Y25: 174 | Z25: 243 | AA25: =AA23*AA27 -> 166.43 | AB25: =AB23*AB27 -> 136.4005 | AC25: =AC23*AC27 -> 159.9234 | AD25: =AD23*AD27 -> 234.38565 | AE25: =AE23*AE27 -> 178.9705 | AF25: =AF23*AF27 -> 149.41993 | AG25: =AG23*AG27 -> 173.58086 | AH25: =AH23*AH27 -> 252.04661 | ... AL25: =AL23*AL27 -> 272.38677
B26: Growth y/y% | D26: =D25/C25-1 -> -0.012135922 | E26: =E25/D25-1 -> -0.16707617 | F26: =F25/E25-1 -> 0.10619469 | G26: =G25/F25-1 -> -0.0704806 | H26: =H25/G25-1 -> 0.081588177 | I26: =I25/H25-1 -> 0.085494587 | O26: =O25/K25-1 -> 0.0058479532 | P26: =P25/L25-1 -> -0.068669528 | Q26: =Q25/M25-1 -> -0.056603774 | R26: =R25/N25-1 -> 0.081730769 | S26: =S25/O25-1 -> -0.12790698 | T26: =T25/P25-1 -> -0.23502304 | U26: =U25/Q25-1 -> -0.1 | V26: =V25/R25-1 -> -0.19111111 | ... AL26: =AL25/AH25-1 -> 0.0807
B27: EBIT Margin % | C27: =C25/C23 -> 0.15250787 | D27: =D25/D23 -> 0.15085248 | E27: =E25/E23 -> 0.12597547 | F27: =F25/F23 -> 0.14554628 | G27: =G25/G23 -> 0.14718329 | H27: =H25/H23 -> 0.14775853 | I27: =I25/I23 -> 0.14919255 | K27: =K25/K23 -> 0.1361465 | L27: =L25/L23 -> 0.16466431 | M27: =M25/M23 -> 0.15373459 | N27: =N25/N23 -> 0.15373245 | O27: =O25/O23 -> 0.12554745 | P27: =P25/P23 -> 0.1619403 | Q27: =Q25/Q23 -> 0.155521 | R27: =R25/R23 -> 0.16071429 | ... Z27: =Z25/Z23 -> 0.19596774 | AA27: =W27*(1+AA28) -> 0.1379056 | AB27: =X27*(1+AB28) -> 0.11872786 | AC27: =Y27*(1+AC28) -> 0.13364259 | AD27: =Z27*(1+AD28) -> 0.19792742 | AE27: =AA27*(1+AE28) -> 0.13859513 | AF27: =AB27*(1+AF28) -> 0.1193215 | AG27: =AC27*(1+AG28) -> 0.1343108 | AH27: =AD27*(1+AH28) -> 0.19891706 | ... AL27: =AH27*(1+AL28) -> 0.20090623
B28: Change y/y % | D28: =D27-C27 -> -0.0016553827 | E28: =E27-D27 -> -0.02487701 | F28: =F27-E27 -> 0.01957081 | G28: =G27-F27 -> 0.0016370083 | H28: =H27-G27 -> 0.00057524078 | I28: =I27-H27 -> 0.0014340162 | O28: =O27-K27 -> -0.010599052 | P28: =P27-L27 -> -0.0027240124 | Q28: =Q27-M27 -> 0.0017864051 | R28: =R27-N27 -> 0.0069818393 | S28: =S27-O27 -> -0.018251308 | T28: =T27-P27 -> -0.037967184 | U28: =U27-Q27 -> -0.017906316 | V28: =V27-R27 -> -0.024588631 | ... Z28: =Z27-V27 -> 0.059842087 | AA28: 0 | AB28: 0.01 | AC28: 0.01 | AD28: 0.01 | AE28: 0.005 | AF28: 0.005 | AG28: 0.005 | AH28: 0.005 | AI28: 0.01 | AJ28: 0.01 | AK28: 0.01 | AL28: 0.01
B29: Latin America - Revenue Build
B30: Vol/Mix | C30: 0.044 | D30: -0.005 | E30: 0.01 | F30: -0.043 | G30: =SUMPRODUCT(W$23:Z$23,AA30:AD30)/SUM(W$23:Z$23) -> -0.042998253 | H30: =SUMPRODUCT(AA$23:AD$23,AE30:AH30)/SUM(AA$23:AD$23) -> 0.015095872 | I30: =SUMPRODUCT(AE$23:AH$23,AI30:AL30)/SUM(AE$23:AH$23) -> 0.015060977 | O30: 0.027 | P30: -0.016 | Q30: -0.045 | R30: 0.019 | S30: 0.032 | T30: -0.02 | U30: 0.038 | V30: -0.01 | W30: -0.014 | X30: -0.069 | Y30: -0.031 | Z30: -0.058 | AA30: -0.06 | AB30: -0.03 | AC30: -0.05 | AD30: -0.03 | AE30: 0.03 | AF30: 0.01 | AG30: 0.01 | AH30: 0.01 | AI30: 0.03 | AJ30: 0.01 | AK30: 0.01 | AL30: 0.01
B31: Pricing/Promo | C31: 0.108 | D31: 0.095 | E31: 0.113 | F31: 0.193 | G31: =SUMPRODUCT(W$23:Z$23,AA31:AD31)/SUM(W$23:Z$23) -> 0.1253464 | H31: =SUMPRODUCT(AA$23:AD$23,AE31:AH31)/SUM(AA$23:AD$23) -> 0.075021239 | I31: =SUMPRODUCT(AE$23:AH$23,AI31:AL31)/SUM(AE$23:AH$23) -> 0.06 | O31: 0.116 | P31: 0.1 | Q31: 0.081 | R31: 0.084 | S31: 0.094 | T31: 0.116 | U31: 0.131 | V31: 0.114 | W31: 0.161 | X31: 0.187 | Y31: 0.216 | Z31: 0.211 | AA31: 0.15 | AB31: 0.13 | AC31: 0.11 | AD31: 0.11 | AE31: 0.09 | AF31: 0.08 | AG31: 0.07 | AH31: 0.06 | AI31: 0.06 | AJ31: 0.06 | AK31: 0.06 | AL31: 0.06
B32: Organic Growth | C32: =SUM(C30:C31) -> 0.152 | D32: =SUM(D30:D31) -> 0.09 | E32: =SUM(E30:E31) -> 0.123 | F32: =SUM(F30:F31) -> 0.15 | G32: =SUM(G30:G31) -> 0.082348147 | H32: =SUM(H30:H31) -> 0.090117111 | I32: =SUM(I30:I31) -> 0.075060977 | O32: =SUM(O30:O31) -> 0.143 | P32: =SUM(P30:P31) -> 0.084 | Q32: =SUM(Q30:Q31) -> 0.036 | R32: =SUM(R30:R31) -> 0.103 | S32: =SUM(S30:S31) -> 0.126 | T32: =SUM(T30:T31) -> 0.096 | U32: =SUM(U30:U31) -> 0.169 | V32: =SUM(V30:V31) -> 0.104 | ... AL32: =SUM(AL30:AL31) -> 0.07
B33: Currency | C33: 0.019378991 | D33: -0.086803628 | E33: =SUMPRODUCT(O$8:R$8,S33:V33)/SUM(O$8:R$8) -> -0.0044161959 | F33: =SUMPRODUCT(S$8:V$8,W33:Z33)/SUM(S$8:V$8) -> -0.010155915 | G33: =SUMPRODUCT(W$23:Z$23,AA33:AD33)/SUM(W$23:Z$23) -> -0.16316709 | H33: =SUMPRODUCT(AA$23:AD$23,AE33:AH33)/SUM(AA$23:AD$23) -> -0.012739679 | I33: =SUMPRODUCT(AE$23:AH$23,AI33:AL33)/SUM(AE$23:AH$23) -> 0 | O33: -0.001 | P33: -0.008 | Q33: -0.003 | R33: 0.005 | S33: -0.001 | T33: 0.001 | U33: -0.007 | V33: -0.01 | W33: -0.012062726 | X33: -0.0093896714 | Y33: -0.0067226891 | Z33: -0.012472885 | AA33: -0.2 | AB33: -0.175 | AC33: -0.15 | AD33: -0.125 | AE33: -0.05 | AF33: 0 | AG33: 0 | AH33: 0 | AI33: 0 | AJ33: 0 | AK33: 0 | AL33: 0
B34: Acquisitions/Divestitures | C34: 0.022902444 | D34: 0 | E34: =SUMPRODUCT(O$8:R$8,S34:V34)/SUM(O$8:R$8) -> -0.0079500217 | F34: =SUMPRODUCT(S$8:V$8,W34:Z34)/SUM(S$8:V$8) -> -0.0033277071 | G34: =SUMPRODUCT(W$23:Z$23,AA34:AD34)/SUM(W$23:Z$23) -> 0 | H34: =SUMPRODUCT(AA$23:AD$23,AE34:AH34)/SUM(AA$23:AD$23) -> 0 | I34: =SUMPRODUCT(AE$23:AH$23,AI34:AL34)/SUM(AE$23:AH$23) -> 0 | O34: -0.001 | P34: 0 | Q34: -0.001 | R34: -0.006 | S34: -0.008 | T34: -0.011 | U34: -0.007 | V34: -0.006 | W34: -0.008 | X34: -0.0058685446 | Y34: 0 | Z34: 0 | AA34: 0 | AB34: 0 | AC34: 0 | AD34: 0 | AE34: 0 | AF34: 0 | AG34: 0 | AH34: 0 | AI34: 0 | AJ34: 0 | AK34: 0 | AL34: 0
B35: Other | C35: 0.0052851795 | D35: -0.0044419767 | E35: =SUMPRODUCT(O$8:R$8,S35:V35)/SUM(O$8:R$8) -> 0 | F35: =SUMPRODUCT(S$8:V$8,W35:Z35)/SUM(S$8:V$8) -> 0 | G35: =SUMPRODUCT(W$23:Z$23,AA35:AD35)/SUM(W$23:Z$23) -> 0 | H35: =SUMPRODUCT(AA$23:AD$23,AE35:AH35)/SUM(AA$23:AD$23) -> 0 | I35: =SUMPRODUCT(AE$23:AH$23,AI35:AL35)/SUM(AE$23:AH$23) -> 0 | O35: 0 | P35: 0 | Q35: 0 | R35: -0.038 | S35: 0 | T35: 0 | U35: 0 | V35: 0 | W35: 0 | X35: 0 | Y35: 0 | Z35: 0 | AA35: 0 | AB35: 0 | AC35: 0 | AD35: 0 | AE35: 0 | AF35: 0 | AG35: 0 | AH35: 0 | AI35: 0 | AJ35: 0 | AK35: 0 | AL35: 0
B37: Asia-Pacific
B38: Revenues | C38: =SUM(K38:N38) -> 4864 | D38: =SUM(O38:R38) -> 5164 | E38: =SUM(S38:V38) -> 4952 | F38: =SUM(W38:Z38) -> 4605 | G38: =SUM(AA38:AD38) -> 4304.85 | H38: =SUM(AE38:AH38) -> 4448.915 | I38: =SUM(AI38:AL38) -> 4626.8716 | K38: 1190 | L38: 1172 | M38: 1249 | N38: 1253 | O38: 1320 | P38: 1222 | Q38: 1228 | R38: 1394 | S38: 1367 | T38: 1240 | U38: 1136 | V38: 1209 | W38: 1223 | X38: 1084 | Y38: 1153 | Z38: 1145 | AA38: =W38*(1+AA39) -> 1125.16 | AB38: =X38*(1+AB39) -> 1008.12 | AC38: =Y38*(1+AC39) -> 1083.82 | AD38: =Z38*(1+AD39) -> 1087.75 | AE38: =AA38*(1+AE39) -> 1142.0374 | AF38: =AB38*(1+AF39) -> 1048.4448 | AG38: =AC38*(1+AG39) -> 1127.1728 | AH38: =AD38*(1+AH39) -> 1131.26 | ... AL38: =AH38*(1+AL39) -> 1176.5104
B39: Growth y/y% | D39: =D38/C38-1 -> 0.061677632 | E39: =E38/D38-1 -> -0.041053447 | F39: =F38/E38-1 -> -0.070072698 | G39: =G38/F38-1 -> -0.065179153 | H39: =H38/G38-1 -> 0.033465742 | I39: =I38/H38-1 -> 0.04 | O39: =O38/K38-1 -> 0.1092437 | P39: =P38/L38-1 -> 0.042662116 | Q39: =Q38/M38-1 -> -0.016813451 | R39: =R38/N38-1 -> 0.11252993 | S39: =S38/O38-1 -> 0.035606061 | T39: =T38/P38-1 -> 0.014729951 | U39: =U38/Q38-1 -> -0.074918567 | V39: =V38/R38-1 -> -0.13271162 | ... Z39: =Z38/V38-1 -> -0.052936311 | AA39: =SUM(AA47:AA50) -> -0.08 | AB39: =SUM(AB47:AB50) -> -0.07 | AC39: =SUM(AC47:AC50) -> -0.06 | AD39: =SUM(AD47:AD50) -> -0.05 | AE39: =SUM(AE47:AE50) -> 0.015 | AF39: =SUM(AF47:AF50) -> 0.04 | AG39: =SUM(AG47:AG50) -> 0.04 | AH39: =SUM(AH47:AH50) -> 0.04 | ... AL39: =SUM(AL47:AL50) -> 0.04
B40: Operating Income | C40: =SUM(K40:N40) -> 731 | D40: =SUM(O40:R40) -> 716 | E40: =SUM(S40:V40) -> 555 | F40: =SUM(W40:Z40) -> 497 | G40: =SUM(AA40:AD40) -> 465.6165 | H40: =SUM(AE40:AH40) -> 482.29502 | I40: =SUM(AI40:AL40) -> 504.09475 | K40: 185 | L40: 182 | M40: 192 | N40: 172 | O40: 187 | P40: 159 | Q40: 221 | R40: 149 | S40: 193 | T40: 137 | U40: 91 | V40: 134 | W40: 188 | X40: 112 | Y40: 97 | Z40: 100 | AA40: =AA38*AA42 -> 173.8248 | AB40: =AB38*AB42 -> 104.6808 | AC40: =AC38*AC42 -> 91.6359 | AD40: =AD38*AD42 -> 95.475 | AE40: =AE38*AE42 -> 177.31433 | AF40: =AF38*AF42 -> 109.41237 | AG40: =AG38*AG42 -> 95.777843 | AH40: =AH38*AH42 -> 99.79047 | ... AL40: =AL38*AL42 -> 104.301
B41: Growth y/y% | D41: =D40/C40-1 -> -0.020519836 | E41: =E40/D40-1 -> -0.22486034 | F41: =F40/E40-1 -> -0.1045045 | G41: =G40/F40-1 -> -0.063145875 | H41: =H40/G40-1 -> 0.035820289 | I41: =I40/H40-1 -> 0.0452 | O41: =O40/K40-1 -> 0.010810811 | P41: =P40/L40-1 -> -0.12637363 | Q41: =Q40/M40-1 -> 0.15104167 | R41: =R40/N40-1 -> -0.13372093 | S41: =S40/O40-1 -> 0.032085561 | T41: =T40/P40-1 -> -0.13836478 | U41: =U40/Q40-1 -> -0.58823529 | V41: =V40/R40-1 -> -0.10067114 | ... AL41: =AL40/AH40-1 -> 0.0452
B42: EBIT Margin % | C42: =C40/C38 -> 0.15028783 | D42: =D40/D38 -> 0.13865221 | E42: =E40/E38 -> 0.11207593 | F42: =F40/F38 -> 0.10792617 | G42: =G40/G38 -> 0.10816091 | H42: =H40/H38 -> 0.10840733 | I42: =I40/I38 -> 0.10894937 | K42: =K40/K38 -> 0.15546218 | L42: =L40/L38 -> 0.1552901 | M42: =M40/M38 -> 0.15372298 | N42: =N40/N38 -> 0.13727055 | O42: =O40/O38 -> 0.14166667 | P42: =P40/P38 -> 0.13011457 | Q42: =Q40/Q38 -> 0.17996743 | R42: =R40/R38 -> 0.10688666 | ... Z42: =Z40/Z38 -> 0.087336245 | AA42: =W42*(1+AA43) -> 0.15448896 | AB42: =X42*(1+AB43) -> 0.10383764 | AC42: =Y42*(1+AC43) -> 0.084549003 | AD42: =Z42*(1+AD43) -> 0.087772926 | AE42: =AA42*(1+AE43) -> 0.15526141 | AF42: =AB42*(1+AF43) -> 0.10435683 | AG42: =AC42*(1+AG43) -> 0.084971748 | AH42: =AD42*(1+AH43) -> 0.08821179 | ... AL42: =AH42*(1+AL43) -> 0.088652849
B43: Change y/y % | D43: =D42-C42 -> -0.011635621 | E43: =E42-D42 -> -0.026576279 | F43: =F42-E42 -> -0.0041497617 | G43: =G42-F42 -> 0.00023474432 | H43: =H42-G42 -> 0.00024642322 | I43: =I42-H42 -> 0.00054203667 | O43: =O42-K42 -> -0.013795518 | P43: =P42-L42 -> -0.025175536 | Q43: =Q42-M42 -> 0.026244448 | R43: =R42-N42 -> -0.030383894 | S43: =S42-O42 -> -0.00048158986 | T43: =T42-P42 -> -0.019630695 | U43: =U42-Q42 -> -0.099861793 | V43: =V42-R42 -> 0.0039487441 | ... Z43: =Z42-V42 -> -0.023499157 | AA43: 0.005 | AB43: 0.005 | AC43: 0.005 | AD43: 0.005 | AE43: 0.005 | AF43: 0.005 | AG43: 0.005 | AH43: 0.005 | AI43: 0.005 | AJ43: 0.005 | AK43: 0.005 | AL43: 0.005
B44: Asia-Pacific - Revenue Build
B45: Vol/Mix | C45: 0.086 | D45: 0.038997738 | E45: 0.025350116 | F45: -0.056669628 | G45: =SUMPRODUCT(W$38:Z$38,AA45:AD45)/SUM(W$38:Z$38) -> -0.02 | H45: =SUMPRODUCT(AA$38:AD$38,AE45:AH45)/SUM(AA$38:AD$38) -> 0.01 | I45: =SUMPRODUCT(AE$38:AH$38,AI45:AL45)/SUM(AE$38:AH$38) -> 0.01 | O45: 0.06 | P45: 0.057 | Q45: -0.027 | R45: 0.068 | S45: 0.041 | T45: 0.035 | U45: 0.047 | V45: -0.017 | W45: -0.038 | X45: -0.099 | Y45: -0.023 | Z45: -0.066 | AA45: -0.02 | AB45: -0.02 | AC45: -0.02 | AD45: -0.02 | AE45: 0.01 | AF45: 0.01 | AG45: 0.01 | AH45: 0.01 | AI45: 0.01 | AJ45: 0.01 | AK45: 0.01 | AL45: 0.01
B46: Pricing/Promo | C46: 0.028 | D46: 0.039377673 | E46: -0.018944229 | F46: 0.028729402 | G46: =SUMPRODUCT(W$38:Z$38,AA46:AD46)/SUM(W$38:Z$38) -> 0.04 | H46: =SUMPRODUCT(AA$38:AD$38,AE46:AH46)/SUM(AA$38:AD$38) -> 0.03 | I46: =SUMPRODUCT(AE$38:AH$38,AI46:AL46)/SUM(AE$38:AH$38) -> 0.03 | O46: 0.037 | P46: 0.033 | Q46: 0.046 | R46: 0.041 | S46: 0.017 | T46: -0.002 | U46: -0.046 | V46: -0.044 | W46: 0.011 | X46: 0.016 | Y46: 0.036 | Z46: 0.055 | AA46: 0.04 | AB46: 0.04 | AC46: 0.04 | AD46: 0.04 | AE46: 0.03 | AF46: 0.03 | AG46: 0.03 | AH46: 0.03 | AI46: 0.03 | AJ46: 0.03 | AK46: 0.03 | AL46: 0.03
B47: Organic Growth | C47: 0.114 | D47: 0.078375411 | E47: 0.0064058869 | F47: -0.027940226 | G47: =SUM(G45:G46) -> 0.02 | H47: =SUM(H45:H46) -> 0.04 | I47: =SUM(I45:I46) -> 0.04 | O47: 0.097 | P47: 0.09 | Q47: 0.019 | R47: 0.109 | S47: 0.058 | T47: 0.033 | U47: 0.001 | V47: -0.061 | W47: -0.027 | X47: -0.083 | Y47: 0.013 | Z47: -0.011 | AA47: =SUM(AA45:AA46) -> 0.02 | AB47: =SUM(AB45:AB46) -> 0.02 | AC47: =SUM(AC45:AC46) -> 0.02 | AD47: =SUM(AD45:AD46) -> 0.02 | AE47: =SUM(AE45:AE46) -> 0.04 | AF47: =SUM(AF45:AF46) -> 0.04 | AG47: =SUM(AG45:AG46) -> 0.04 | AH47: =SUM(AH45:AH46) -> 0.04 | ... AL47: =SUM(AL45:AL46) -> 0.04
B48: Currency | C48: 0.070014844 | D48: -0.016858553 | E48: -0.047391944 | F48: -0.04220517 | G48: =SUMPRODUCT(W$38:Z$38,AA48:AD48)/SUM(W$38:Z$38) -> -0.085179153 | H48: =SUMPRODUCT(AA$38:AD$38,AE48:AH48)/SUM(AA$38:AD$38) -> -0.0065342579 | I48: =SUMPRODUCT(AE$38:AH$38,AI48:AL48)/SUM(AE$38:AH$38) -> 0 | O48: 0.012605042 | P48: -0.04778157 | Q48: -0.036028823 | R48: 0.0031923384 | S48: -0.022 | T48: -0.018 | U48: -0.076 | V48: -0.072 | W48: -0.078273592 | X48: -0.042741935 | Y48: 0.0017605634 | Z48: -0.042183623 | AA48: -0.1 | AB48: -0.09 | AC48: -0.08 | AD48: -0.07 | AE48: -0.025 | AF48: 0 | AG48: 0 | AH48: 0 | AI48: 0 | AJ48: 0 | AK48: 0 | AL48: 0
B49: Acquisitions/Divestitures | C49: 0.049480455 | D49: 0 | E49: 0 | F49: 0 | G49: =SUMPRODUCT(W$38:Z$38,AA49:AD49)/SUM(W$38:Z$38) -> 0 | H49: =SUMPRODUCT(AA$38:AD$38,AE49:AH49)/SUM(AA$38:AD$38) -> 0 | I49: =SUMPRODUCT(AE$38:AH$38,AI49:AL49)/SUM(AE$38:AH$38) -> 0 | O49: 0 | P49: 0 | Q49: 0 | R49: 0 | S49: 0 | T49: 0 | U49: 0 | V49: 0 | W49: 0 | X49: 0 | Y49: 0 | Z49: 0 | AA49: 0 | AB49: 0 | AC49: 0 | AD49: 0 | AE49: 0 | AF49: 0 | AG49: 0 | AH49: 0 | AI49: 0 | AJ49: 0 | AK49: 0 | AL49: 0
B50: Other | C50: -0.02721425 | D50: 0 | E50: 0 | F50: 0 | G50: =SUMPRODUCT(W$38:Z$38,AA50:AD50)/SUM(W$38:Z$38) -> 0 | H50: =SUMPRODUCT(AA$38:AD$38,AE50:AH50)/SUM(AA$38:AD$38) -> 0 | I50: =SUMPRODUCT(AE$38:AH$38,AI50:AL50)/SUM(AE$38:AH$38) -> 0 | O50: 0 | P50: 0 | Q50: 0 | R50: 0 | S50: 0 | T50: 0 | U50: 0 | V50: 0 | W50: 0 | X50: 0 | Y50: 0 | Z50: 0 | AA50: 0 | AB50: 0 | AC50: 0 | AD50: 0 | AE50: 0 | AF50: 0 | AG50: 0 | AH50: 0 | AI50: 0 | AJ50: 0 | AK50: 0 | AL50: 0
B52: EEMEA
B53: Revenues | C53: =SUM(K53:N53) -> 3836 | D53: =SUM(O53:R53) -> 3735 | E53: =SUM(S53:V53) -> 3915 | F53: =SUM(W53:Z53) -> 3638 | G53: =SUM(AA53:AD53) -> 2922.85 | H53: =SUM(AE53:AH53) -> 2885.5675 | I53: =SUM(AI53:AL53) -> 3058.7016 | K53: 796 | L53: 1015 | M53: 959 | N53: 1066 | O53: 849 | P53: 965 | Q53: 886 | R53: 1035 | S53: 863 | T53: 1039 | U53: 948 | V53: 1065 | W53: 838 | X53: 1008 | Y53: 894 | Z53: 898 | AA53: =W53*(1+AA54) -> 653.64 | AB53: =X53*(1+AB54) -> 786.24 | AC53: =Y53*(1+AC54) -> 719.67 | AD53: =Z53*(1+AD54) -> 763.3 | AE53: =AA53*(1+AE54) -> 594.8124 | AF53: =AB53*(1+AF54) -> 754.7904 | AG53: =AC53*(1+AG54) -> 726.8667 | AH53: =AD53*(1+AH54) -> 809.098 | ... AL53: =AH53*(1+AL54) -> 857.64388
B54: Growth y/y% | D54: =D53/C53-1 -> -0.02632951 | E54: =E53/D53-1 -> 0.048192771 | F54: =F53/E53-1 -> -0.070753512 | G54: =G53/F53-1 -> -0.19657779 | H54: =H53/G53-1 -> -0.01275553 | I54: =I53/H53-1 -> 0.06 | O54: =O53/K53-1 -> 0.066582915 | P54: =P53/L53-1 -> -0.049261084 | Q54: =Q53/M53-1 -> -0.076120959 | R54: =R53/N53-1 -> -0.029080675 | S54: =S53/O53-1 -> 0.016489988 | T54: =T53/P53-1 -> 0.076683938 | U54: =U53/Q53-1 -> 0.069977427 | V54: =V53/R53-1 -> 0.028985507 | ... Z54: =Z53/V53-1 -> -0.15680751 | AA54: =SUM(AA62:AA65) -> -0.22 | AB54: =SUM(AB62:AB65) -> -0.22 | AC54: =SUM(AC62:AC65) -> -0.195 | AD54: =SUM(AD62:AD65) -> -0.15 | AE54: =SUM(AE62:AE65) -> -0.09 | AF54: =SUM(AF62:AF65) -> -0.04 | AG54: =SUM(AG62:AG65) -> 0.01 | AH54: =SUM(AH62:AH65) -> 0.06 | ... AL54: =SUM(AL62:AL65) -> 0.06
B55: Operating Income | C55: =SUM(K55:N55) -> 476 | D55: =SUM(O55:R55) -> 519 | E55: =SUM(S55:V55) -> 449 | F55: =SUM(W55:Z55) -> 418 | G55: =SUM(AA55:AD55) -> 337.8046 | H55: =SUM(AE55:AH55) -> 336.29035 | I55: =SUM(AI55:AL55) -> 360.03245 | K55: 34 | L55: 121 | M55: 154 | N55: 167 | O55: 140 | P55: 143 | Q55: 109 | R55: 127 | S55: 65 | T55: 143 | U55: 117 | V55: 124 | W55: 70 | X55: 157 | Y55: 110 | Z55: 81 | AA55: =AA53*AA57 -> 55.146 | AB55: =AB53*AB57 -> 123.6846 | AC55: =AC53*AC57 -> 89.4355 | AD55: =AD53*AD57 -> 69.5385 | AE55: =AE53*AE57 -> 50.684689 | AF55: =AF53*AF57 -> 119.92459 | AG55: =AG53*AG57 -> 91.233154 | AH55: =AH53*AH57 -> 74.447918 | ... AL55: =AL53*AL57 -> 79.703941
B56: Growth y/y% | D56: =D55/C55-1 -> 0.090336134 | E56: =E55/D55-1 -> -0.13487476 | F56: =F55/E55-1 -> -0.069042316 | G56: =G55/F55-1 -> -0.19185502 | H56: =H55/G55-1 -> -0.0044826257 | I56: =I55/H55-1 -> 0.0706 | O56: =O55/K55-1 -> 3.1176471 | P56: =P55/L55-1 -> 0.18181818 | Q56: =Q55/M55-1 -> -0.29220779 | R56: =R55/N55-1 -> -0.23952096 | S56: =S55/O55-1 -> -0.53571429 | T56: =T55/P55-1 -> 0 | U56: =U55/Q55-1 -> 0.073394495 | V56: =V55/R55-1 -> -0.023622047 | ... AL56: =AL55/AH55-1 -> 0.0706
B57: EBIT Margin % | C57: =C55/C53 -> 0.12408759 | D57: =D55/D53 -> 0.13895582 | E57: =E55/E53 -> 0.1146871 | F57: =F55/F53 -> 0.1148983 | G57: =G55/G53 -> 0.1155737 | H57: =H55/H53 -> 0.11654219 | I57: =I55/I53 -> 0.11770761 | K57: =K55/K53 -> 0.042713568 | L57: =L55/L53 -> 0.11921182 | M57: =M55/M53 -> 0.16058394 | N57: =N55/N53 -> 0.15666041 | O57: =O55/O53 -> 0.16489988 | P57: =P55/P53 -> 0.14818653 | Q57: =Q55/Q53 -> 0.12302483 | R57: =R55/R53 -> 0.12270531 | ... Z57: =Z55/Z53 -> 0.090200445 | AA57: =W57*(1+AA58) -> 0.084367542 | AB57: =X57*(1+AB58) -> 0.15731151 | AC57: =Y57*(1+AC58) -> 0.12427293 | AD57: =Z57*(1+AD58) -> 0.09110245 | AE57: =AA57*(1+AE58) -> 0.085211217 | AF57: =AB57*(1+AF58) -> 0.15888462 | AG57: =AC57*(1+AG58) -> 0.12551566 | AH57: =AD57*(1+AH58) -> 0.092013474 | ... AL57: =AH57*(1+AL58) -> 0.092933609
B58: Change y/y % | D58: =D57-C57 -> 0.014868232 | E58: =E57-D57 -> -0.024268722 | F58: =F57-E57 -> 0.00021119487 | G58: =G57-F57 -> 0.00067540798 | H58: =H57-G57 -> 0.00096848368 | I58: =I57-H57 -> 0.0011654219 | O58: =O57-K57 -> 0.12218631 | P58: =P57-L57 -> 0.028974706 | Q58: =Q57-M57 -> -0.037559111 | R58: =R57-N57 -> -0.033955099 | S58: =S57-O57 -> -0.089581226 | T58: =T57-P57 -> -0.01055419 | U58: =U57-Q57 -> 0.00039289082 | V58: =V57-R57 -> -0.0062733891 | ... Z58: =Z57-V57 -> -0.026231479 | AA58: 0.01 | AB58: 0.01 | AC58: 0.01 | AD58: 0.01 | AE58: 0.01 | AF58: 0.01 | AG58: 0.01 | AH58: 0.01 | AI58: 0.01 | AJ58: 0.01 | AK58: 0.01 | AL58: 0.01
B59: EEMEA - Revenue Build
B60: Vol/Mix | C60: 0.018 | D60: 0.025403285 | E60: 0.10994913 | F60: 0.0079159642 | G60: =SUMPRODUCT(W$53:Z$53,AA60:AD60)/SUM(W$53:Z$53) -> -0.022440902 | H60: =SUMPRODUCT(AA$53:AD$53,AE60:AH60)/SUM(AA$53:AD$53) -> 0.03 | I60: =SUMPRODUCT(AE$53:AH$53,AI60:AL60)/SUM(AE$53:AH$53) -> 0.03 | O60: 0.027 | P60: 0.045 | Q60: -0.014 | R60: 0.041 | S60: 0.074 | T60: 0.123 | U60: 0.164 | V60: 0.081 | W60: 0.056 | X60: 0.033 | Y60: -0.023 | Z60: -0.028 | AA60: -0.04 | AB60: -0.03 | AC60: -0.02 | AD60: 0 | AE60: 0.03 | AF60: 0.03 | AG60: 0.03 | AH60: 0.03 | AI60: 0.03 | AJ60: 0.03 | AK60: 0.03 | AL60: 0.03
B61: Pricing/Promo | C61: 0.08 | D61: 0.020606882 | E61: -0.018100402 | F61: 0.056915964 | G61: =SUMPRODUCT(W$53:Z$53,AA61:AD61)/SUM(W$53:Z$53) -> 0.05737768 | H61: =SUMPRODUCT(AA$53:AD$53,AE61:AH61)/SUM(AA$53:AD$53) -> 0.03 | I61: =SUMPRODUCT(AE$53:AH$53,AI61:AL61)/SUM(AE$53:AH$53) -> 0.03 | O61: 0.08 | P61: 0.031 | Q61: 0.001 | R61: -0.016 | S61: -0.034 | T61: -0.01 | U61: -0.034 | V61: 0.001 | W61: 0.023 | X61: 0.03 | Y61: 0.079 | Z61: 0.091 | AA61: 0.07 | AB61: 0.06 | AC61: 0.05 | AD61: 0.05 | AE61: 0.03 | AF61: 0.03 | AG61: 0.03 | AH61: 0.03 | AI61: 0.03 | AJ61: 0.03 | AK61: 0.03 | AL61: 0.03
B62: Organic Growth | C62: 0.098 | D62: 0.046010167 | E62: 0.091848728 | F62: 0.064831928 | G62: =SUM(G60:G61) -> 0.034936778 | H62: =SUM(H60:H61) -> 0.06 | I62: =SUM(I60:I61) -> 0.06 | O62: 0.107 | P62: 0.076 | Q62: -0.013 | R62: 0.025 | S62: 0.04 | T62: 0.113 | U62: 0.13 | V62: 0.082 | W62: 0.079 | X62: 0.063 | Y62: 0.056 | Z62: 0.063 | AA62: =SUM(AA60:AA61) -> 0.03 | AB62: =SUM(AB60:AB61) -> 0.03 | AC62: =SUM(AC60:AC61) -> 0.03 | AD62: =SUM(AD60:AD61) -> 0.05 | AE62: =SUM(AE60:AE61) -> 0.06 | AF62: =SUM(AF60:AF61) -> 0.06 | AG62: =SUM(AG60:AG61) -> 0.06 | AH62: =SUM(AH60:AH61) -> 0.06 | ... AL62: =SUM(AL60:AL61) -> 0.06
B63: Currency | C63: -0.0056648778 | D63: -0.046141814 | E63: -0.046342169 | F63: -0.13407126 | G63: =SUMPRODUCT(W$53:Z$53,AA63:AD63)/SUM(W$53:Z$53) -> -0.23151457 | H63: =SUMPRODUCT(AA$53:AD$53,AE63:AH63)/SUM(AA$53:AD$53) -> -0.07275553 | I63: =SUMPRODUCT(AE$53:AH$53,AI63:AL63)/SUM(AE$53:AH$53) -> 0 | O63: -0.040201005 | P63: -0.070935961 | Q63: -0.063607925 | R63: -0.011257036 | S63: -0.033 | T63: -0.041 | U63: -0.056 | V63: -0.054 | W63: -0.103 | X63: -0.091434071 | Y63: -0.1128692 | Z63: -0.21971831 | AA63: -0.25 | AB63: -0.25 | AC63: -0.225 | AD63: -0.2 | AE63: -0.15 | AF63: -0.1 | AG63: -0.05 | AH63: 0 | AI63: 0 | AJ63: 0 | AK63: 0 | AL63: 0
B64: Acquisitions/Divestitures | C64: 0.02236136 | D64: -0.013295099 | E64: 0.0026658635 | F64: -0.001357599 | G64: =SUMPRODUCT(W$53:Z$53,AA64:AD64)/SUM(W$53:Z$53) -> 0 | H64: =SUMPRODUCT(AA$53:AD$53,AE64:AH64)/SUM(AA$53:AD$53) -> 0 | I64: =SUMPRODUCT(AE$53:AH$53,AI64:AL64)/SUM(AE$53:AH$53) -> 0 | O64: 0 | P64: -0.050246305 | Q64: 0 | R64: 0 | S64: 0.009 | T64: 0.005 | U64: -0.004 | V64: 0.001 | W64: -0.005 | X64: -0.00096246391 | Y64: 0 | Z64: 0 | AA64: 0 | AB64: 0 | AC64: 0 | AD64: 0 | AE64: 0 | AF64: 0 | AG64: 0 | AH64: 0 | AI64: 0 | AJ64: 0 | AK64: 0 | AL64: 0
B65: Other | C65: 0.02862254 | D65: -0.01173097 | E65: 0 | F65: 0 | G65: =SUMPRODUCT(W$53:Z$53,AA65:AD65)/SUM(W$53:Z$53) -> 0 | H65: =SUMPRODUCT(AA$53:AD$53,AE65:AH65)/SUM(AA$53:AD$53) -> 0 | I65: =SUMPRODUCT(AE$53:AH$53,AI65:AL65)/SUM(AE$53:AH$53) -> 0 | O65: 0 | P65: 0 | Q65: 0 | R65: -0.042213884 | S65: 0 | T65: 0 | U65: 0 | V65: 0 | W65: 0 | X65: 0 | Y65: 0 | Z65: 0 | AA65: 0 | AB65: 0 | AC65: 0 | AD65: 0 | AE65: 0 | AF65: 0 | AG65: 0 | AH65: 0 | AI65: 0 | AJ65: 0 | AK65: 0 | AL65: 0
B67: Europe
B68: Revenues | C68: =SUM(K68:N68) -> 14874 | D68: =SUM(O68:R68) -> 13817 | E68: =SUM(S68:V68) -> 14059 | F68: =SUM(W68:Z68) -> 13912 | G68: =SUM(AA68:AD68) -> 11889.445 | H68: =SUM(AE68:AH68) -> 11994.424 | I68: =SUM(AI68:AL68) -> 12234.312 | K68: 3346 | L68: 3913 | M68: 3456 | N68: 4159 | O68: 3494 | P68: 3315 | Q68: 3158 | R68: 3850 | S68: 3458 | T68: 3273 | U68: 3295 | V68: 4033 | W68: 3557 | X68: 3379 | Y68: 3215 | Z68: 3761 | AA68: =W68*(1+AA69) -> 2934.525 | AB68: =X68*(1+AB69) -> 2872.15 | AC68: =Y68*(1+AC69) -> 2716.675 | AD68: =Z68*(1+AD69) -> 3366.095 | AE68: =AA68*(1+AE69) -> 2905.1797 | AF68: =AB68*(1+AF69) -> 2915.2323 | AG68: =AC68*(1+AG69) -> 2757.4251 | AH68: =AD68*(1+AH69) -> 3416.5864 | ... AL68: =AH68*(1+AL69) -> 3484.9182
B69: Growth y/y% | D69: =D68/C68-1 -> -0.071063601 | E69: =E68/D68-1 -> 0.017514656 | F69: =F68/E68-1 -> -0.010455936 | G69: =G68/F68-1 -> -0.14538204 | H69: =H68/G68-1 -> 0.0088295585 | I69: =I68/H68-1 -> 0.02 | O69: =O68/K68-1 -> 0.044231919 | P69: =P68/L68-1 -> -0.15282392 | Q69: =Q68/M68-1 -> -0.086226852 | R69: =R68/N68-1 -> -0.074296706 | S69: =S68/O68-1 -> -0.010303377 | T69: =T68/P68-1 -> -0.012669683 | U69: =U68/Q68-1 -> 0.043381887 | V69: =V68/R68-1 -> 0.047532468 | ... Z69: =Z68/V68-1 -> -0.06744359 | AA69: =SUM(AA77:AA80) -> -0.175 | AB69: =SUM(AB77:AB80) -> -0.15 | AC69: =SUM(AC77:AC80) -> -0.155 | AD69: =SUM(AD77:AD80) -> -0.105 | AE69: =SUM(AE77:AE80) -> -0.01 | AF69: =SUM(AF77:AF80) -> 0.015 | AG69: =SUM(AG77:AG80) -> 0.015 | AH69: =SUM(AH77:AH80) -> 0.015 | ... AL69: =SUM(AL77:AL80) -> 0.02
B70: Operating Income | C70: =SUM(K70:N70) -> 1794 | D70: =SUM(O70:R70) -> 1816 | E70: =SUM(S70:V70) -> 1918 | F70: =SUM(W70:Z70) -> 2133 | G70: =SUM(AA70:AD70) -> 1845.5427 | H70: =SUM(AE70:AH70) -> 1890.8792 | I70: =SUM(AI70:AL70) -> 1947.9838 | K70: 395 | L70: 487 | M70: 418 | N70: 494 | O70: 445 | P70: 450 | Q70: 421 | R70: 500 | S70: 436 | T70: 401 | U70: 452 | V70: 629 | W70: 494 | X70: 503 | Y70: 491 | Z70: 645 | AA70: =AA68*AA72 -> 411.6255 | AB70: =AB68*AB72 -> 431.8255 | AC70: =AC68*AC72 -> 419.04395 | AD70: =AD68*AD72 -> 583.04775 | AE70: =AE68*AE72 -> 413.62188 | AF70: =AF68*AF72 -> 444.87743 | AG70: =AG68*AG72 -> 431.70955 | AH70: =AH68*AH72 -> 600.67037 | ... AL70: =AL68*AL72 -> 618.81061
B71: Growth y/y% | D71: =D70/C70-1 -> 0.012263099 | E71: =E70/D70-1 -> 0.056167401 | F71: =F70/E70-1 -> 0.11209593 | G71: =G70/F70-1 -> -0.13476667 | H71: =H70/G70-1 -> 0.02456542 | I71: =I70/H70-1 -> 0.0302 | O71: =O70/K70-1 -> 0.12658228 | P71: =P70/L70-1 -> -0.075975359 | Q71: =Q70/M70-1 -> 0.0071770335 | R71: =R70/N70-1 -> 0.012145749 | S71: =S70/O70-1 -> -0.020224719 | T71: =T70/P70-1 -> -0.10888889 | U71: =U70/Q70-1 -> 0.073634204 | V71: =V70/R70-1 -> 0.258 | ... AL71: =AL70/AH70-1 -> 0.0302
B72: EBIT Margin % | C72: =C70/C68 -> 0.12061315 | D72: =D70/D68 -> 0.13143229 | E72: =E70/E68 -> 0.13642507 | F72: =F70/F68 -> 0.15332087 | G72: =G70/G68 -> 0.1552253 | H72: =H70/H68 -> 0.15764653 | I72: =I70/I68 -> 0.15922299 | K72: =K70/K68 -> 0.1180514 | L72: =L70/L68 -> 0.12445694 | M72: =M70/M68 -> 0.12094907 | N72: =N70/N68 -> 0.11877855 | O72: =O70/O68 -> 0.12736119 | P72: =P70/P68 -> 0.13574661 | Q72: =Q70/Q68 -> 0.13331222 | R72: =R70/R68 -> 0.12987013 | ... Z72: =Z70/Z68 -> 0.17149694 | AA72: =W72*(1+AA73) -> 0.14026989 | AB72: =X72*(1+AB73) -> 0.15034922 | AC72: =Y72*(1+AC73) -> 0.15424883 | AD72: =Z72*(1+AD73) -> 0.17321191 | AE72: =AA72*(1+AE73) -> 0.14237394 | AF72: =AB72*(1+AF73) -> 0.15260445 | AG72: =AC72*(1+AG73) -> 0.15656257 | AH72: =AD72*(1+AH73) -> 0.17581009 | ... AL72: =AH72*(1+AL73) -> 0.17756819
B73: Change y/y % | D73: =D72-C72 -> 0.010819143 | E73: =E72-D72 -> 0.0049927722 | F73: =F72-E72 -> 0.016895808 | G73: =G72-F72 -> 0.0019044287 | H73: =H72-G72 -> 0.0024212255 | I73: =I72-H72 -> 0.0015764653 | O73: =O72-K72 -> 0.009309786 | P73: =P72-L72 -> 0.011289668 | Q73: =Q72-M72 -> 0.012363149 | R73: =R72-N72 -> 0.011091577 | S73: =S72-O72 -> -0.0012767487 | T73: =T72-P72 -> -0.013229038 | U73: =U72-Q72 -> 0.0038653188 | V73: =V72-R72 -> 0.026093173 | ... Z73: =Z72-V72 -> 0.01553364 | AA73: 0.01 | AB73: 0.01 | AC73: 0.01 | AD73: 0.01 | AE73: 0.015 | AF73: 0.015 | AG73: 0.015 | AH73: 0.015 | AI73: 0.01 | AJ73: 0.01 | AK73: 0.01 | AL73: 0.01
B74: Europe - Revenue Build
B75: Vol/Mix | C75: -0.003 | D75: 0.015 | E75: 0.031505971 | F75: -0.02214681 | G75: =SUMPRODUCT(W$68:Z$68,AA75:AD75)/SUM(W$68:Z$68) -> -0.0025567855 | H75: =SUMPRODUCT(AA$68:AD$68,AE75:AH75)/SUM(AA$68:AD$68) -> 0.005 | I75: =SUMPRODUCT(AE$68:AH$68,AI75:AL75)/SUM(AE$68:AH$68) -> 0.01 | K75: 0.02 | L75: 0.008 | M75: 0.012 | N75: -0.022 | O75: 0.047 | P75: -0.017 | Q75: 0.017 | R75: 0.017 | S75: 0.013 | T75: 0.038 | U75: 0.047 | V75: 0.03 | W75: 0.009 | X75: -0.016 | Y75: -0.055 | Z75: -0.027 | AA75: -0.01 | AB75: 0 | AC75: 0 | AD75: 0 | AE75: 0.005 | AF75: 0.005 | AG75: 0.005 | AH75: 0.005 | AI75: 0.01 | AJ75: 0.01 | AK75: 0.01 | AL75: 0.01
B76: Pricing/Promo | C76: 0.047 | D76: 0.008 | E76: -0.023644206 | F76: 0.012794509 | G76: =SUMPRODUCT(W$68:Z$68,AA76:AD76)/SUM(W$68:Z$68) -> 0.012513657 | H76: =SUMPRODUCT(AA$68:AD$68,AE76:AH76)/SUM(AA$68:AD$68) -> 0.01 | I76: =SUMPRODUCT(AE$68:AH$68,AI76:AL76)/SUM(AE$68:AH$68) -> 0.01 | K76: 0.024 | L76: 0.056 | M76: 0.04 | N76: 0.053 | O76: 0.029 | P76: 0.028 | Q76: -0.008 | R76: -0.015 | S76: -0.012 | T76: -0.036 | U76: -0.028 | V76: -0.02 | W76: -0.019 | X76: -0.003 | Y76: 0.031 | Z76: 0.038 | AA76: 0.035 | AB76: 0.025 | AC76: -0.005 | AD76: -0.005 | AE76: 0.01 | AF76: 0.01 | AG76: 0.01 | AH76: 0.01 | AI76: 0.01 | AJ76: 0.01 | AK76: 0.01 | AL76: 0.01
B77: Organic Growth | C77: 0.044 | D77: 0.023 | E77: 0.0078617645 | F77: -0.009352301 | G77: =SUM(G75:G76) -> 0.0099568718 | H77: =SUM(H75:H76) -> 0.015 | I77: =SUM(I75:I76) -> 0.02 | K77: 0.044 | L77: 0.064 | M77: 0.052 | N77: 0.031 | O77: 0.076 | P77: 0.011 | Q77: 0.009 | R77: 0.002 | S77: 0.001 | T77: 0.002 | U77: 0.019 | V77: 0.01 | W77: -0.01 | X77: -0.019 | Y77: -0.024 | Z77: 0.011 | AA77: =SUM(AA75:AA76) -> 0.025 | AB77: =SUM(AB75:AB76) -> 0.025 | AC77: =SUM(AC75:AC76) -> -0.005 | AD77: =SUM(AD75:AD76) -> -0.005 | AE77: =SUM(AE75:AE76) -> 0.015 | AF77: =SUM(AF75:AF76) -> 0.015 | AG77: =SUM(AG75:AG76) -> 0.015 | AH77: =SUM(AH75:AH76) -> 0.015 | ... AL77: =SUM(AL75:AL76) -> 0.02
B78: Currency | C78: 0.052 | D78: -0.057 | E78: 0.021634291 | F78: 0.0025606373 | G78: =SUMPRODUCT(W$68:Z$68,AA78:AD78)/SUM(W$68:Z$68) -> -0.15533892 | H78: =SUMPRODUCT(AA$68:AD$68,AE78:AH78)/SUM(AA$68:AD$68) -> -0.0061704415 | I78: =SUMPRODUCT(AE$68:AH$68,AI78:AL78)/SUM(AE$68:AH$68) -> 0 | K78: -0.0044296788 | L78: 0.13462227 | M78: 0.10418904 | N78: -0.0066550926 | O78: -0.032 | P78: -0.089 | Q78: -0.094 | R78: -0.017 | S78: 0.003 | T78: 0.009 | U78: 0.038 | V78: 0.036 | W78: 0.039907461 | X78: 0.052551176 | Y78: 0.0063732929 | Z78: -0.073146541 | AA78: -0.2 | AB78: -0.175 | AC78: -0.15 | AD78: -0.1 | AE78: -0.025 | AF78: 0 | AG78: 0 | AH78: 0 | AI78: 0 | AJ78: 0 | AK78: 0 | AL78: 0
B79: Acquisitions/Divestitures | C79: 0.007 | D79: -0.003 | E79: -0.014934067 | F79: -0.00045934988 | G79: =SUMPRODUCT(W$68:Z$68,AA79:AD79)/SUM(W$68:Z$68) -> 0 | H79: =SUMPRODUCT(AA$68:AD$68,AE79:AH79)/SUM(AA$68:AD$68) -> 0 | I79: =SUMPRODUCT(AE$68:AH$68,AI79:AL79)/SUM(AE$68:AH$68) -> 0 | K79: 0.074197121 | L79: 0 | M79: 0 | N79: 0 | O79: 0 | P79: -0.002 | Q79: -0.001 | R79: -0.007 | S79: -0.014 | T79: -0.024 | U79: -0.021 | V79: -0.003 | W79: -0.001 | X79: -0.00091659028 | Y79: 0 | Z79: 0 | AA79: 0 | AB79: 0 | AC79: 0 | AD79: 0 | AE79: 0 | AF79: 0 | AG79: 0 | AH79: 0 | AI79: 0 | AJ79: 0 | AK79: 0 | AL79: 0
B80: Other | C80: 0.031 | D80: -0.034 | E80: 0 | F80: 0 | G80: =SUMPRODUCT(W$68:Z$68,AA80:AD80)/SUM(W$68:Z$68) -> 0 | H80: =SUMPRODUCT(AA$68:AD$68,AE80:AH80)/SUM(AA$68:AD$68) -> 0 | I80: =SUMPRODUCT(AE$68:AH$68,AI80:AL80)/SUM(AE$68:AH$68) -> 0 | K80: 0 | L80: 0.080916577 | M80: 0 | N80: 0.051215278 | O80: 0 | P80: -0.073 | Q80: 0 | R80: -0.052 | S80: 0 | T80: 0 | U80: 0 | V80: 0 | W80: 0 | X80: 0 | Y80: 0 | Z80: 0 | AA80: 0 | AB80: 0 | AC80: 0 | AD80: 0 | AE80: 0 | AF80: 0 | AG80: 0 | AH80: 0 | AI80: 0 | AJ80: 0 | AK80: 0 | AL80: 0
B83: FX Notes from 10-K | C83: US | D83: Canada
B84: North America estimated: | C84: 0.85 | D84: 0.15 | M84: volmix | O84: 1Q | P84: 2Q | Q84: 3Q | R84: 4Q | S84: 1Q | T84: 2Q | U84: 3Q | V84: 4Q | W84: 1Q | X84: 2Q | Y84: 3Q | Z84: 4Q
N85: America | O85: =O15 -> -0.013 | P85: =P15 -> -0.024 | Q85: =Q15 -> -0.002 | R85: =R15 -> -0.01 | S85: =S15 -> 0.009 | T85: =T15 -> 0.032 | U85: =U15 -> 0.02 | V85: =V15 -> 0.032 | ... Z85: =Z15 -> -0.001
B86: Europe (from 10-K) | C86: Euro | D86: Ruble | E86: Brazilian Real | F86: Other | N86: LatAm | O86: =O30 -> 0.027 | P86: =P30 -> -0.016 | Q86: =Q30 -> -0.045 | R86: =R30 -> 0.019 | S86: =S30 -> 0.032 | T86: =T30 -> -0.02 | U86: =U30 -> 0.038 | V86: =V30 -> -0.01 | ... Z86: =Z30 -> -0.058
B87: FX Exposures | C87: 0.4 | D87: 0.03 | E87: 0.05 | F87: 0.3 | N87: AP | O87: =O45 -> 0.06 | P87: =P45 -> 0.057 | Q87: =Q45 -> -0.027 | R87: =R45 -> 0.068 | S87: =S45 -> 0.041 | T87: =T45 -> 0.035 | U87: =U45 -> 0.047 | V87: =V45 -> -0.017 | ... Z87: =Z45 -> -0.066
N88: EEMEA | O88: =O60 -> 0.027 | P88: =P60 -> 0.045 | Q88: =Q60 -> -0.014 | R88: =R60 -> 0.041 | S88: =S60 -> 0.074 | T88: =T60 -> 0.123 | U88: =U60 -> 0.164 | V88: =V60 -> 0.081 | ... Z88: =Z60 -> -0.028
B89: LatAm | C89: Brazil | D89: Mexico | E89: Argentina | F89: VZ | N89: Europe | O89: =O75 -> 0.047 | P89: =P75 -> -0.017 | Q89: =Q75 -> 0.017 | R89: =R75 -> 0.017 | S89: =S75 -> 0.013 | T89: =T75 -> 0.038 | U89: =U75 -> 0.047 | V89: =V75 -> 0.03 | ... Z89: =Z75 -> -0.027
B90: % of total revenues | C90: 0.4 | D90: 0.15 | E90: 0.15 | F90: 0.15
M91: Organic | O91: 1Q | P91: 2Q | Q91: 3Q | R91: 4Q | S91: 1Q | T91: 2Q | U91: 3Q | V91: 4Q | W91: 1Q | X91: 2Q | Y91: 3Q | Z91: 4Q
B92: Asia-Pac | C92: Aus/NZ | D92: China | E92: Indonesia | N92: America | O92: =O17 -> 0.022 | P92: =P17 -> 0.03 | Q92: =Q17 -> 0.023 | R92: =R17 -> 0.022 | S92: =S17 -> 0.024 | T92: =T17 -> 0.023 | U92: =U17 -> 0.024 | V92: =V17 -> 0.031 | ... Z92: =Z17 -> -0.015
B93: % of total revenues | C93: 0.3 | D93: 0.2 | E93: 0.1 | N93: LatAm | O93: =O32 -> 0.143 | P93: =P32 -> 0.084 | Q93: =Q32 -> 0.036 | R93: =R32 -> 0.103 | S93: =S32 -> 0.126 | T93: =T32 -> 0.096 | U93: =U32 -> 0.169 | V93: =V32 -> 0.104 | ... Z93: =Z32 -> 0.153
N94: AP | O94: =O47 -> 0.097 | P94: =P47 -> 0.09 | Q94: =Q47 -> 0.019 | R94: =R47 -> 0.109 | S94: =S47 -> 0.058 | T94: =T47 -> 0.033 | U94: =U47 -> 0.001 | V94: =V47 -> -0.061 | ... Z94: =Z47 -> -0.011
B95: EEMEA | C95: Russia | D95: Ukraine | E95: Saudi | F95: South Africa | G95: Turkey | N95: EEMEA | O95: =O62 -> 0.107 | P95: =P62 -> 0.076 | Q95: =Q62 -> -0.013 | R95: =R62 -> 0.025 | S95: =S62 -> 0.04 | T95: =T62 -> 0.113 | U95: =U62 -> 0.13 | V95: =V62 -> 0.082 | ... Z95: =Z62 -> 0.063
C96: 0.15 | D96: 0.1 | E96: 0.1 | F96: 0.05 | G96: 5 | N96: Europe | O96: =O77 -> 0.076 | P96: =P77 -> 0.011 | Q96: =Q77 -> 0.009 | R96: =R77 -> 0.002 | S96: =S77 -> 0.001 | T96: =T77 -> 0.002 | U96: =U77 -> 0.019 | V96: =V77 -> 0.01 | ... Z96: =Z77 -> 0.011

Sheet BS
K1: 40633 | L1: =EOMONTH(K1,3) -> 40724 | M1: =EOMONTH(L1,3) -> 40816 | N1: =EOMONTH(M1,3) -> 40908 | O1: =EOMONTH(N1,3) -> 40999 | P1: =EOMONTH(O1,3) -> 41090 | Q1: =EOMONTH(P1,3) -> 41182 | R1: =EOMONTH(Q1,3) -> 41274 | S1: =EOMONTH(R1,3) -> 41364 | ... AL1: =EOMONTH(AK1,3) -> 43100
B2: =IS!B2 -> Mondelez International, Inc. (MDLZ)
B3: Balance Sheet
B4: $000, Except Where Noted
C5: Annual Summary | K5: 2011 | O5: =K5+1 -> 2012 | S5: =O5+1 -> 2013 | W5: =S5+1 -> 2014 | AA5: =W5+1 -> 2015 | AE5: =AA5+1 -> 2016 | AI5: =AE5+1 -> 2017
C6: 2011 | D6: =C6+1 -> 2012 | E6: =D6+1 -> 2013 | F6: =E6+1 -> 2014 | G6: =F6+1 -> 2015 | H6: =G6+1 -> 2016 | I6: =H6+1 -> 2017 | K6: 1 | L6: =K6+1 -> 2 | M6: =L6+1 -> 3 | N6: =M6+1 -> 4 | O6: 1 | P6: =O6+1 -> 2 | Q6: =P6+1 -> 3 | R6: =Q6+1 -> 4 | S6: 1 | T6: =S6+1 -> 2 | U6: =T6+1 -> 3 | V6: =U6+1 -> 4 | W6: 1 | X6: =W6+1 -> 2 | Y6: =X6+1 -> 3 | Z6: =Y6+1 -> 4 | AA6: 1 | AB6: =AA6+1 -> 2 | AC6: =AB6+1 -> 3 | AD6: =AC6+1 -> 4 | AE6: 1 | AF6: =AE6+1 -> 2 | AG6: =AF6+1 -> 3 | AH6: =AG6+1 -> 4 | AI6: 1 | AJ6: =AI6+1 -> 2 | AK6: =AJ6+1 -> 3 | AL6: =AK6+1 -> 4
B7: Assets
B8: Cash and Cash Equivalents | C8: =N8 -> 1974 | D8: =R8 -> 4475 | E8: =V8 -> 2664 | F8: =Z8 -> 1631 | G8: =AD8 -> 1000 | H8: =AH8 -> 1000 | I8: =AL8 -> 1000 | K8: 2088 | L8: 2267 | M8: 1976 | N8: 1974 | O8: 1852 | P8: 4306 | Q8: 3873 | R8: 4475 | S8: 2759 | T8: 2476 | U8: 3692 | V8: 2664 | W8: 2422 | X8: 2132 | Y8: 1704 | Z8: 1631 | AA8: =CF!AA40 -> 1000 | AB8: =CF!AB40 -> 1000 | AC8: =CF!AC40 -> 1000 | AD8: =CF!AD40 -> 1000 | AE8: =CF!AE40 -> 1000 | AF8: =CF!AF40 -> 1000 | AG8: =CF!AG40 -> 1000 | AH8: =CF!AH40 -> 1000 | ... AL8: =CF!AL40 -> 1000
B9: Accounts Receivable | C9: =N9 -> 6361 | D9: =R9 -> 6129 | E9: =V9 -> 5403 | F9: =Z9 -> 4708 | G9: =AD9 -> 4255.7288 | H9: =AH9 -> 4339.0274 | I9: =AL9 -> 4482.3463 | K9: 7131 | L9: 6830 | M9: 6835 | N9: 6361 | O9: 7314 | P9: 5314 | Q9: 7110 | R9: 6129 | S9: 6265 | T9: 5989 | U9: 6245 | V9: 5403 | W9: 5900 | X9: 5248 | Y9: 5352 | Z9: 4708 | AA9: =WC!AA7 -> 5073.7549 | AB9: =WC!AB7 -> 4584.7679 | AC9: =WC!AC7 -> 4694.5162 | AD9: =WC!AD7 -> 4255.7288 | AE9: =WC!AE7 -> 5056.8943 | AF9: =WC!AF7 -> 4652.4697 | AG9: =WC!AG7 -> 4786.3006 | AH9: =WC!AH7 -> 4339.0274 | ... AL9: =WC!AL7 -> 4482.3463
B10: Inventories | C10: =N10 -> 5706 | D10: =R10 -> 3741 | E10: =V10 -> 3743 | F10: =Z10 -> 3480 | G10: =AD10 -> 3038.1347 | H10: =AH10 -> 3076.9669 | I10: =AL10 -> 3152.7574 | K10: 6116 | L10: 6414 | M10: 6399 | N10: 5706 | O10: 6286 | P10: 4117 | Q10: 6429 | R10: 3741 | S10: 3849 | T10: 3937 | U10: 4161 | V10: 3743 | W10: 4027 | X10: 4088 | Y10: 4122 | Z10: 3480 | AA10: =WC!AA11 -> 3466.374 | AB10: =WC!AB11 -> 3515.9457 | AC10: =WC!AC11 -> 3609.5804 | AD10: =WC!AD11 -> 3038.1347 | AE10: =WC!AE11 -> 3429.6594 | AF10: =WC!AF11 -> 3545.3113 | AG10: =WC!AG11 -> 3656.7547 | AH10: =WC!AH11 -> 3076.9669 | ... AL10: =WC!AL11 -> 3152.7574
B11: Deferred Income Taxes | C11: =N11 -> 912 | D11: =R11 -> 1074 | E11: =V11 -> 517 | F11: =Z11 -> 480 | G11: =AD11 -> 480 | H11: =AH11 -> 480 | I11: =AL11 -> 480 | K11: 969 | L11: 919 | M11: 973 | N11: 912 | O11: 980 | P11: 925 | Q11: 1074 | R11: 1074 | S11: 545 | T11: 459 | U11: 488 | V11: 517 | W11: 517 | X11: 570 | Y11: 433 | Z11: 480 | AA11: =Z11 -> 480 | AB11: =AA11 -> 480 | AC11: =AB11 -> 480 | AD11: =AC11 -> 480 | AE11: =AD11 -> 480 | AF11: =AE11 -> 480 | AG11: =AF11 -> 480 | AH11: =AG11 -> 480 | ... AL11: =AK11 -> 480
B12: Other Current Assets | C12: =N12 -> 1249 | D12: =R12 -> 203 | E12: =V12 -> 889 | F12: =Z12 -> 1408 | G12: =AD12 -> 1408 | H12: =AH12 -> 1408 | I12: =AL12 -> 1408 | K12: 1225 | L12: 1066 | M12: 1146 | N12: 1249 | O12: 1261 | P12: 1212 | Q12: 1031 | R12: 203 | S12: 877 | T12: 877 | U12: 877 | V12: 889 | W12: 836 | X12: 1062 | Y12: 1235 | Z12: 1408 | AA12: =Z12 -> 1408 | AB12: =AA12 -> 1408 | AC12: =AB12 -> 1408 | AD12: =AC12 -> 1408 | AE12: =AD12 -> 1408 | AF12: =AE12 -> 1408 | AG12: =AF12 -> 1408 | AH12: =AG12 -> 1408 | ... AL12: =AK12 -> 1408
B13: Total Current Assets | C13: =SUM(C8:C12) -> 16202 | D13: =SUM(D8:D12) -> 15622 | E13: =SUM(E8:E12) -> 13216 | F13: =SUM(F8:F12) -> 11707 | G13: =SUM(G8:G12) -> 10181.863 | H13: =SUM(H8:H12) -> 10303.994 | I13: =SUM(I8:I12) -> 10523.104 | K13: =SUM(K8:K12) -> 17529 | L13: =SUM(L8:L12) -> 17496 | M13: =SUM(M8:M12) -> 17329 | N13: =SUM(N8:N12) -> 16202 | O13: =SUM(O8:O12) -> 17693 | P13: =SUM(P8:P12) -> 15874 | Q13: =SUM(Q8:Q12) -> 19517 | R13: =SUM(R8:R12) -> 15622 | ... AL13: =SUM(AL8:AL12) -> 10523.104
B14: Gross PP&E | C14: =N14 -> 23932 | D14: =R14 -> 16856 | E14: =V14 -> 17614 | F14: =Z14 -> 18159 | G14: =AD14 -> 19998.058 | H14: =AH14 -> 21640.532 | I14: =AL14 -> 23585.054 | K14: 24837 | L14: 25420 | M14: 25435 | N14: 23932 | O14: 24658 | P14: 20461 | Q14: 25331 | R14: 16856 | S14: 16719 | T14: 16633 | U14: 17353 | V14: 17614 | W14: 17777 | X14: 18289 | Y14: 18222 | Z14: 18159 | AA14: =AA16+AA15 -> 18612.23 | AB14: =AB16+AB15 -> 19062.463 | AC14: =AC16+AC15 -> 19508.96 | AD14: =AD16+AD15 -> 19998.058 | AE14: =AE16+AE15 -> 20453.549 | AF14: =AF16+AF15 -> 20837.778 | AG14: =AG16+AG15 -> 21220.504 | AH14: =AH16+AH15 -> 21640.532 | ... AL14: =AL16+AL15 -> 23585.054
B15: Accumulated Depreciation | C15: =N15 -> 10119 | D15: =R15 -> 6846 | E15: =V15 -> 7367 | F15: =Z15 -> 8332 | G15: =AD15 -> 9251.5289 | H15: =AH15 -> 10191.465 | I15: =AL15 -> 11163.725 | K15: 10834 | L15: 11204 | M15: 11579 | N15: 10119 | O15: 10574 | P15: 10926 | Q15: 11282 | R15: 6846 | S15: 6874 | T15: 6930 | U15: 7268 | V15: 7367 | W15: 7535 | X15: 7806 | Y15: 8070 | Z15: 8332 | AA15: =Z15+CF!AA9 -> 8558.6148 | AB15: =AA15+CF!AB9 -> 8783.7318 | AC15: =AB15+CF!AC9 -> 9006.9802 | AD15: =AC15+CF!AD9 -> 9251.5289 | AE15: =AD15+CF!AE9 -> 9479.2743 | AF15: =AE15+CF!AF9 -> 9709.8118 | AG15: =AF15+CF!AG9 -> 9939.4474 | AH15: =AG15+CF!AH9 -> 10191.465 | ... AL15: =AK15+CF!AL9 -> 11163.725
B16: Net PP&E | C16: =N16 -> 13813 | D16: =R16 -> 10010 | E16: =V16 -> 10247 | F16: =Z16 -> 9827 | G16: =AD16 -> 10746.529 | H16: =AH16 -> 11449.068 | I16: =AL16 -> 12421.329 | K16: =K14-K15 -> 14003 | L16: =L14-L15 -> 14216 | M16: =M14-M15 -> 13856 | N16: =N14-N15 -> 13813 | O16: =O14-O15 -> 14084 | P16: =P14-P15 -> 9535 | Q16: =Q14-Q15 -> 14049 | R16: =R14-R15 -> 10010 | ... Z16: =Z14-Z15 -> 9827 | AA16: =Z16-CF!AA9-CF!AA23 -> 10053.615 | AB16: =AA16-CF!AB9-CF!AB23 -> 10278.732 | AC16: =AB16-CF!AC9-CF!AC23 -> 10501.98 | AD16: =AC16-CF!AD9-CF!AD23 -> 10746.529 | AE16: =AD16-CF!AE9-CF!AE23 -> 10974.274 | AF16: =AE16-CF!AF9-CF!AF23 -> 11127.966 | AG16: =AF16-CF!AG9-CF!AG23 -> 11281.056 | AH16: =AG16-CF!AH9-CF!AH23 -> 11449.068 | ... AL16: =AK16-CF!AL9-CF!AL23 -> 12421.329
B17: Goodwill | C17: =N17 -> 37297 | D17: =R17 -> 25801 | E17: =V17 -> 25597 | F17: =Z17 -> 23389 | G17: =AD17 -> 23389 | H17: =AH17 -> 23389 | I17: =AL17 -> 23389 | K17: 38592 | L17: 39063 | M17: 37592 | N17: 37297 | O17: 37940 | P17: 25825 | Q17: 25825 | R17: 25801 | S17: 25552 | T17: 25181 | U17: 25679 | V17: 25597 | W17: 25408 | X17: 25527 | Y17: 24399 | Z17: 23389 | AA17: =Z17 -> 23389 | AB17: =AA17 -> 23389 | AC17: =AB17 -> 23389 | AD17: =AC17 -> 23389 | AE17: =AD17 -> 23389 | AF17: =AE17 -> 23389 | AG17: =AF17 -> 23389 | AH17: =AG17 -> 23389 | ... AL17: =AK17 -> 23389
B18: Prepaid Pension Assets | C18: =N18 -> 31 | D18: =R18 -> 18 | E18: =V18 -> 54 | F18: =Z18 -> 53 | G18: =AD18 -> 53 | H18: =AH18 -> 53 | I18: =AL18 -> 53 | K18: 117 | L18: 153 | M18: 169 | N18: 31 | O18: 33 | P18: 16 | Q18: 16 | R18: 18 | S18: 30 | T18: 30 | U18: 30 | V18: 54 | W18: 55 | X18: 0 | Y18: 65 | Z18: 53 | AA18: =Z18 -> 53 | AB18: =AA18 -> 53 | AC18: =AB18 -> 53 | AD18: =AC18 -> 53 | AE18: =AD18 -> 53 | AF18: =AE18 -> 53 | AG18: =AF18 -> 53 | AH18: =AG18 -> 53 | ... AL18: =AK18 -> 53
B19: Other Intangible Assets | C19: =N19 -> 25186 | D19: =R19 -> 22552 | E19: =V19 -> 21994 | F19: =Z19 -> 20335 | G19: =AD19 -> 20335 | H19: =AH19 -> 20335 | I19: =AL19 -> 20335 | K19: 26351 | L19: 26509 | M19: 25416 | N19: 25186 | O19: 25602 | P19: 22349 | Q19: 22349 | R19: 22552 | S19: 22230 | T19: 21839 | U19: 22081 | V19: 21994 | W19: 21992 | X19: 22066 | Y19: 21110 | Z19: 20335 | AA19: =Z19 -> 20335 | AB19: =AA19 -> 20335 | AC19: =AB19 -> 20335 | AD19: =AC19 -> 20335 | AE19: =AD19 -> 20335 | AF19: =AE19 -> 20335 | AG19: =AF19 -> 20335 | AH19: =AG19 -> 20335 | ... AL19: =AK19 -> 20335
B20: Other Assets | C20: =N20 -> 1308 | D20: =R20 -> 1475 | E20: =V20 -> 1449 | F20: =Z20 -> 1461 | G20: =AD20 -> 1461 | H20: =AH20 -> 1461 | I20: =AL20 -> 1461 | K20: 1677 | L20: 1590 | M20: 1470 | N20: 1308 | O20: 1295 | P20: 1284 | Q20: 1284 | R20: 1475 | S20: 1346 | T20: 1332 | U20: 1521 | V20: 1449 | W20: 1561 | X20: 1504 | Y20: 1395 | Z20: 1461 | AA20: =Z20 -> 1461 | AB20: =AA20 -> 1461 | AC20: =AB20 -> 1461 | AD20: =AC20 -> 1461 | AE20: =AD20 -> 1461 | AF20: =AE20 -> 1461 | AG20: =AF20 -> 1461 | AH20: =AG20 -> 1461 | ... AL20: =AK20 -> 1461
B21: Total Assets | C21: =SUM(C16:C20)+C13 -> 93837 | D21: =SUM(D16:D20)+D13 -> 75478 | E21: =SUM(E16:E20)+E13 -> 72557 | F21: =SUM(F16:F20)+F13 -> 66772 | G21: =SUM(G16:G20)+G13 -> 66166.392 | H21: =SUM(H16:H20)+H13 -> 66991.062 | I21: =SUM(I16:I20)+I13 -> 68182.432 | K21: =K13+SUM(K16:K20) -> 98269 | L21: =L13+SUM(L16:L20) -> 99027 | M21: =M13+SUM(M16:M20) -> 95832 | N21: =N13+SUM(N16:N20) -> 93837 | O21: =O13+SUM(O16:O20) -> 96647 | P21: =P13+SUM(P16:P20) -> 74883 | Q21: =Q13+SUM(Q16:Q20) -> 83040 | R21: =R13+SUM(R16:R20) -> 75478 | ... AL21: =AL13+SUM(AL16:AL20) -> 68182.432
B22: Liabilities
B23: ST Borrowings | C23: =N23 -> 182 | D23: =R23 -> 274 | E23: =V23 -> 1636 | F23: =Z23 -> 1305 | G23: =AD23 -> 752.71254 | H23: =AH23 -> 925.56757 | I23: =AL23 -> 1351.3167 | K23: 1812 | L23: 1242 | M23: 896 | N23: 182 | O23: 3320 | P23: 245 | Q23: 260 | R23: 274 | S23: 203 | T23: 756 | U23: 2527 | V23: 1636 | W23: 2503 | X23: 2044 | Y23: 1807 | Z23: 1305 | AA23: =Debt!G19 -> 1673.3553 | AB23: =Debt!H19 -> 1673.3553 | AC23: =Debt!I19 -> 1959.6239 | AD23: =Debt!J19 -> 752.71254 | AE23: =Debt!K19 -> 2133.9887 | AF23: =Debt!L19 -> 1877.1787 | AG23: =Debt!M19 -> 2181.7985 | AH23: =Debt!N19 -> 925.56757 | ... AL23: =Debt!R19 -> 1351.3167
B24: Current Portion of LT Debt | C24: =N24 -> 3654 | D24: =R24 -> 3577 | E24: =V24 -> 1003 | F24: =Z24 -> 1530 | G24: =AD24 -> 1530 | H24: =AH24 -> 1530 | I24: =AL24 -> 1530 | K24: 3945 | L24: 4918 | M24: 4843 | N24: 3654 | O24: 1823 | P24: 1916 | Q24: 1916 | R24: 3577 | S24: 3328 | T24: 2319 | U24: 2303 | V24: 1003 | W24: 1674 | X24: 2242 | Y24: 2084 | Z24: 1530 | AA24: =Z24 -> 1530 | AB24: =AA24 -> 1530 | AC24: =AB24 -> 1530 | AD24: =AC24 -> 1530 | AE24: =AD24 -> 1530 | AF24: =AE24 -> 1530 | AG24: =AF24 -> 1530 | AH24: =AG24 -> 1530 | ... AL24: =AK24 -> 1530
B25: Accounts Payable | C25: =N25 -> 5525 | D25: =R25 -> 4642 | E25: =V25 -> 5345 | F25: =Z25 -> 5299 | G25: =AD25 -> 4767.835 | H25: =AH25 -> 4902.5204 | I25: =AL25 -> 5023.2772 | K25: 5535 | L25: 5308 | M25: 5293 | N25: 5525 | O25: 5545 | P25: 3528 | Q25: 3884.7368 | R25: 4642 | S25: 4378 | T25: 4316 | U25: 4533 | V25: 5345 | W25: 5372 | X25: 5303 | Y25: 5184 | Z25: 5299 | AA25: =WC!AA15 -> 4747.3457 | AB25: =WC!AB15 -> 4679.6756 | AC25: =WC!AC15 -> 4655.2964 | AD25: =WC!AD15 -> 4767.835 | AE25: =WC!AE15 -> 4759.4233 | AF25: =WC!AF15 -> 4779.9625 | AG25: =WC!AG15 -> 4776.02 | AH25: =WC!AH15 -> 4902.5204 | ... AL25: =WC!AL15 -> 5023.2772
B26: Income Taxes Payable & Other CL | C26: =N26 -> 9084 | D26: =R26 -> 6380 | E26: =V26 -> 6412 | F26: =Z26 -> 5830 | G26: =AD26 -> 5830 | H26: =AH26 -> 5830 | I26: =AL26 -> 5830 | K26: 8487 | L26: 8812 | M26: 9328 | N26: 9084 | O26: 8610 | P26: 8047 | Q26: 8047 | R26: 6380 | S26: 5938 | T26: 5742 | U26: 5906 | V26: 6412 | W26: 5776 | X26: 5326 | Y26: 5540 | Z26: 5830 | AA26: =Z26 -> 5830 | AB26: =AA26 -> 5830 | AC26: =AB26 -> 5830 | AD26: =AC26 -> 5830 | AE26: =AD26 -> 5830 | AF26: =AE26 -> 5830 | AG26: =AF26 -> 5830 | AH26: =AG26 -> 5830 | ... AL26: =AK26 -> 5830
B27: Total Current Liabilities | C27: =SUM(C23:C26) -> 18445 | D27: =SUM(D23:D26) -> 14873 | E27: =SUM(E23:E26) -> 14396 | F27: =SUM(F23:F26) -> 13964 | G27: =SUM(G23:G26) -> 12880.548 | H27: =SUM(H23:H26) -> 13188.088 | I27: =SUM(I23:I26) -> 13734.594 | K27: =SUM(K23:K26) -> 19779 | L27: =SUM(L23:L26) -> 20280 | M27: =SUM(M23:M26) -> 20360 | N27: =SUM(N23:N26) -> 18445 | O27: =SUM(O23:O26) -> 19298 | P27: =SUM(P23:P26) -> 13736 | Q27: =SUM(Q23:Q26) -> 14107.737 | R27: =SUM(R23:R26) -> 14873 | ... AL27: =SUM(AL23:AL26) -> 13734.594
B28: LT Debt | C28: =N28 -> 23095 | D28: =R28 -> 15574 | E28: =V28 -> 14482 | F28: =Z28 -> 13865 | G28: =AD28 -> 13865 | H28: =AH28 -> 13865 | I28: =AL28 -> 13865 | K28: 24288 | L28: 23420 | M28: 23139 | N28: 23095 | O28: 23198 | P28: 18120 | Q28: 17321 | R28: 15574 | S28: 14970 | T28: 14986 | U28: 15089 | V28: 14482 | W28: 14772 | X28: 14255 | Y28: 13988 | Z28: 13865 | AA28: =Z28 -> 13865 | AB28: =AA28 -> 13865 | AC28: =AB28 -> 13865 | AD28: =AC28 -> 13865 | AE28: =AD28 -> 13865 | AF28: =AE28 -> 13865 | AG28: =AF28 -> 13865 | AH28: =AG28 -> 13865 | ... AL28: =AK28 -> 13865
B29: Deferred Income Taxes | C29: =N29 -> 6738 | D29: =R29 -> 6302 | E29: =V29 -> 6282 | F29: =Z29 -> 5512 | G29: =AD29 -> 5512 | H29: =AH29 -> 5512 | I29: =AL29 -> 5512 | K29: 8252 | L29: 7993 | M29: 7580 | N29: 6738 | O29: 6901 | P29: 6388 | Q29: 6388 | R29: 6302 | S29: 6293 | T29: 6084 | U29: 6218 | V29: 6282 | W29: 6202 | X29: 6086 | Y29: 5753 | Z29: 5512 | AA29: =Z29 -> 5512 | AB29: =AA29 -> 5512 | AC29: =AB29 -> 5512 | AD29: =AC29 -> 5512 | AE29: =AD29 -> 5512 | AF29: =AE29 -> 5512 | AG29: =AF29 -> 5512 | AH29: =AG29 -> 5512 | ... AL29: =AK29 -> 5512
B30: Accrued Postretirement Healthcare Costs | C30: =N30 -> 3238 | D30: =R30 -> 451 | E30: =V30 -> 412 | F30: =Z30 -> 526 | G30: =AD30 -> 526 | H30: =AH30 -> 526 | I30: =AL30 -> 526 | K30: 3052 | L30: 3001 | M30: 2995 | N30: 3238 | O30: 3259 | P30: 416 | Q30: 416 | R30: 451 | S30: 456 | T30: 458 | U30: 470 | V30: 412 | W30: 416 | X30: 426 | Y30: 439 | Z30: 526 | AA30: =Z30 -> 526 | AB30: =AA30 -> 526 | AC30: =AB30 -> 526 | AD30: =AC30 -> 526 | AE30: =AD30 -> 526 | AF30: =AE30 -> 526 | AG30: =AF30 -> 526 | AH30: =AG30 -> 526 | ... AL30: =AK30 -> 526
B31: Other Liabilities | C31: =N31 -> 6993 | D31: =R31 -> 5923 | E31: =V31 -> 4453 | F31: =Z31 -> 5052 | G31: =AD31 -> 5732.6493 | H31: =AH31 -> 6132.6493 | I31: =AL31 -> 6532.6493 | K31: 5399 | L31: 5222 | M31: 5058 | N31: 6993 | O31: 6900 | P31: 4760 | Q31: 13314.263 | R31: 5923 | S31: 5714 | T31: 5613 | U31: 5321 | V31: 4453 | W31: 4469 | X31: 4591 | Y31: 4216 | Z31: 5052 | AA31: =AA21-SUM(AA27:AA30,AA33) -> 5302 | AB31: =AB21-SUM(AB27:AB30,AB33) -> 5232.6493 | AC31: =AC21-SUM(AC27:AC30,AC33) -> 5482.6493 | AD31: =AD21-SUM(AD27:AD30,AD33) -> 5732.6493 | AE31: =AE21-SUM(AE27:AE30,AE33) -> 5832.6493 | AF31: =AF21-SUM(AF27:AF30,AF33) -> 5932.6493 | AG31: =AG21-SUM(AG27:AG30,AG33) -> 6032.6493 | AH31: =AH21-SUM(AH27:AH30,AH33) -> 6132.6493 | ... AL31: =AL21-SUM(AL27:AL30,AL33) -> 6532.6493
B32: Total Liabilities | C32: =SUM(C27:C31) -> 58509 | D32: =SUM(D27:D31) -> 43123 | E32: =SUM(E27:E31) -> 40025 | F32: =SUM(F27:F31) -> 38919 | G32: =SUM(G27:G31) -> 38516.197 | H32: =SUM(H27:H31) -> 39223.737 | I32: =SUM(I27:I31) -> 40170.243 | K32: =SUM(K27:K31) -> 60770 | L32: =SUM(L27:L31) -> 59916 | M32: =SUM(M27:M31) -> 59132 | N32: =SUM(N27:N31) -> 58509 | O32: =SUM(O27:O31) -> 59556 | P32: =SUM(P27:P31) -> 43420 | Q32: =SUM(Q27:Q31) -> 51547 | R32: =SUM(R27:R31) -> 43123 | ... AL32: =SUM(AL27:AL31) -> 40170.243
B33: Stockholders' Equity | C33: =N33 -> 35217 | D33: =R33 -> 32215 | E33: =V33 -> 32373 | F33: =Z33 -> 27853 | G33: =AD33 -> 27650.196 | H33: =AH33 -> 27767.325 | I33: =AL33 -> 28012.189 | K33: 37381 | L33: 38991 | M33: 36592 | N33: 35217 | O33: 36965 | P33: 31348 | Q33: 31493 | R33: 32215 | S33: 31874 | T33: 31407 | U33: 32492 | V33: 32373 | W33: 31649 | X33: 32407 | Y33: 30956 | Z33: 27853 | AA33: =Equity!G11 -> 27734.043 | AB33: =Equity!H11 -> 27656.765 | AC33: =Equity!I11 -> 27571.507 | AD33: =Equity!J11 -> 27650.196 | AE33: =Equity!K11 -> 27597.767 | AF33: =Equity!L11 -> 27598.956 | AG33: =Equity!M11 -> 27596.644 | AH33: =Equity!N11 -> 27767.325 | ... AL33: =Equity!R11 -> 28012.189
B34: Noncontrolling Interest | C34: =N34 -> 111 | D34: =R34 -> 140 | E34: =V34 -> 159 | F34: =Z34 -> 0 | G34: =AD34 -> 0 | H34: =AH34 -> 0 | I34: =AL34 -> 0 | K34: 118 | L34: 120 | M34: 108 | N34: 111 | O34: 126 | P34: 115 | Q34: 0 | R34: 140 | S34: 144 | T34: 142 | U34: 0 | V34: 159 | W34: 127 | X34: 0 | Y34: =X34 -> 0 | Z34: =Y34 -> 0 | AA34: =Z34 -> 0 | AB34: =AA34 -> 0 | AC34: =AB34 -> 0 | AD34: =AC34 -> 0 | AE34: =AD34 -> 0 | AF34: =AE34 -> 0 | ... AL34: =AK34 -> 0
B35: Total Liabilities & Stockholders' Equity | C35: =SUM(C32:C34) -> 93837 | D35: =SUM(D32:D34) -> 75478 | E35: =SUM(E32:E34) -> 72557 | F35: =SUM(F32:F34) -> 66772 | G35: =SUM(G32:G34) -> 66166.392 | H35: =SUM(H32:H34) -> 66991.062 | I35: =SUM(I32:I34) -> 68182.432 | K35: =SUM(K32:K34) -> 98269 | L35: =SUM(L32:L34) -> 99027 | M35: =SUM(M32:M34) -> 95832 | N35: =SUM(N32:N34) -> 93837 | O35: =SUM(O32:O34) -> 96647 | P35: =SUM(P32:P34) -> 74883 | Q35: =SUM(Q32:Q34) -> 83040 | R35: =SUM(R32:R34) -> 75478 | ... AL35: =SUM(AL32:AL34) -> 68182.432
B38: Total Debt | C38: =N38 -> 26749 | D38: =R38 -> 19151 | E38: =V38 -> 15485 | F38: =Z38 -> 15395 | G38: =AD38 -> 15395 | H38: =AH38 -> 15395 | I38: =AL38 -> 15395 | K38: =K28+K24 -> 28233 | L38: =L28+L24 -> 28338 | M38: =M28+M24 -> 27982 | N38: =N28+N24 -> 26749 | O38: =O28+O24 -> 25021 | P38: =P28+P24 -> 20036 | Q38: =Q28+Q24 -> 19237 | R38: =R28+R24 -> 19151 | ... AL38: =AL28+AL24 -> 15395
B39: Net Debt | C39: =N39 -> 24775 | D39: =R39 -> 14676 | E39: =V39 -> 12821 | F39: =Z39 -> 13764 | G39: =AD39 -> 14395 | H39: =AH39 -> 14395 | I39: =AL39 -> 14395 | K39: =K38-K8 -> 26145 | L39: =L38-L8 -> 26071 | M39: =M38-M8 -> 26006 | N39: =N38-N8 -> 24775 | O39: =O38-O8 -> 23169 | P39: =P38-P8 -> 15730 | Q39: =Q38-Q8 -> 15364 | R39: =R38-R8 -> 14676 | ... AL39: =AL38-AL8 -> 14395
B40: Total Capitalization | C40: =N40 -> 61966 | D40: =R40 -> 51366 | E40: =V40 -> 47858 | F40: =Z40 -> 43248 | G40: =AD40 -> 43045.196 | H40: =AH40 -> 43162.325 | I40: =AL40 -> 43407.189 | K40: =K33+K38 -> 65614 | L40: =L33+L38 -> 67329 | M40: =M33+M38 -> 64574 | N40: =N33+N38 -> 61966 | O40: =O33+O38 -> 61986 | P40: =P33+P38 -> 51384 | Q40: =Q33+Q38 -> 50730 | R40: =R33+R38 -> 51366 | ... AL40: =AL33+AL38 -> 43407.189
B41: Total Debt/Total Capitalization | C41: =N41 -> 0.43167221 | D41: =R41 -> 0.37283417 | E41: =V41 -> 0.32356137 | F41: =Z41 -> 0.35597022 | G41: =AD41 -> 0.35764735 | H41: =AH41 -> 0.3566768 | I41: =AL41 -> 0.35466475 | K41: =K38/K40 -> 0.43028927 | L41: =L38/L40 -> 0.42088847 | M41: =M38/M40 -> 0.4333323 | N41: =N38/N40 -> 0.43167221 | O41: =O38/O40 -> 0.40365566 | P41: =P38/P40 -> 0.38992683 | Q41: =Q38/Q40 -> 0.37920363 | R41: =R38/R40 -> 0.37283417 | ... AL41: =AL38/AL40 -> 0.35466475
B42: Total Debt/TTM EBITDA | C42: =C38/IS!C18 -> 4.79201 | D42: =D38/IS!D18 -> 3.3967719 | E42: =E38/IS!E18 -> 2.8954749 | F42: =F38/IS!F18 -> 2.8118721 | G42: =G38/IS!G18 -> 3.0639477 | H42: =H38/IS!H18 -> 2.9514681 | I42: =I38/IS!I18 -> 2.8216483 | O42: =O38/SUM(IS!K18:N18) -> 4.4824436 | P42: =P38/SUM(IS!L18:O18) -> 3.5443128 | Q42: =Q38/SUM(IS!M18:P18) -> 3.3719544 | R42: =R38/SUM(IS!N18:Q18) -> 3.3422339 | S42: =S38/SUM(IS!O18:R18) -> 3.2454771 | T42: =T38/SUM(IS!P18:S18) -> 3.1699945 | U42: =U38/SUM(IS!Q18:T18) -> 3.3247945 | V42: =V38/SUM(IS!R18:U18) -> 3.0386578 | ... AL42: =AL38/SUM(IS!AH18:AK18) -> 2.8568105
B43: Working Capital | C43: =(C13-C8)-C27 -> -4217 | D43: =(D13-D8)-D27 -> -3726 | E43: =(E13-E8)-E27 -> -3844 | F43: =(F13-F8)-F27 -> -3888 | G43: =(G13-G8)-G27 -> -3698.6841 | H43: =(H13-H8)-H27 -> -3884.0937 | I43: =(I13-I8)-I27 -> -4211.4901 | K43: =K13-K8-K27 -> -4338 | L43: =L13-L8-L27 -> -5051 | M43: =M13-M8-M27 -> -5007 | N43: =N13-N8-N27 -> -4217 | O43: =O13-O8-O27 -> -3457 | P43: =P13-P8-P27 -> -2168 | Q43: =Q13-Q8-Q27 -> 1536.2632 | R43: =R13-R8-R27 -> -3726 | ... AL43: =AL13-AL8-AL27 -> -4211.4901
B44: Changes in Working Capital | D44: =D43-C43 -> 491 | E44: =E43-D43 -> -118 | F44: =F43-E43 -> -44 | G44: =G43-F43 -> 189.3159 | H44: =H43-G43 -> -185.40961 | I44: =I43-H43 -> -327.39644 | L44: =L43-K43 -> -713 | M44: =M43-L43 -> 44 | N44: =N43-M43 -> 790 | O44: =O43-N43 -> 760 | P44: =P43-O43 -> 1289 | Q44: =Q43-P43 -> 3704.2632 | R44: =R43-Q43 -> -5262.2632 | S44: =S43-R43 -> 1415 | ... AL44: =AL43-AK43 -> 47.721348
B45: EBITDA/Interest Expense | C45: =-IS!C18/IS!C19 -> 4.2675841 | D45: =-IS!D18/IS!D19 -> 5.15828 | E45: =-IS!E18/IS!E19 -> 5.2898121 | F45: =-IS!F18/IS!F19 -> 6.6686967 | G45: =-IS!G18/IS!G19 -> 6.0903801 | H45: =-IS!H18/IS!H19 -> 6.5200602 | I45: =-IS!I18/IS!I19 -> 6.8200386 | K45: =-IS!K18/IS!K19 -> 4.3576159 | L45: =-IS!L18/IS!L19 -> 4.7785235 | M45: =-IS!M18/IS!M19 -> 5.0533808 | N45: =-IS!N18/IS!N19 -> 3.3302108 | O45: =-IS!O18/IS!O19 -> 4.9535714 | P45: =-IS!P18/IS!P19 -> 5.2714286 | Q45: =-IS!Q18/IS!Q19 -> 5.6889764 | R45: =-IS!R18/IS!R19 -> 4.7670251 | ... AL45: =-IS!AL18/IS!AL19 -> 7.8096161
B47: Balance Sheet Check | C47: =C21-C35 -> 0 | D47: =D21-D35 -> 0 | E47: =E21-E35 -> 0 | F47: =F21-F35 -> 0 | G47: =G21-G35 -> 0 | H47: =H21-H35 -> 0 | I47: =I21-I35 -> 0 | K47: =K21-K35 -> 0 | L47: =L21-L35 -> 0 | M47: =M21-M35 -> 0 | N47: =N21-N35 -> 0 | O47: =O21-O35 -> 0 | P47: =P21-P35 -> 0 | Q47: =Q21-Q35 -> 0 | R47: =R21-R35 -> 0 | ... AL47: =AL21-AL35 -> 0
B49: Total Assets | C49: =C21 -> 93837 | D49: =D21 -> 75478 | E49: =E21 -> 72557 | F49: =F21 -> 66772 | G49: =G21 -> 66166.392 | H49: =H21 -> 66991.062 | I49: =I21 -> 68182.432
B50: Goodwill | C50: =C17 -> 37297 | D50: =D17 -> 25801 | E50: =E17 -> 25597 | F50: =F17 -> 23389 | G50: =G17 -> 23389 | H50: =H17 -> 23389 | I50: =I17 -> 23389
B51: Other Intangible Assets | C51: =C19 -> 25186 | D51: =D19 -> 22552 | E51: =E19 -> 21994 | F51: =F19 -> 20335 | G51: =G19 -> 20335 | H51: =H19 -> 20335 | I51: =I19 -> 20335
B52: % of Total Assets | C52: =SUM(C50:C51)/C49 -> 0.66586741 | D52: =SUM(D50:D51)/D49 -> 0.64062376 | E52: =SUM(E50:E51)/E49 -> 0.6559119 | F52: =SUM(F50:F51)/F49 -> 0.65482538 | G52: =SUM(G50:G51)/G49 -> 0.66081886 | H52: =SUM(H50:H51)/H49 -> 0.65268408 | I52: =SUM(I50:I51)/I49 -> 0.64127956
B54: Net Debt | C54: =C39 -> 24775
B55: Equity | C55: =C33 -> 35217
B56: Invested Capital | C56: =SUM(C54:C55) -> 59992
B57: Goodwill + Intangible Assets | C57: =C51+C50 -> 62483

Sheet CF
K1: 40633 | L1: =EOMONTH(K1,3) -> 40724 | M1: =EOMONTH(L1,3) -> 40816 | N1: =EOMONTH(M1,3) -> 40908 | O1: =EOMONTH(N1,3) -> 40999 | P1: =EOMONTH(O1,3) -> 41090 | Q1: =EOMONTH(P1,3) -> 41182 | R1: =EOMONTH(Q1,3) -> 41274 | S1: =EOMONTH(R1,3) -> 41364 | ... AL1: =EOMONTH(AK1,3) -> 43100
B2: =BS!B2 -> Mondelez International, Inc. (MDLZ)
B3: Cash Flow Statement
B4: $000, Except Where Noted
C5: Annual Summary | K5: 2011 | O5: =K5+1 -> 2012 | S5: =O5+1 -> 2013 | W5: =S5+1 -> 2014 | AA5: =W5+1 -> 2015 | AE5: =AA5+1 -> 2016 | AI5: =AE5+1 -> 2017
C6: 2011 | D6: =C6+1 -> 2012 | E6: =D6+1 -> 2013 | F6: =E6+1 -> 2014 | G6: =F6+1 -> 2015 | H6: =G6+1 -> 2016 | I6: =H6+1 -> 2017 | K6: 1 | L6: =K6+1 -> 2 | M6: =L6+1 -> 3 | N6: =M6+1 -> 4 | O6: 1 | P6: =O6+1 -> 2 | Q6: =P6+1 -> 3 | R6: =Q6+1 -> 4 | S6: 1 | T6: =S6+1 -> 2 | U6: =T6+1 -> 3 | V6: =U6+1 -> 4 | W6: 1 | X6: =W6+1 -> 2 | Y6: =X6+1 -> 3 | Z6: =Y6+1 -> 4 | AA6: 1 | AB6: =AA6+1 -> 2 | AC6: =AB6+1 -> 3 | AD6: =AC6+1 -> 4 | AE6: 1 | AF6: =AE6+1 -> 2 | AG6: =AF6+1 -> 3 | AH6: =AG6+1 -> 4 | AI6: 1 | AJ6: =AI6+1 -> 2 | AK6: =AJ6+1 -> 3 | AL6: =AK6+1 -> 4
B7: Operating Activities
B8: Net Income | C8: =SUM(K8:N8) -> 3547 | D8: =SUM(O8:R8) -> 3055 | E8: =SUM(S8:V8) -> 3935 | F8: =SUM(W8:Z8) -> 2201 | G8: =SUM(AA8:AD8) -> 2596.0277 | H8: =SUM(AE8:AH8) -> 2752.8901 | I8: =SUM(AI8:AL8) -> 2919.0161 | K8: 802 | L8: 976 | M8: 927 | N8: 842 | O8: 819 | P8: 1034 | Q8: 659 | R8: 543 | S8: 574 | T8: 617 | U8: 1030 | V8: 1714 | W8: 150 | X8: 642 | Y8: 902 | Z8: 507 | AA8: =IS!AA23 -> 583.64264 | AB8: =IS!AB23 -> 623.35784 | AC8: =IS!AC23 -> 613.46876 | AD8: =IS!AD23 -> 775.55848 | AE8: =IS!AE23 -> 608.97215 | AF8: =IS!AF23 -> 660.9223 | AG8: =IS!AG23 -> 655.79396 | AH8: =IS!AH23 -> 827.20166 | ... AL8: =IS!AL23 -> 874.26549
B9: Depreciation & Amortization | C9: =SUM(K9:N9) -> 1485 | D9: =SUM(O9:R9) -> 1345 | E9: =SUM(S9:V9) -> 1077 | F9: =SUM(W9:Z9) -> 1059 | G9: =SUM(AA9:AD9) -> 919.52895 | H9: =SUM(AE9:AH9) -> 939.9356 | I9: =SUM(AI9:AL9) -> 972.26081 | K9: 372 | L9: 370 | M9: 375 | N9: 368 | O9: 357 | P9: 352 | Q9: 356 | R9: 280 | S9: 266 | T9: 266 | U9: 276 | V9: 269 | W9: 262 | X9: 271 | Y9: 264 | Z9: 262 | AA9: =IS!AA7*IS!AA34 -> 226.61475 | AB9: =IS!AB7*IS!AB34 -> 225.117 | AC9: =IS!AC7*IS!AC34 -> 223.24845 | AD9: =IS!AD7*IS!AD34 -> 244.54875 | AE9: =IS!AE7*IS!AE34 -> 227.7454 | AF9: =IS!AF7*IS!AF34 -> 230.53746 | AG9: =IS!AG7*IS!AG34 -> 229.63556 | AH9: =IS!AH7*IS!AH34 -> 252.01718 | ... AL9: =IS!AL7*IS!AL34 -> 260.34136
B10: Deferred Income Tax | C10: =SUM(K10:N10) -> -351 | D10: =SUM(O10:R10) -> 410 | E10: =SUM(S10:V10) -> -64 | F10: =SUM(W10:Z10) -> -186 | G10: =SUM(AA10:AD10) -> 0 | H10: =SUM(AE10:AH10) -> 0 | I10: =SUM(AI10:AL10) -> 0 | K10: -177 | L10: 11 | M10: -263 | N10: 78 | O10: -96 | P10: 6 | Q10: 551 | R10: -51 | S10: -104 | T10: -62 | U10: -71 | V10: 173 | W10: -98 | X10: -82 | Y10: -75 | Z10: 69 | AA10: 0 | AB10: 0 | AC10: 0 | AD10: 0 | AE10: 0 | AF10: 0 | AG10: 0 | AH10: 0 | AI10: 0 | AJ10: 0 | AK10: 0 | AL10: 0
B11: Gain on Sale of Business | C11: =SUM(K11:N11) -> 0 | D11: =SUM(O11:R11) -> -107 | E11: =SUM(S11:V11) -> -30 | F11: =SUM(W11:Z11) -> 0 | G11: =SUM(AA11:AD11) -> 0 | H11: =SUM(AE11:AH11) -> 0 | I11: =SUM(AI11:AL11) -> 0 | K11: 0 | L11: 0 | M11: 0 | N11: 0 | O11: 0 | P11: 0 | Q11: 0 | R11: -107 | S11: -22 | T11: -6 | U11: 0 | V11: -2 | W11: 0 | X11: 0 | Y11: 0 | Z11: 0 | AA11: 0 | AB11: 0 | AC11: 0 | AD11: 0 | AE11: 0 | AF11: 0 | AG11: 0 | AH11: 0 | AI11: 0 | AJ11: 0 | AK11: 0 | AL11: 0
B12: Asset Impairment and Exit Costs | C12: =SUM(K12:N12) -> 0 | D12: =SUM(O12:R12) -> 126 | E12: =SUM(S12:V12) -> 97 | F12: =SUM(W12:Z12) -> 240 | G12: =SUM(AA12:AD12) -> 0 | H12: =SUM(AE12:AH12) -> 0 | I12: =SUM(AI12:AL12) -> 0 | K12: 0 | L12: 0 | M12: 0 | N12: 0 | O12: 56 | P12: 19 | Q12: 19 | R12: 32 | S12: 14 | T12: 13 | U12: 9 | V12: 61 | W12: 12 | X12: 15 | Y12: 50 | Z12: 163 | AA12: 0 | AB12: 0 | AC12: 0 | AD12: 0 | AE12: 0 | AF12: 0 | AG12: 0 | AH12: 0 | AI12: 0 | AJ12: 0 | AK12: 0 | AL12: 0
B13: Accounts Receivable | C13: =SUM(K13:N13) -> -115 | D13: =SUM(O13:R13) -> -599 | E13: =SUM(S13:V13) -> 492 | F13: =SUM(W13:Z13) -> 184 | G13: =SUM(AA13:AD13) -> 452.27118 | H13: =SUM(AE13:AH13) -> -83.298543 | I13: =SUM(AI13:AL13) -> -143.31895 | K13: -464 | L13: 392 | M13: -365 | N13: 322 | O13: -747 | P13: 449 | Q13: -401 | R13: 100 | S13: -315 | T13: 340 | U13: -125 | V13: 592 | W13: -305 | X13: 407 | Y13: -265 | Z13: 347 | AA13: =BS!Z9-BS!AA9 -> -365.75493 | AB13: =BS!AA9-BS!AB9 -> 488.98708 | AC13: =BS!AB9-BS!AC9 -> -109.74838 | AD13: =BS!AC9-BS!AD9 -> 438.78741 | AE13: =BS!AD9-BS!AE9 -> -801.16549 | AF13: =BS!AE9-BS!AF9 -> 404.42461 | AG13: =BS!AF9-BS!AG9 -> -133.83093 | AH13: =BS!AG9-BS!AH9 -> 447.27326 | ... AL13: =BS!AK9-BS!AL9 -> 466.88901
B14: Inventories | C14: =SUM(K14:N14) -> -556 | D14: =SUM(O14:R14) -> -129 | E14: =SUM(S14:V14) -> -116 | F14: =SUM(W14:Z14) -> -188 | G14: =SUM(AA14:AD14) -> 441.86533 | H14: =SUM(AE14:AH14) -> -38.832217 | I14: =SUM(AI14:AL14) -> -75.79056 | K14: -694 | L14: -253 | M14: -241 | N14: 632 | O14: -482 | P14: -32 | Q14: -198 | R14: 583 | S14: -160 | T14: -177 | U14: -165 | V14: 386 | W14: -299 | X14: -54 | Y14: -272 | Z14: 437 | AA14: =BS!Z10-BS!AA10 -> 13.625967 | AB14: =BS!AA10-BS!AB10 -> -49.571672 | AC14: =BS!AB10-BS!AC10 -> -93.634678 | AD14: =BS!AC10-BS!AD10 -> 571.44572 | AE14: =BS!AD10-BS!AE10 -> -391.52476 | AF14: =BS!AE10-BS!AF10 -> -115.65191 | AG14: =BS!AF10-BS!AG10 -> -111.44339 | AH14: =BS!AG10-BS!AH10 -> 579.78784 | ... AL14: =BS!AK10-BS!AL10 -> 597.73833
B15: Accounts Payable | C15: =SUM(K15:N15) -> 300 | D15: =SUM(O15:R15) -> 505 | E15: =SUM(S15:V15) -> 793 | F15: =SUM(W15:Z15) -> 387 | G15: =SUM(AA15:AD15) -> -531.16496 | H15: =SUM(AE15:AH15) -> 134.68534 | I15: =SUM(AI15:AL15) -> 120.75683 | K15: -122 | L15: -282 | M15: 343 | N15: 361 | O15: -184 | P15: -200 | Q15: 280 | R15: 609 | S15: -246 | T15: 76 | U15: 140 | V15: 823 | W15: 67 | X15: -85 | Y15: 37 | Z15: 368 | AA15: =BS!AA25-BS!Z25 -> -551.65427 | AB15: =BS!AB25-BS!AA25 -> -67.670079 | AC15: =BS!AC25-BS!AB25 -> -24.379247 | AD15: =BS!AD25-BS!AC25 -> 112.53864 | AE15: =BS!AE25-BS!AD25 -> -8.4116998 | AF15: =BS!AF25-BS!AE25 -> 20.539128 | AG15: =BS!AG25-BS!AF25 -> -3.9425211 | AH15: =BS!AH25-BS!AG25 -> 126.50044 | ... AL15: =BS!AL25-BS!AK25 -> 124.82381
B16: Other WC Items | C16: =SUM(K16:N16) -> 302 | D16: =SUM(O16:R16) -> -949 | E16: =SUM(S16:V16) -> 20 | F16: =SUM(W16:Z16) -> 49 | G16: =SUM(AA16:AD16) -> 0 | H16: =SUM(AE16:AH16) -> 0 | I16: =SUM(AI16:AL16) -> 0 | K16: -266 | L16: 21 | M16: 456 | N16: 91 | O16: -693 | P16: 262 | Q16: -704 | R16: 186 | S16: -451 | T16: -378 | U16: 58 | V16: 791 | W16: -874 | X16: -313 | Y16: 651 | Z16: 585 | AA16: 0 | AB16: 0 | AC16: 0 | AD16: 0 | AE16: 0 | AF16: 0 | AG16: 0 | AH16: 0 | AI16: 0 | AJ16: 0 | AK16: 0 | AL16: 0
B17: Net Change in Working Capital | C17: =SUM(K17:N17) -> -69 | D17: =SUM(O17:R17) -> -1172 | E17: =SUM(S17:V17) -> 1189 | F17: =SUM(W17:Z17) -> 432 | G17: =SUM(AA17:AD17) -> 362.97155 | H17: =SUM(AE17:AH17) -> 12.554583 | I17: =SUM(AI17:AL17) -> -98.352676 | K17: =SUM(K13:K16) -> -1546 | L17: =SUM(L13:L16) -> -122 | M17: =SUM(M13:M16) -> 193 | N17: =SUM(N13:N16) -> 1406 | O17: =SUM(O13:O16) -> -2106 | P17: =SUM(P13:P16) -> 479 | Q17: =SUM(Q13:Q16) -> -1023 | R17: =SUM(R13:R16) -> 1478 | ... AL17: =SUM(AL13:AL16) -> 1189.4511
B18: Pension Plan Contribution | C18: =SUM(K18:N18) -> -354 | D18: =SUM(O18:R18) -> 56 | E18: =SUM(S18:V18) -> -126 | F18: =SUM(W18:Z18) -> -6 | G18: =SUM(AA18:AD18) -> 0 | H18: =SUM(AE18:AH18) -> 0 | I18: =SUM(AI18:AL18) -> 0 | K18: -511 | L18: 24 | M18: 91 | N18: 42 | O18: 69 | P18: 112 | Q18: -157 | R18: 32 | S18: -18 | T18: 26 | U18: 34 | V18: -168 | W18: -67 | X18: 26 | Y18: 26 | Z18: 9 | AA18: 0 | AB18: 0 | AC18: 0 | AD18: 0 | AE18: 0 | AF18: 0 | AG18: 0 | AH18: 0 | AI18: 0 | AJ18: 0 | AK18: 0 | AL18: 0
B19: Stock Option Expense | C19: =SUM(K19:N19) -> 181 | D19: =SUM(O19:R19) -> 162 | E19: =SUM(S19:V19) -> 128 | F19: =SUM(W19:Z19) -> 141 | G19: =SUM(AA19:AD19) -> 0 | H19: =SUM(AE19:AH19) -> 0 | I19: =SUM(AI19:AL19) -> 0 | K19: 44 | L19: 45 | M19: 48 | N19: 44 | O19: 49 | P19: 44 | Q19: 42 | R19: 27 | S19: 33 | T19: 35 | U19: 30 | V19: 30 | W19: 35 | X19: 33 | Y19: 36 | Z19: 37 | AA19: 0 | AB19: 0 | AC19: 0 | AD19: 0 | AE19: 0 | AF19: 0 | AG19: 0 | AH19: 0 | AI19: 0 | AJ19: 0 | AK19: 0 | AL19: 0
B20: Other | C20: =SUM(K20:N20) -> 81 | D20: =SUM(O20:R20) -> 48 | E20: =SUM(S20:V20) -> 204 | F20: =SUM(W20:Z20) -> -319 | G20: =SUM(AA20:AD20) -> 0 | H20: =SUM(AE20:AH20) -> 0 | I20: =SUM(AI20:AL20) -> 0 | K20: 30 | L20: -22 | M20: -2 | N20: 75 | O20: 1 | P20: 13 | Q20: 520 | R20: -486 | S20: 44 | T20: 53 | U20: -436 | V20: 543 | W20: 540 | X20: 85 | Y20: -573 | Z20: -371 | AA20: 0 | AB20: 0 | AC20: 0 | AD20: 0 | AE20: 0 | AF20: 0 | AG20: 0 | AH20: 0 | AI20: 0 | AJ20: 0 | AK20: 0 | AL20: 0
B21: Cash Flow From Operations | C21: =SUM(K21:N21) -> 4520 | D21: =SUM(O21:R21) -> 3923 | E21: =SUM(S21:V21) -> 6410 | F21: =SUM(W21:Z21) -> 3562 | G21: =SUM(AA21:AD21) -> 3878.5282 | H21: =SUM(AE21:AH21) -> 3705.3803 | I21: =SUM(AI21:AL21) -> 3792.9242 | K21: =SUM(K17:K20)+SUM(K8:K12) -> -986 | L21: =SUM(L17:L20)+SUM(L8:L12) -> 1282 | M21: =SUM(M17:M20)+SUM(M8:M12) -> 1369 | N21: =SUM(N17:N20)+SUM(N8:N12) -> 2855 | O21: =SUM(O17:O20)+SUM(O8:O12) -> -851 | P21: =SUM(P17:P20)+SUM(P8:P12) -> 2059 | Q21: =SUM(Q17:Q20)+SUM(Q8:Q12) -> 967 | R21: =SUM(R17:R20)+SUM(R8:R12) -> 1748 | ... Z21: =SUM(Z17:Z20)+SUM(Z8:Z12) -> 2413 | AA21: =SUM(AA8:AA11)+AA17+SUM(AA18:AA20) -> -93.525848 | AB21: =SUM(AB8:AB11)+AB17+SUM(AB18:AB20) -> 1220.2202 | AC21: =SUM(AC8:AC11)+AC17+SUM(AC18:AC20) -> 608.9549 | AD21: =SUM(AD8:AD11)+AD17+SUM(AD18:AD20) -> 2142.879 | AE21: =SUM(AE8:AE11)+AE17+SUM(AE18:AE20) -> -364.3844 | AF21: =SUM(AF8:AF11)+AF17+SUM(AF18:AF20) -> 1200.7716 | AG21: =SUM(AG8:AG11)+AG17+SUM(AG18:AG20) -> 636.21268 | AH21: =SUM(AH8:AH11)+AH17+SUM(AH18:AH20) -> 2232.7804 | ... AL21: =SUM(AL8:AL11)+AL17+SUM(AL18:AL20) -> 2324.058
B22: Investing Activities
B23: Capex | C23: =SUM(K23:N23) -> -1771 | D23: =SUM(O23:R23) -> -1610 | E23: =SUM(S23:V23) -> -1622 | F23: =SUM(W23:Z23) -> -1642 | G23: =SUM(AA23:AD23) -> -1839.0579 | H23: =SUM(AE23:AH23) -> -1642.4745 | I23: =SUM(AI23:AL23) -> -1944.5216 | K23: -237 | L23: -418 | M23: -626 | N23: -490 | O23: -335 | P23: -405 | Q23: -489 | R23: -381 | S23: -235 | T23: -333 | U23: -460 | V23: -594 | W23: -326 | X23: -398 | Y23: -405 | Z23: -513 | AA23: =-IS!AA7*IS!AA35 -> -453.2295 | AB23: =-IS!AB7*IS!AB35 -> -450.234 | AC23: =-IS!AC7*IS!AC35 -> -446.4969 | AD23: =-IS!AD7*IS!AD35 -> -489.0975 | AE23: =-IS!AE7*IS!AE35 -> -455.49079 | AF23: =-IS!AF7*IS!AF35 -> -384.2291 | AG23: =-IS!AG7*IS!AG35 -> -382.72593 | AH23: =-IS!AH7*IS!AH35 -> -420.02863 | ... AL23: =-IS!AL7*IS!AL35 -> -520.68271
B24: Acquisitions | C24: =SUM(K24:N24) -> 0 | D24: =SUM(O24:R24) -> 200 | E24: =SUM(S24:V24) -> -119 | F24: =SUM(W24:Z24) -> -7 | G24: =SUM(AA24:AD24) -> 0 | H24: =SUM(AE24:AH24) -> 0 | I24: =SUM(AI24:AL24) -> 0 | K24: 0 | L24: 0 | M24: 0 | N24: 0 | O24: 0 | P24: 0 | Q24: 0 | R24: 200 | S24: -119 | T24: 0 | U24: 0 | V24: 0 | W24: 0 | X24: 0 | Y24: 0 | Z24: -7 | AA24: 0 | AB24: 0 | AC24: 0 | AD24: 0 | AE24: 0 | AF24: 0 | AG24: 0 | AH24: 0 | AI24: 0 | AJ24: 0 | AK24: 0 | AL24: 0
B25: Sales of Businesses | C25: =SUM(K25:N25) -> 0 | D25: =SUM(O25:R25) -> 133 | E25: =SUM(S25:V25) -> 203 | F25: =SUM(W25:Z25) -> 0 | G25: =SUM(AA25:AD25) -> 0 | H25: =SUM(AE25:AH25) -> 0 | I25: =SUM(AI25:AL25) -> 0 | K25: 0 | L25: 0 | M25: 0 | N25: 0 | O25: 91 | P25: 5 | Q25: 4 | R25: 33 | S25: 56 | T25: 47 | U25: 0 | V25: 100 | W25: 0 | X25: 0 | Y25: 0 | Z25: 0 | AA25: 0 | AB25: 0 | AC25: 0 | AD25: 0 | AE25: 0 | AF25: 0 | AG25: 0 | AH25: 0 | AI25: 0 | AJ25: 0 | AK25: 0 | AL25: 0
B26: Other | C26: =SUM(K26:N26) -> 43 | D26: =SUM(O26:R26) -> -410 | E26: =SUM(S26:V26) -> 55 | F26: =SUM(W26:Z26) -> 7 | G26: =SUM(AA26:AD26) -> 1000 | H26: =SUM(AE26:AH26) -> 400 | I26: =SUM(AI26:AL26) -> 400 | K26: -7 | L26: 37 | M26: 7 | N26: 6 | O26: 0 | P26: -337 | Q26: 337 | R26: -410 | S26: 0 | T26: 2 | U26: 27 | V26: 26 | W26: 9 | X26: 17 | Y26: 3 | Z26: -22 | AA26: 250 | AB26: =AA26 -> 250 | AC26: =AB26 -> 250 | AD26: =AC26 -> 250 | AE26: 100 | AF26: =AE26 -> 100 | AG26: =AF26 -> 100 | AH26: =AG26 -> 100 | AI26: 100 | AJ26: =AI26 -> 100 | AK26: =AJ26 -> 100 | AL26: =AK26 -> 100
B27: Cash Flow From Investing | C27: =SUM(K27:N27) -> -1728 | D27: =SUM(O27:R27) -> -1687 | E27: =SUM(S27:V27) -> -1483 | F27: =SUM(W27:Z27) -> -1642 | G27: =SUM(AA27:AD27) -> -839.0579 | H27: =SUM(AE27:AH27) -> -1242.4745 | I27: =SUM(AI27:AL27) -> -1544.5216 | K27: =SUM(K23:K26) -> -244 | L27: =SUM(L23:L26) -> -381 | M27: =SUM(M23:M26) -> -619 | N27: =SUM(N23:N26) -> -484 | O27: =SUM(O23:O26) -> -244 | P27: =SUM(P23:P26) -> -737 | Q27: =SUM(Q23:Q26) -> -148 | R27: =SUM(R23:R26) -> -558 | ... AL27: =SUM(AL23:AL26) -> -420.68271
B28: Financing Activities
B29: Short Term Borrowings | C29: =SUM(K29:N29) -> -565 | D29: =SUM(O29:R29) -> 93 | E29: =SUM(S29:V29) -> 1377 | F29: =SUM(W29:Z29) -> 356 | G29: =SUM(AA29:AD29) -> -871.63811 | H29: =SUM(AE29:AH29) -> 172.85503 | I29: =SUM(AI29:AL29) -> 425.74911 | K29: 1054 | L29: -577 | M29: -332 | N29: -710 | O29: 3134 | P29: -3068 | Q29: 15 | R29: 12 | S29: -66 | T29: 563 | U29: 1107 | V29: -227 | W29: 865 | X29: -457 | Y29: -215 | Z29: 163 | AA29: =Debt!G17+Debt!G18 -> 368.35535 | AB29: =Debt!H17+Debt!H18 -> -319.35066 | AC29: =Debt!I17+Debt!I18 -> 286.26857 | AD29: =Debt!J17+Debt!J18 -> -1206.9114 | AE29: =Debt!K17+Debt!K18 -> 1381.2761 | AF29: =Debt!L17+Debt!L18 -> -256.80995 | AG29: =Debt!M17+Debt!M18 -> 304.61978 | AH29: =Debt!N17+Debt!N18 -> -1256.2309 | ... AL29: =Debt!R17+Debt!R18 -> -1237.1725
B30: Long Term Debt Proceeds | C30: =SUM(K30:N30) -> 36 | D30: =SUM(O30:R30) -> 6775 | E30: =SUM(S30:V30) -> 3248 | F30: =SUM(W30:Z30) -> 5114 | G30: =SUM(AA30:AD30) -> 0 | H30: =SUM(AE30:AH30) -> 0 | I30: =SUM(AI30:AL30) -> 0 | K30: 10 | L30: 15 | M30: 10 | N30: 1 | O30: 802 | P30: 5970 | Q30: -5 | R30: 8 | S30: 6 | T30: -6 | U30: 726 | V30: 2522 | W30: 2994 | X30: 35 | Y30: 3 | Z30: 2082 | AA30: 0 | AB30: =AA30 -> 0 | AC30: 0 | AD30: 0 | AE30: 0 | AF30: 0 | AG30: 0 | AH30: 0 | AI30: 0 | AJ30: 0 | AK30: 0 | AL30: 0
B31: Long Term Debt Repaid | C31: =SUM(K31:N31) -> -1114 | D31: =SUM(O31:R31) -> -4495 | E31: =SUM(S31:V31) -> -7559 | F31: =SUM(W31:Z31) -> -5730 | G31: =SUM(AA31:AD31) -> 0 | H31: =SUM(AE31:AH31) -> 0 | I31: =SUM(AI31:AL31) -> 0 | K31: -3 | L31: -4 | M31: -3 | N31: -1104 | O31: -2639 | P31: -903 | Q31: -794 | R31: -159 | S31: -752 | T31: -997 | U31: -71 | V31: -5739 | W31: -2514 | X31: -2 | Y31: -8 | Z31: -3206 | AA31: 0 | AB31: =AA31 -> 0 | AC31: 0 | AD31: 0 | AE31: 0 | AF31: 0 | AG31: 0 | AH31: 0 | AI31: 0 | AJ31: 0 | AK31: 0 | AL31: 0
B32: Repurchase of Common Stock | C32: =SUM(K32:N32) -> 0 | D32: =SUM(O32:R32) -> 0 | E32: =SUM(S32:V32) -> -2900 | F32: =SUM(W32:Z32) -> -1700 | G32: =SUM(AA32:AD32) -> -1800 | H32: =SUM(AE32:AH32) -> -1600 | I32: =SUM(AI32:AL32) -> -1600 | K32: 0 | L32: 0 | M32: 0 | N32: 0 | O32: 0 | P32: 0 | Q32: 0 | R32: 0 | S32: 0 | T32: -92 | U32: -701 | V32: -2107 | W32: -468 | X32: -252 | Y32: -300 | Z32: -680 | AA32: =Equity!G9 -> -450 | AB32: =Equity!H9 -> -450 | AC32: =Equity!I9 -> -450 | AD32: =Equity!J9 -> -450 | AE32: =Equity!K9 -> -400 | AF32: =Equity!L9 -> -400 | AG32: =Equity!M9 -> -400 | AH32: =Equity!N9 -> -400 | ... AL32: =Equity!R9 -> -400
B33: Dividends Paid | C33: =SUM(K33:N33) -> -2043 | D33: =SUM(O33:R33) -> -2058 | E33: =SUM(S33:V33) -> -943 | F33: =SUM(W33:Z33) -> -964 | G33: =SUM(AA33:AD33) -> -998.83221 | H33: =SUM(AE33:AH33) -> -1035.7608 | I33: =SUM(AI33:AL33) -> -1074.1517 | K33: -507 | L33: -510 | M33: -518 | N33: -508 | O33: -514 | P33: -511 | Q33: -517 | R33: -516 | S33: -232 | T33: -232 | U33: -232 | V33: -247 | W33: -238 | X33: -238 | Y33: -237 | Z33: -251 | AA33: =Equity!G10 -> -252.6 | AB33: =Equity!H10 -> -250.63551 | AC33: =Equity!I10 -> -248.72657 | AD33: =Equity!J10 -> -246.87013 | AE33: =Equity!K10 -> -261.40095 | AF33: =Equity!L10 -> -259.73254 | AG33: =Equity!M10 -> -258.10653 | AH33: =Equity!N10 -> -256.5208 | ... AL33: =Equity!R10 -> -266.20278
B34: Other | C34: =SUM(K34:N34) -> 511 | D34: =SUM(O34:R34) -> -111 | E34: =SUM(S34:V34) -> 132 | F34: =SUM(W34:Z34) -> 194 | G34: =SUM(AA34:AD34) -> 0 | H34: =SUM(AE34:AH34) -> 0 | I34: =SUM(AI34:AL34) -> 0 | K34: 241 | L34: 321 | M34: -40 | N34: -11 | O34: 134 | P34: -279 | Q34: 3 | R34: 31 | S34: 51 | T34: 29 | U34: 18 | V34: 34 | W34: 40 | X34: 72 | Y34: 51 | Z34: 31 | AA34: 0 | AB34: 0 | AC34: 0 | AD34: 0 | AE34: 0 | AF34: 0 | AG34: 0 | AH34: 0 | AI34: 0 | AJ34: 0 | AK34: 0 | AL34: 0
B35: Cash Flow From Financing | C35: =SUM(K35:N35) -> -3175 | D35: =SUM(O35:R35) -> 204 | E35: =SUM(S35:V35) -> -6645 | F35: =SUM(W35:Z35) -> -2730 | G35: =SUM(AA35:AD35) -> -3670.4703 | H35: =SUM(AE35:AH35) -> -2462.9058 | I35: =SUM(AI35:AL35) -> -2248.4026 | K35: =SUM(K29:K34) -> 795 | L35: =SUM(L29:L34) -> -755 | M35: =SUM(M29:M34) -> -883 | N35: =SUM(N29:N34) -> -2332 | O35: =SUM(O29:O34) -> 917 | P35: =SUM(P29:P34) -> 1209 | Q35: =SUM(Q29:Q34) -> -1298 | R35: =SUM(R29:R34) -> -624 | ... AL35: =SUM(AL29:AL34) -> -1903.3753
B37: Effects of Exchange Rates | C37: =SUM(K37:N37) -> -124 | D37: =SUM(O37:R37) -> 61 | E37: =SUM(S37:V37) -> -93 | F37: =SUM(W37:Z37) -> -223 | G37: =SUM(AA37:AD37) -> 0 | H37: =SUM(AE37:AH37) -> 0 | I37: =SUM(AI37:AL37) -> 0 | K37: 42 | L37: 33 | M37: -158 | N37: -41 | O37: 56 | P37: -77 | Q37: 46 | R37: 36 | S37: -40 | T37: -67 | U37: 22 | V37: -8 | W37: -27 | X37: -12 | Y37: -101 | Z37: -83 | AA37: 0 | AB37: 0 | AC37: 0 | AD37: 0 | AE37: 0 | AF37: 0 | AG37: 0 | AH37: 0 | AI37: 0 | AJ37: 0 | AK37: 0 | AL37: 0
B38: Net Change in Cash | C38: =C37+C35+C27+C21 -> -507 | D38: =D37+D35+D27+D21 -> 2501 | E38: =E37+E35+E27+E21 -> -1811 | F38: =F37+F35+F27+F21 -> -1033 | G38: =G37+G35+G27+G21 -> -631 | H38: =H37+H35+H27+H21 -> 0 | I38: =I37+I35+I27+I21 -> 0 | K38: =K37+K35+K27+K21 -> -393 | L38: =L37+L35+L27+L21 -> 179 | M38: =M37+M35+M27+M21 -> -291 | N38: =N37+N35+N27+N21 -> -2 | O38: =O37+O35+O27+O21 -> -122 | P38: =P37+P35+P27+P21 -> 2454 | Q38: =Q37+Q35+Q27+Q21 -> -433 | R38: =R37+R35+R27+R21 -> 602 | ... AL38: =AL37+AL35+AL27+AL21 -> 0
B39: Beginning Cash Balance | C39: 2481 | D39: =C40 -> 1974 | E39: =D40 -> 4475 | F39: =E40 -> 2664 | G39: =F40 -> 1631 | H39: =G40 -> 1000 | I39: =H40 -> 1000 | K39: 2481 | L39: =K40 -> 2088 | M39: =L40 -> 2267 | N39: =M40 -> 1976 | O39: =N40 -> 1974 | P39: =O40 -> 1852 | Q39: =P40 -> 4306 | R39: =Q40 -> 3873 | S39: =R40 -> 4475 | ... AL39: =AK40 -> 1000
B40: Ending Cash Balance | C40: =C39+C38 -> 1974 | D40: =D39+D38 -> 4475 | E40: =E39+E38 -> 2664 | F40: =F39+F38 -> 1631 | G40: =G39+G38 -> 1000 | H40: =H39+H38 -> 1000 | I40: =I39+I38 -> 1000 | K40: =SUM(K38:K39) -> 2088 | L40: =SUM(L38:L39) -> 2267 | M40: =SUM(M38:M39) -> 1976 | N40: =SUM(N38:N39) -> 1974 | O40: =SUM(O38:O39) -> 1852 | P40: =SUM(P38:P39) -> 4306 | Q40: =SUM(Q38:Q39) -> 3873 | R40: =SUM(R38:R39) -> 4475 | ... AL40: =SUM(AL38:AL39) -> 1000
G41: =Z41 -> 0
B42: Cash Flow from Operations | C42: =C21 -> 4520 | D42: =D21 -> 3923 | E42: =E21 -> 6410 | F42: =F21 -> 3562 | G42: =G21 -> 3878.5282 | H42: =H21 -> 3705.3803 | I42: =I21 -> 3792.9242 | K42: =K21 -> -986 | L42: =L21 -> 1282 | M42: =M21 -> 1369 | N42: =N21 -> 2855 | O42: =O21 -> -851 | P42: =P21 -> 2059 | Q42: =Q21 -> 967 | R42: =R21 -> 1748 | ... AL42: =AL21 -> 2324.058
B43: Less: Capex + Restructuring | C43: =C23 -> -1771 | D43: =D23 -> -1610 | E43: =E23 -> -1622 | F43: =F23 -> -1642 | G43: =G23-G26 -> -2839.0579 | H43: =H23-H26 -> -2042.4745 | I43: =I23-I26 -> -2344.5216 | K43: =K23 -> -237 | L43: =L23 -> -418 | M43: =M23 -> -626 | N43: =N23 -> -490 | O43: =O23 -> -335 | P43: =P23 -> -405 | Q43: =Q23 -> -489 | R43: =R23 -> -381 | ... AL43: =AL23 -> -520.68271
B44: Free Cash Flow | C44: =C42+C43 -> 2749 | D44: =D42+D43 -> 2313 | E44: =E42+E43 -> 4788 | F44: =F42+F43 -> 1920 | G44: =G42+G43 -> 1039.4703 | H44: =H42+H43 -> 1662.9058 | I44: =I42+I43 -> 1448.4026 | K44: =K42+K43 -> -1223 | L44: =L42+L43 -> 864 | M44: =M42+M43 -> 743 | N44: =N42+N43 -> 2365 | O44: =O42+O43 -> -1186 | P44: =P42+P43 -> 1654 | Q44: =Q42+Q43 -> 478 | R44: =R42+R43 -> 1367 | ... AL44: =AL42+AL43 -> 1803.3753
B46: Cash Balance Check | C46: =C40-BS!C8 -> 0 | D46: =D40-BS!D8 -> 0 | E46: =E40-BS!E8 -> 0 | F46: =F40-BS!F8 -> 0 | G46: =G40-BS!G8 -> 0 | H46: =H40-BS!H8 -> 0 | I46: =I40-BS!I8 -> 0 | K46: =K40-BS!K8 -> 0 | L46: =L40-BS!L8 -> 0 | M46: =M40-BS!M8 -> 0 | N46: =N40-BS!N8 -> 0 | O46: =O40-BS!O8 -> 0 | P46: =P40-BS!P8 -> 0 | Q46: =Q40-BS!Q8 -> 0 | R46: =R40-BS!R8 -> 0 | ... AL46: =AL40-BS!AL8 -> 0

Sheet WC
K1: 40633 | L1: =EOMONTH(K1,3) -> 40724 | M1: =EOMONTH(L1,3) -> 40816 | N1: =EOMONTH(M1,3) -> 40908 | O1: =EOMONTH(N1,3) -> 40999 | P1: =EOMONTH(O1,3) -> 41090 | Q1: =EOMONTH(P1,3) -> 41182 | R1: =EOMONTH(Q1,3) -> 41274 | S1: =EOMONTH(R1,3) -> 41364 | ... AL1: =EOMONTH(AK1,3) -> 43100
B2: =CF!B2 -> Mondelez International, Inc. (MDLZ)
B3: Working Capital Build
B4: $000, Except Where Noted
C5: Annual Summary | K5: 2011 | O5: =K5+1 -> 2012 | S5: =O5+1 -> 2013 | W5: =S5+1 -> 2014 | AA5: =W5+1 -> 2015 | AE5: =AA5+1 -> 2016 | AI5: =AE5+1 -> 2017
C6: 2011 | D6: =+C6+1 -> 2012 | E6: =+D6+1 -> 2013 | F6: =+E6+1 -> 2014 | G6: =+F6+1 -> 2015 | H6: =+G6+1 -> 2016 | I6: =+H6+1 -> 2017 | K6: 1 | L6: =K6+1 -> 2 | M6: =L6+1 -> 3 | N6: =M6+1 -> 4 | O6: 1 | P6: =O6+1 -> 2 | Q6: =P6+1 -> 3 | R6: =Q6+1 -> 4 | S6: 1 | T6: =S6+1 -> 2 | U6: =T6+1 -> 3 | V6: =U6+1 -> 4 | W6: 1 | X6: =W6+1 -> 2 | Y6: =X6+1 -> 3 | Z6: =Y6+1 -> 4 | AA6: 1 | AB6: =AA6+1 -> 2 | AC6: =AB6+1 -> 3 | AD6: =AC6+1 -> 4 | AE6: 1 | AF6: =AE6+1 -> 2 | AG6: =AF6+1 -> 3 | AH6: =AG6+1 -> 4 | AI6: 1 | AJ6: =AI6+1 -> 2 | AK6: =AJ6+1 -> 3 | AL6: =AK6+1 -> 4
B7: Accounts Receivable | C7: =BS!C9 -> 6361 | D7: =BS!D9 -> 6129 | E7: =BS!E9 -> 5403 | F7: =BS!F9 -> 4708 | G7: =AD7 -> 4255.7288 | H7: =AH7 -> 4339.0274 | I7: =AL7 -> 4482.3463 | K7: =BS!K9 -> 7131 | L7: =BS!L9 -> 6830 | M7: =BS!M9 -> 6835 | N7: =BS!N9 -> 6361 | O7: =BS!O9 -> 7314 | P7: =BS!P9 -> 5314 | Q7: =BS!Q9 -> 7110 | R7: =BS!R9 -> 6129 | ... Z7: =BS!Z9 -> 4708 | AA7: =(AA8*AA21)/90 -> 5073.7549 | AB7: =(AB8*AB21)/90 -> 4584.7679 | AC7: =(AC8*AC21)/90 -> 4694.5162 | AD7: =(AD8*AD21)/90 -> 4255.7288 | AE7: =(AE8*AE21)/90 -> 5056.8943 | AF7: =(AF8*AF21)/90 -> 4652.4697 | AG7: =(AG8*AG21)/90 -> 4786.3006 | AH7: =(AH8*AH21)/90 -> 4339.0274 | ... AL7: =(AL8*AL21)/90 -> 4482.3463
B8: Receivable Days | C8: =(C7/C21)*365 -> 64.83566 | D8: =(D7/D21)*365 -> 63.889333 | E8: =(E7/E21)*365 -> 55.868297 | F8: =(F7/F21)*365 -> 50.181638 | G8: =(G7/G21)*365 -> 50.678372 | H8: =(H7/H21)*365 -> 50.548516 | I8: =(I7/I21)*365 -> 50.482023 | K8: =K7/(K21/90) -> 78.362637 | L8: =L7/(L21/90) -> 67.085016 | M8: =M7/(M21/90) -> 70.078606 | N8: =N7/(N21/90) -> 59.147639 | O8: =O7/(O21/90) -> 75.950156 | P8: =P7/(P21/90) -> 56.087721 | Q8: =Q7/(Q21/90) -> 76.855633 | R8: =R7/(R21/90) -> 58.094787 | ... Z8: =Z7/(Z21/90) -> 47.98641 | AA8: =W8+AA9 -> 60.451221 | AB8: =X8+AB9 -> 54.98862 | AC8: =Y8+AC9 -> 56.776178 | AD8: =Z8+AD9 -> 46.98641 | AE8: =AA8+AE9 -> 59.951221 | AF8: =AB8+AF9 -> 54.48862 | AG8: =AC8+AG9 -> 56.276178 | AH8: =AD8+AH9 -> 46.48641 | ... AL8: =AH8+AL9 -> 46.48641
B9: Change y/y | D9: =D8-C8 -> -0.94632729 | E9: =E8-D8 -> -8.0210366 | F9: =F8-E8 -> -5.6866589 | G9: =G8-F8 -> 0.49673481 | H9: =H8-G8 -> -0.12985633 | I9: =I8-H8 -> -0.066493381 | O9: =O8-K8 -> -2.4124816 | P9: =P8-L8 -> -10.997294 | Q9: =Q8-M8 -> 6.7770274 | R9: =R8-N8 -> -1.0528525 | S9: =S8-O8 -> -11.465938 | T9: =T8-P8 -> 6.6243205 | U9: =U8-Q8 -> -10.513565 | V9: =V8-R8 -> -6.8437328 | ... Z9: =Z8-V8 -> -3.264644 | AA9: -1 | AB9: -1 | AC9: -1 | AD9: -1 | AE9: -0.5 | AF9: -0.5 | AG9: -0.5 | AH9: -0.5 | AI9: 0 | AJ9: 0 | AK9: 0 | AL9: 0
B11: Inventory | C11: =BS!C10 -> 5706 | D11: =BS!D10 -> 3741 | E11: =BS!E10 -> 3743 | F11: =BS!F10 -> 3480 | G11: =AD11 -> 3038.1347 | H11: =AH11 -> 3076.9669 | I11: =AL11 -> 3152.7574 | K11: =BS!K10 -> 6116 | L11: =BS!L10 -> 6414 | M11: =BS!M10 -> 6399 | N11: =BS!N10 -> 5706 | O11: =BS!O10 -> 6286 | P11: =BS!P10 -> 4117 | Q11: =BS!Q10 -> 6429 | R11: =BS!R10 -> 3741 | ... Z11: =BS!Z10 -> 3480 | AA11: =(AA12*-AA22)/90 -> 3466.374 | AB11: =(AB12*-AB22)/90 -> 3515.9457 | AC11: =(AC12*-AC22)/90 -> 3609.5804 | AD11: =(AD12*-AD22)/90 -> 3038.1347 | AE11: =(AE12*-AE22)/90 -> 3429.6594 | AF11: =(AF12*-AF22)/90 -> 3545.3113 | AG11: =(AG12*-AG22)/90 -> 3656.7547 | AH11: =(AH12*-AH22)/90 -> 3076.9669 | ... AL11: =(AL12*-AL22)/90 -> 3152.7574
B12: Inventory Days | C12: =-(C11/C22)*365 -> 92.966856 | D12: =-(D11/D22)*365 -> 62.239163 | E12: =-(E11/E22)*365 -> 61.570823 | F12: =-(F11/F22)*365 -> 58.677877 | G12: =-(G11/G22)*365 -> 58.145104 | H12: =-(H11/H22)*365 -> 58.079988 | I12: =-(I11/I22)*365 -> 57.97839 | K12: =-K11/K22*90 -> 107.23031 | L12: =-L11/L22*90 -> 102.16539 | M12: =-M11/M22*90 -> 105.45871 | N12: =-N11/N22*90 -> 83.393959 | O12: =-O11/O22*90 -> 103.38816 | P12: =-P11/P22*90 -> 69.700903 | Q12: =-Q11/Q22*90 -> 111.14291 | R12: =-R11/R22*90 -> 56.634146 | ... Z12: =-Z11/Z22*90 -> 55.102041 | AA12: =W12+AA13 -> 65.659923 | AB12: =X12+AB13 -> 68.015194 | AC12: =Y12+AC13 -> 70.410972 | AD12: =Z12+AD13 -> 54.102041 | AE12: =AA12+AE13 -> 65.159923 | AF12: =AB12+AF13 -> 67.515194 | AG12: =AC12+AG13 -> 69.910972 | AH12: =AD12+AH13 -> 53.602041 | ... AL12: =AH12+AL13 -> 53.602041
B13: Change y/y | D13: =D12-C12 -> -30.727693 | E13: =E12-D12 -> -0.66833975 | F13: =F12-E12 -> -2.8929465 | G13: =G12-F12 -> -0.53277323 | H13: =H12-G12 -> -0.065116106 | I13: =I12-H12 -> -0.10159747 | O13: =O12-K12 -> -3.8421543 | P13: =P12-L12 -> -32.464488 | Q13: =Q12-M12 -> 5.6842048 | R13: =R12-N12 -> -26.759813 | S13: =S12-O12 -> -40.427416 | T13: =T12-P12 -> -3.643856 | U13: =U12-Q12 -> -40.85575 | V13: =V12-R12 -> -0.44231982 | ... Z13: =Z12-V12 -> -1.0897857 | AA13: -1 | AB13: -1 | AC13: -1 | AD13: -1 | AE13: -0.5 | AF13: -0.5 | AG13: -0.5 | AH13: -0.5 | AI13: 0 | AJ13: 0 | AK13: 0 | AL13: 0
B15: Accounts Payable | C15: =BS!C25 -> 5525 | D15: =BS!D25 -> 4642 | E15: =BS!E25 -> 5345 | F15: =BS!F25 -> 5299 | G15: =AD15 -> 4767.835 | H15: =AH15 -> 4902.5204 | I15: =AL15 -> 5023.2772 | K15: =BS!K25 -> 5535 | L15: =BS!L25 -> 5308 | M15: =BS!M25 -> 5293 | N15: =BS!N25 -> 5525 | O15: =BS!O25 -> 5545 | P15: =BS!P25 -> 3528 | Q15: =BS!Q25 -> 3884.7368 | R15: =BS!R25 -> 4642 | ... Z15: =BS!Z25 -> 5299 | AA15: =-(AA22*AA16)/90 -> 4747.3457 | AB15: =-(AB22*AB16)/90 -> 4679.6756 | AC15: =-(AC22*AC16)/90 -> 4655.2964 | AD15: =-(AD22*AD16)/90 -> 4767.835 | AE15: =-(AE22*AE16)/90 -> 4759.4233 | AF15: =-(AF22*AF16)/90 -> 4779.9625 | AG15: =-(AG22*AG16)/90 -> 4776.02 | AH15: =-(AH22*AH16)/90 -> 4902.5204 | ... AL15: =-(AL22*AL16)/90 -> 5023.2772
B16: Days Payable | C16: =-(C15/C22)*365 -> 90.017855 | D16: =-(D15/D22)*365 -> 77.229135 | E16: =-(E15/E22)*365 -> 87.92307 | F16: =-(F15/F22)*365 -> 89.348871 | G16: =-(G15/G22)*365 -> 91.24884 | H16: =-(H15/H22)*365 -> 92.538637 | I16: =-(I15/I22)*365 -> 92.376763 | K16: =-K15/(K22/90) -> 97.043783 | L16: =-L15/(L22/90) -> 84.548471 | M16: =-M15/(M22/90) -> 87.231276 | N16: =-N15/(N22/90) -> 80.74862 | O16: =-O15/(O22/90) -> 91.200658 | P16: =-P15/(P22/90) -> 59.72912 | Q16: =-Q15/(Q22/90) -> 67.15834 | R16: =-R15/(R22/90) -> 70.27418 | ... Z16: =-Z15/(Z22/90) -> 83.903941 | AA16: =W16+AA17 -> 89.924039 | AB16: =X16+AB17 -> 90.527293 | AC16: =Y16+AC17 -> 90.809432 | AD16: =Z16+AD17 -> 84.903941 | AE16: =AA16+AE17 -> 90.424039 | AF16: =AB16+AF17 -> 91.027293 | AG16: =AC16+AG17 -> 91.309432 | AH16: =AD16+AH17 -> 85.403941 | ... AL16: =AH16+AL17 -> 85.403941
B17: Change y/y | D17: =D16-C16 -> -12.78872 | E17: =E16-D16 -> 10.693935 | F17: =F16-E16 -> 1.4258005 | G17: =G16-F16 -> 1.899969 | H17: =H16-G16 -> 1.2897979 | I17: =I16-H16 -> -0.16187488 | O17: =O16-K16 -> -5.8431253 | P17: =P16-L16 -> -24.819352 | Q17: =Q16-M16 -> -20.072937 | R17: =R16-N16 -> -10.47444 | S17: =S16-O16 -> -19.586699 | T17: =T16-P16 -> 12.686988 | U17: =U16-Q16 -> 9.4126064 | V17: =V16-R16 -> 9.9676882 | ... Z17: =Z16-V16 -> 3.6620727 | AA17: 1 | AB17: 1 | AC17: 1 | AD17: 1 | AE17: 0.5 | AF17: 0.5 | AG17: 0.5 | AH17: 0.5 | AI17: 0 | AJ17: 0 | AK17: 0 | AL17: 0
B19: Cash Conversion Cycle (days) | C19: =C8+C12-C16 -> 67.784662 | D19: =D8+D12-D16 -> 48.899361 | E19: =E8+E12-E16 -> 29.51605 | F19: =F8+F12-F16 -> 19.510644 | G19: =G8+G12-G16 -> 17.574637 | H19: =H8+H12-H16 -> 16.089866 | I19: =I8+I12-I16 -> 16.08365 | K19: =K8+K12-K16 -> 88.549166 | L19: =L8+L12-L16 -> 84.701935 | M19: =M8+M12-M16 -> 88.306036 | N19: =N8+N12-N16 -> 61.792979 | O19: =O8+O12-O16 -> 88.137656 | P19: =P8+P12-P16 -> 66.059505 | Q19: =Q8+Q12-Q16 -> 120.84021 | R19: =R8+R12-R16 -> 44.454753 | ... AL19: =AL8+AL12-AL16 -> 14.68451
B21: Revenues | C21: =IS!C7 -> 35810 | D21: =IS!D7 -> 35015 | E21: =IS!E7 -> 35299 | F21: =IS!F7 -> 34244 | G21: =IS!G7 -> 30650.965 | H21: =IS!H7 -> 31331.187 | I21: =IS!I7 -> 32408.694 | K21: =IS!K7 -> 8190 | L21: =IS!L7 -> 9163 | M21: =IS!M7 -> 8778 | N21: =IS!N7 -> 9679 | O21: =IS!O7 -> 8667 | P21: =IS!P7 -> 8527 | Q21: =IS!Q7 -> 8326 | R21: =IS!R7 -> 9495 | ... AL21: =IS!AL7 -> 8678.0452
B22: Cost of Goods Sold | C22: =IS!C9 -> -22402.5 | D22: =IS!D9 -> -21939 | E22: =IS!E9 -> -22189 | F22: =IS!F9 -> -21647 | G22: =IS!G9 -> -19071.583 | H22: =IS!H9 -> -19337.003 | I22: =IS!I9 -> -19848.024 | K22: =IS!K9 -> -5133.25 | L22: =IS!L9 -> -5650.25 | M22: =IS!M9 -> -5461 | N22: =IS!N9 -> -6158 | O22: =IS!O9 -> -5472 | P22: =IS!P9 -> -5316 | Q22: =IS!Q9 -> -5206 | R22: =IS!R9 -> -5945 | ... AL22: =IS!AL9 -> -5293.6076

Sheet Equity
G1: 42094 | H1: 42185 | I1: 42277 | J1: 42369 | K1: 42460 | L1: 42551 | M1: 42643 | N1: 42735 | O1: 42825 | P1: 42916 | Q1: 43008 | R1: 43100
B2: =WC!B2 -> Mondelez International, Inc. (MDLZ)
B3: Shareholder's Equity + Share Count/Dividends
B4: $000, Except Where Noted
C5: Annual Summary | G5: 2015 | K5: 2016 | O5: 2017
C6: 2015 | D6: =C6+1 -> 2016 | E6: =D6+1 -> 2017 | G6: 1 | H6: 2 | I6: 3 | J6: 4 | K6: 1 | L6: 2 | M6: 3 | N6: 4 | O6: 1 | P6: 2 | Q6: 3 | R6: 4
B7: Beginning Equity Balance | C7: =BS!F33 -> 27853 | D7: =BS!G33 -> 27650.196 | E7: =BS!H33 -> 27767.325 | G7: =BS!Z33 -> 27853 | H7: =G11 -> 27734.043 | I7: =H11 -> 27656.765 | J7: =I11 -> 27571.507 | K7: =J11 -> 27650.196 | L7: =K11 -> 27597.767 | M7: =L11 -> 27598.956 | N7: =M11 -> 27596.644 | O7: =N11 -> 27767.325 | ... R7: =Q11 -> 27804.126
B8: Net Income | C8: =IS!G23 -> 2596.0277 | D8: =IS!H23 -> 2752.8901 | E8: =IS!I23 -> 2919.0161 | G8: =IS!AA23 -> 583.64264 | H8: =IS!AB23 -> 623.35784 | I8: =IS!AC23 -> 613.46876 | J8: =IS!AD23 -> 775.55848 | K8: =IS!AE23 -> 608.97215 | L8: =IS!AF23 -> 660.9223 | M8: =IS!AG23 -> 655.79396 | N8: =IS!AH23 -> 827.20166 | ... R8: =IS!AL23 -> 874.26549
B9: Issuance / (Repurchase of) equity | C9: =C19 -> -1800 | D9: =D19 -> -1600 | E9: =E19 -> -1600 | G9: =G19 -> -450 | H9: =H19 -> -450 | I9: =I19 -> -450 | J9: =J19 -> -450 | K9: =K19 -> -400 | L9: =L19 -> -400 | M9: =M19 -> -400 | N9: =N19 -> -400 | ... R9: =R19 -> -400
B10: Dividends paid | C10: =SUM(G10:J10) -> -998.83221 | D10: =SUM(K10:N10) -> -1035.7608 | E10: =SUM(O10:R10) -> -1074.1517 | G10: =G27 -> -252.6 | H10: =H27 -> -250.63551 | I10: =I27 -> -248.72657 | J10: =J27 -> -246.87013 | K10: =K27 -> -261.40095 | L10: =L27 -> -259.73254 | M10: =M27 -> -258.10653 | N10: =N27 -> -256.5208 | ... R10: =R27 -> -266.20278
B11: Ending Equity Balance | C11: =SUM(C7:C10) -> 27650.196 | D11: =SUM(D7:D10) -> 27767.325 | E11: =SUM(E7:E10) -> 28012.189 | G11: =SUM(G7:G10) -> 27734.043 | H11: =SUM(H7:H10) -> 27656.765 | I11: =SUM(I7:I10) -> 27571.507 | J11: =SUM(J7:J10) -> 27650.196 | K11: =SUM(K7:K10) -> 27597.767 | L11: =SUM(L7:L10) -> 27598.956 | M11: =SUM(M7:M10) -> 27596.644 | N11: =SUM(N7:N10) -> 27767.325 | ... R11: =SUM(R7:R10) -> 28012.189
B13: Share Repurchase Assumptions
B14: Total Shares Issued | C14: =G14 -> 1997 | D14: =H14 -> 1997 | E14: =I14 -> 1997 | G14: 1997 | H14: 1997 | I14: 1997 | J14: 1997 | K14: 1997 | L14: 1997 | M14: 1997 | N14: 1997 | O14: 1997 | P14: 1997 | Q14: 1997 | R14: 1997
B15: Treasury Stock | C15: =J15 -> 371.19911 | D15: =N15 -> 413.74501 | E15: =R15 -> 451.10128 | G15: 333 | H15: =G15+G20 -> 346.09662 | I15: =H15+H20 -> 358.82287 | J15: =I15+I20 -> 371.19911 | K15: =J15+J20 -> 383.24407 | L15: =K15+K20 -> 393.6716 | M15: =L15+L20 -> 403.8342 | N15: =M15+M20 -> 413.74501 | O15: =N15+N20 -> 423.41619 | ... R15: =Q15+Q20 -> 451.10128
B16: Potential Dilution from Option Exercise | C16: =J16 -> 20 | D16: =N16 -> 20 | E16: =R16 -> 20 | G16: 20 | H16: 20 | I16: 20 | J16: 20 | K16: 20 | L16: 20 | M16: 20 | N16: 20 | O16: 20 | P16: 20 | Q16: 20 | R16: 20
B17: Shares Outstanding | C17: =J17 -> 1645.8009 | D17: =N17 -> 1603.255 | E17: =R17 -> 1565.8987 | G17: =G14-G15+G16 -> 1684 | H17: =H14-H15+H16 -> 1670.9034 | I17: =I14-I15+I16 -> 1658.1771 | J17: =J14-J15+J16 -> 1645.8009 | K17: =K14-K15+K16 -> 1633.7559 | L17: =L14-L15+L16 -> 1623.3284 | M17: =M14-M15+M16 -> 1613.1658 | N17: =N14-N15+N16 -> 1603.255 | ... R17: =R14-R15+R16 -> 1565.8987
B18: Average Share Price | C18: =AVERAGE(G18:J18) -> 35.86 | D18: =AVERAGE(K18:N18) -> 39.86 | E18: =AVERAGE(O18:R18) -> 43.86 | G18: =Summary!E6 -> 34.36 | H18: =G18+1 -> 35.36 | I18: =H18+1 -> 36.36 | J18: =I18+1 -> 37.36 | K18: =J18+1 -> 38.36 | L18: =K18+1 -> 39.36 | M18: =L18+1 -> 40.36 | N18: =M18+1 -> 41.36 | O18: =N18+1 -> 42.36 | ... R18: =Q18+1 -> 45.36
B19: Repurchases ($) | C19: =SUM(G19:J19) -> -1800 | D19: =SUM(K19:N19) -> -1600 | E19: =SUM(O19:R19) -> -1600 | G19: -450 | H19: =G19 -> -450 | I19: =H19 -> -450 | J19: =I19 -> -450 | K19: -400 | L19: =K19 -> -400 | M19: =L19 -> -400 | N19: =M19 -> -400 | O19: -400 | P19: =O19 -> -400 | Q19: =P19 -> -400 | R19: =Q19 -> -400
B20: Shares Repurchased (#) | C20: =SUM(G20:J20) -> 50.244074 | D20: =SUM(K20:N20) -> 40.172113 | E20: =SUM(O20:R20) -> 36.503438 | G20: =-G19/G18 -> 13.096624 | H20: =-H19/H18 -> 12.726244 | I20: =-I19/I18 -> 12.376238 | J20: =-J19/J18 -> 12.044968 | K20: =-K19/K18 -> 10.427529 | L20: =-L19/L18 -> 10.162602 | M20: =-M19/M18 -> 9.9108028 | N20: =-N19/N18 -> 9.6711799 | ... R20: =-R19/R18 -> 8.8183422
B21: Repurchase Authorization | C21: 0 | D21: 0 | E21: 0 | G21: =3115+G19 -> 2665 | H21: =G21+H19 -> 2215 | I21: =H21+I19 -> 1765 | J21: =I21+J19 -> 1315 | K21: =J21+K19 -> 915 | L21: =K21+L19 -> 515 | M21: =L21+M19 -> 115 | N21: =M21+N19 -> -285 | O21: =N21+O19 -> -685 | ... R21: =Q21+R19 -> -1885
B24: Dividend Assumptions
B25: Shares Outstanding | C25: =J25 -> 1645.8009 | D25: =N25 -> 1603.255 | E25: =R25 -> 1565.8987 | G25: =G17 -> 1684 | H25: =H17 -> 1670.9034 | I25: =I17 -> 1658.1771 | J25: =J17 -> 1645.8009 | K25: =K17 -> 1633.7559 | L25: =L17 -> 1623.3284 | M25: =M17 -> 1613.1658 | N25: =N17 -> 1603.255 | ... R25: =R17 -> 1565.8987
B26: Dividend per share | C26: =SUM(G26:J26) -> 0.6 | D26: =SUM(K26:N26) -> 0.64 | E26: =SUM(O26:R26) -> 0.68 | G26: 0.15 | H26: =G26 -> 0.15 | I26: =H26 -> 0.15 | J26: =I26 -> 0.15 | K26: 0.16 | L26: =K26 -> 0.16 | M26: =L26 -> 0.16 | N26: =M26 -> 0.16 | O26: 0.17 | P26: =O26 -> 0.17 | Q26: =P26 -> 0.17 | R26: =Q26 -> 0.17
B27: Total cash dividends paid | C27: =SUM(G27:J27) -> -998.83221 | D27: =SUM(K27:N27) -> -1035.7608 | E27: =SUM(O27:R27) -> -1074.1517 | G27: =-G26*G17 -> -252.6 | H27: =-H26*H17 -> -250.63551 | I27: =-I26*I17 -> -248.72657 | J27: =-J26*J17 -> -246.87013 | K27: =-K26*K17 -> -261.40095 | L27: =-L26*L17 -> -259.73254 | M27: =-M26*M17 -> -258.10653 | N27: =-N26*N17 -> -256.5208 | ... R27: =-R26*R17 -> -266.20278
B28: Net Income | C28: =C8 -> 2596.0277 | D28: =D8 -> 2752.8901 | E28: =E8 -> 2919.0161 | G28: =G8 -> 583.64264 | H28: =H8 -> 623.35784 | I28: =I8 -> 613.46876 | J28: =J8 -> 775.55848 | K28: =K8 -> 608.97215 | L28: =L8 -> 660.9223 | M28: =M8 -> 655.79396 | N28: =N8 -> 827.20166 | ... R28: =R8 -> 874.26549
B29: Dividend Payout Ratio | C29: =-C27/C28 -> 0.38475406 | D29: =-D27/D28 -> 0.37624489 | E29: =-E27/E28 -> 0.36798416 | G29: =-G27/G28 -> 0.43279908 | H29: =-H27/H28 -> 0.40207324 | I29: =-I27/I28 -> 0.40544293 | J29: =-J27/J28 -> 0.31831273 | K29: =-K27/K28 -> 0.42924943 | L29: =-L27/L28 -> 0.39298499 | M29: =-M27/M28 -> 0.39357869 | N29: =-N27/N28 -> 0.31010673 | ... R29: =-R27/R28 -> 0.30448735
B30: Dividend Growth Rate | C30: 0.071 | D30: =D26/C26-1 -> 0.066666667 | E30: =E26/D26-1 -> 0.0625 | G30: 0.071 | H30: =G30 -> 0.071 | I30: =H30 -> 0.071 | J30: 0.071 | K30: =K26/G26-1 -> 0.066666667 | L30: =L26/H26-1 -> 0.066666667 | M30: =M26/I26-1 -> 0.066666667 | N30: =N26/J26-1 -> 0.066666667 | O30: =O26/K26-1 -> 0.0625 | P30: =P26/L26-1 -> 0.0625 | Q30: =Q26/M26-1 -> 0.0625 | R30: =R26/N26-1 -> 0.0625

Sheet Debt
G1: 41851 | H1: 41943 | I1: 42035 | J1: 42124 | K1: 42216 | L1: 42308 | M1: 42400 | N1: 42490 | O1: 42582 | P1: 42674 | Q1: 42766 | R1: 42855
B2: =Equity!B2 -> Mondelez International, Inc. (MDLZ)
B3: Debt Schedule
B4: $000, Except Where Noted
C5: Annual Summary | G5: 2015 | K5: 2016 | O5: 2017
C6: 2015 | D6: =C6+1 -> 2016 | E6: =D6+1 -> 2017 | G6: 1 | H6: 2 | I6: 3 | J6: 4 | K6: 1 | L6: 2 | M6: 3 | N6: 4 | O6: 1 | P6: 2 | Q6: 3 | R6: 4
B7: Cash flow available for financing activities | C7: =CF!F21+CF!F27 -> 1920 | D7: =CF!G21+CF!G27 -> 3039.4703 | E7: =CF!H21+CF!H27 -> 2462.9058 | G7: =CF!AA21+CF!AA27 -> -296.75535 | H7: =CF!AB21+CF!AB27 -> 1019.9862 | I7: =CF!AC21+CF!AC27 -> 412.458 | J7: =CF!AD21+CF!AD27 -> 1903.7815 | K7: =CF!AE21+CF!AE27 -> -719.87519 | L7: =CF!AF21+CF!AF27 -> 916.54249 | M7: =CF!AG21+CF!AG27 -> 353.48675 | N7: =CF!AH21+CF!AH27 -> 1912.7517 | ... R7: =CF!AL21+CF!AL27 -> 1903.3753
B8: Proceeds from / (Repurchase of) equity | C8: =SUM(G8:J8) -> -1800 | D8: =SUM(K8:N8) -> -1600 | E8: =SUM(O8:R8) -> -1600 | G8: =Equity!G9 -> -450 | H8: =Equity!H9 -> -450 | I8: =Equity!I9 -> -450 | J8: =Equity!J9 -> -450 | K8: =Equity!K9 -> -400 | L8: =Equity!L9 -> -400 | M8: =Equity!M9 -> -400 | N8: =Equity!N9 -> -400 | ... R8: =Equity!R9 -> -400
B9: Dividends | C9: =Equity!C10 -> -998.83221 | D9: =Equity!D10 -> -1035.7608 | E9: =Equity!E10 -> -1074.1517 | G9: =Equity!G10 -> -252.6 | H9: =Equity!H10 -> -250.63551 | I9: =Equity!I10 -> -248.72657 | J9: =Equity!J10 -> -246.87013 | K9: =Equity!K10 -> -261.40095 | L9: =Equity!L10 -> -259.73254 | M9: =Equity!M10 -> -258.10653 | N9: =Equity!N10 -> -256.5208 | ... R9: =Equity!R10 -> -266.20278
B10: Plus: beginning cash balance | C10: n.a | D10: n.a | E10: n.a | G10: =CF!AA39 -> 1631 | H10: =CF!AB39 -> 1000 | I10: =CF!AC39 -> 1000 | J10: =CF!AD39 -> 1000 | K10: =CF!AE39 -> 1000 | L10: =CF!AF39 -> 1000 | M10: =CF!AG39 -> 1000 | N10: =CF!AH39 -> 1000 | ... R10: =CF!AL39 -> 1000
B11: Less: minimum cash balance | C11: n.a | D11: n.a | E11: n.a | G11: -1000 | H11: -1000 | I11: -1000 | J11: -1000 | K11: -1000 | L11: -1000 | M11: -1000 | N11: -1000 | O11: -1000 | P11: -1000 | Q11: -1000 | R11: -1000
B12: Cash available for revolver | C12: n.a | D12: n.a | E12: n.a | G12: =SUM(G7:G11) -> -368.35535 | H12: =SUM(H7:H11) -> 319.35066 | I12: =SUM(I7:I11) -> -286.26857 | J12: =SUM(J7:J11) -> 1206.9114 | K12: =SUM(K7:K11) -> -1381.2761 | L12: =SUM(L7:L11) -> 256.80995 | M12: =SUM(M7:M11) -> -304.61978 | N12: =SUM(N7:N11) -> 1256.2309 | ... R12: =SUM(R7:R11) -> 1237.1725
B13: Optional revolver pay-down | C13: n.a | D13: n.a | E13: n.a | G13: =-MAX(0,MIN(G16,SUM(G12),F19)) -> 0 | H13: =-MAX(0,MIN(H16,SUM(H12),G19)) -> -319.35066 | I13: =-MAX(0,MIN(I16,SUM(I12),H19)) -> 0 | J13: =-MAX(0,MIN(J16,SUM(J12),I19)) -> -1206.9114 | K13: =-MAX(0,MIN(K16,SUM(K12),J19)) -> 0 | L13: =-MAX(0,MIN(L16,SUM(L12),K19)) -> -256.80995 | M13: =-MAX(0,MIN(M16,SUM(M12),L19)) -> 0 | N13: =-MAX(0,MIN(N16,SUM(N12),M19)) -> -1256.2309 | ... R13: =-MAX(0,MIN(R16,SUM(R12),Q19)) -> -1237.1725
B15: Credit Facility
B16: Beginning balance | C16: n.a | D16: =K16 -> 752.71254 | E16: =O16 -> 925.56757 | G16: =BS!Z23 -> 1305 | H16: =G19 -> 1673.3553 | I16: =H19 -> 1673.3553 | J16: =I19 -> 1959.6239 | K16: =J19 -> 752.71254 | L16: =K19 -> 2133.9887 | M16: =L19 -> 1877.1787 | N16: =M19 -> 2181.7985 | O16: =N19 -> 925.56757 | ... R16: =Q19 -> 2588.4892
B17: (+) Revolver draw-down | C17: n.a | D17: =SUM(K17:N17) -> 1685.8959 | E17: =SUM(O17:R17) -> 1886.0727 | G17: =MIN(MAX(0,-G12),G20-G16) -> 368.35535 | H17: =MIN(MAX(0,-H12),H20-H16) -> 0 | I17: =MIN(MAX(0,-I12),I20-I16) -> 286.26857 | J17: =MIN(MAX(0,-J12),J20-J16) -> 0 | K17: =MIN(MAX(0,-K12),K20-K16) -> 1381.2761 | L17: =MIN(MAX(0,-L12),L20-L16) -> 0 | M17: =MIN(MAX(0,-M12),M20-M16) -> 304.61978 | N17: =MIN(MAX(0,-N12),N20-N16) -> 0 | ... R17: =MIN(MAX(0,-R12),R20-R16) -> 0
B18: (-) Revolver pay-down | C18: n.a | D18: =SUM(K18:N18) -> -1513.0409 | E18: =SUM(O18:R18) -> -1460.3236 | G18: =G13 -> 0 | H18: =H13 -> -319.35066 | I18: =I13 -> 0 | J18: =J13 -> -1206.9114 | K18: =K13 -> 0 | L18: =L13 -> -256.80995 | M18: =M13 -> 0 | N18: =N13 -> -1256.2309 | ... R18: =R13 -> -1237.1725
B19: Ending balance | C19: n.a | D19: =N19 -> 925.56757 | E19: =R19 -> 1351.3167 | G19: =SUM(G16:G17) -> 1673.3553 | H19: =SUM(H16:H17) -> 1673.3553 | I19: =SUM(I16:I17) -> 1959.6239 | J19: =SUM(J16:J18) -> 752.71254 | K19: =SUM(K16:K18) -> 2133.9887 | L19: =SUM(L16:L18) -> 1877.1787 | M19: =SUM(M16:M18) -> 2181.7985 | N19: =SUM(N16:N18) -> 925.56757 | O19: =SUM(O16:O18) -> 2443.6045 | P19: =SUM(P16:P18) -> 2220.4534 | Q19: =SUM(Q16:Q18) -> 2588.4892 | R19: =SUM(R16:R18) -> 1351.3167
B20: Bank Revolver Commitment | C20: n.a | D20: =N20 -> 4500 | E20: =R20 -> 4500 | G20: 4500 | H20: 4500 | I20: 4500 | J20: 4500 | K20: 4500 | L20: 4500 | M20: 4500 | N20: 4500 | O20: 4500 | P20: 4500 | Q20: 4500 | R20: 4500
B21: Undrawn Revolver Balance | C21: n.a | D21: =N21 -> 3574.4324 | E21: =R21 -> 3148.6833 | G21: =G20-G19 -> 2826.6447 | H21: =H20-H19 -> 2826.6447 | I21: =I20-I19 -> 2540.3761 | J21: =J20-J19 -> 3747.2875 | K21: =K20-K19 -> 2366.0113 | L21: =L20-L19 -> 2622.8213 | M21: =M20-M19 -> 2318.2015 | N21: =N20-N19 -> 3574.4324 | ... R21: =R20-R19 -> 3148.6833

Sheet DCF
B2: =Equity!B2 -> Mondelez International, Inc. (MDLZ)
B3: Discounted Cash Flow Valuation
B4: $000, Except Where Noted
B6: Summary Financials | C6: 2014A | D6: 2015E | E6: 2016E | F6: 2017E | G6: 2018E | H6: 2019E | I6: 2020E
B7: Net Sales | C7: =IS!F7 -> 34244 | D7: =IS!G7 -> 30650.965 | E7: =IS!H7 -> 31331.187 | F7: =IS!I7 -> 32408.694 | G7: =F7*(1+G30) -> 33380.954 | H7: =G7*(1+H30) -> 34382.383 | I7: =H7*(1+I30) -> 35413.854
B8: EBIT | C8: =IS!F16 -> 4416 | D8: =IS!G16 -> 4105.0346 | E8: =IS!H16 -> 4276.1126 | F8: =IS!I16 -> 4483.7701 | G8: =G7*G31 -> 4673.3336 | H8: =H7*H31 -> 4899.4896 | I8: =I7*I31 -> 5135.0089
B9: Less: Taxes | C9: =IS!F21 -> -577 | D9: =IS!G21 -> -656.00693 | E9: =IS!H21 -> -695.22252 | F9: =IS!I21 -> -736.75401 | G9: =-G8*G34 -> -934.66672 | H9: =-H8*H34 -> -979.89791 | I9: =-I8*I34 -> -1027.0018
B10: Add: D&A | C10: =CF!F9 -> 1059 | D10: =CF!F9 -> 1059 | E10: =E32*E7 -> 1082.5019 | F10: =F32*F7 -> 1119.73 | G10: =G32*G7 -> 1168.3334 | H10: =H32*H7 -> 1203.3834 | I10: =I32*I7 -> 1239.4849
B11: Less: Capex | C11: =CF!F23 -> -1642 | D11: =CF!G43 -> -2839.0579 | E11: =CF!H43 -> -2042.4745 | F11: =CF!I43 -> -2344.5216 | G11: =-G7*G33 -> -2002.8573 | H11: =-H7*H33 -> -1891.0311 | I11: =-I7*I33 -> -1770.6927
B12: Change in Working Capital | D12: =CF!G17 -> 362.97155 | E12: =CF!H17 -> 12.554583 | F12: =CF!I17 -> -98.352676 | G12: 100 | H12: =G12 -> 100 | I12: =H12 -> 100
B13: Free Cash Flow to Firm | C13: =SUM(C8:C12) -> 3256 | D13: =SUM(D8:D12) -> 2031.9414 | E13: =SUM(E8:E12) -> 2633.4721 | F13: =SUM(F8:F12) -> 2423.8718 | G13: =SUM(G8:G12) -> 3004.143 | H13: =SUM(H8:H12) -> 3331.944 | I13: =SUM(I8:I12) -> 3676.7993
B15: Period | D15: 1 | E15: 2 | F15: 3 | G15: 4 | H15: 5 | I15: 6
B16: Discount Rate | D16: 0.07 | E16: =D16 -> 0.07 | F16: =E16 -> 0.07 | G16: =F16 -> 0.07 | H16: =G16 -> 0.07 | I16: =H16 -> 0.07
B17: Discount Factor | D17: =1/(1+D16)^D15 -> 0.93457944 | E17: =1/(1+E16)^E15 -> 0.87343873 | F17: =1/(1+F16)^F15 -> 0.81629788 | G17: =1/(1+G16)^G15 -> 0.76289521 | H17: =1/(1+H16)^H15 -> 0.71298618 | I17: =1/(1+I16)^I15 -> 0.66634222
B18: Discounted Cash Flows | D18: =D13*D17 -> 1899.0106 | E18: =E13*E17 -> 2300.1765 | F18: =F13*F17 -> 1978.6014 | G18: =G13*G17 -> 2291.8463 | H18: =H13*H17 -> 2375.63 | I18: =I13*I17 -> 2450.0066
B19: Terminal Growth Rate | I19: 0.025
B20: Terminal Value | I20: =I13/(I16-I19) -> 81706.651
B22: NPV: Discounted Cash Flows | C22: =SUM(D18:I18) -> 13295.272
B23: NPV: Terminal Value | C23: =I20*I17 -> 54444.592
B24: Enterprise Value | C24: =SUM(C22:C23) -> 67739.863
B25: Less: Net Debt | C25: =BS!I39 -> 14395
B26: Shares Outstanding (m) | C26: 1600
B27: Price per Share | C27: =(C24-C25)/C26 -> 33.340539
B29: Assumptions | C29: 2014A | D29: 2015E | E29: 2016E | F29: 2017E | G29: 2018E | H29: 2019E | I29: 2020E
B30: Revenue Growth | C30: =IS!F8 -> -0.029887532 | D30: =D7/C7-1 -> -0.10492451 | E30: =E7/D7-1 -> 0.0221925 | F30: =F7/E7-1 -> 0.034390877 | G30: 0.03 | H30: 0.03 | I30: 0.03
B31: Operating Margin | C31: =IS!F30 -> 0.1289569 | D31: =D8/D7 -> 0.1339284 | E31: =E8/E7 -> 0.13648103 | F31: =F8/F7 -> 0.13835084 | G31: 0.14 | H31: 0.1425 | I31: 0.145
B32: D&A (% of Sales) | C32: =IS!F34 -> 0.030925126 | D32: =D10/D7 -> 0.034550299 | E32: =E10/E7 -> 0.034550299 | F32: =F10/F7 -> 0.034550299 | G32: 0.035 | H32: 0.035 | I32: 0.035
B33: Capex (% of Sales) | C33: =IS!F35 -> 0.047950006 | D33: =-D11/D7 -> 0.0926254 | E33: =-E11/E7 -> 0.065189822 | F33: =-F11/F7 -> 0.072342367 | G33: 0.06 | H33: 0.055 | I33: 0.05
B34: Tax Rate | C34: =IS!F33 -> 0.1605007 | D34: 0.2 | E34: =D34 -> 0.2 | F34: =E34 -> 0.2 | G34: 0.2 | H34: 0.2 | I34: 0.2

Sheet Sensitivity
B2: =M2 -> Mondelez International, Inc. (MDLZ) | M2: =Equity!B2 -> Mondelez International, Inc. (MDLZ)
B3: Sensitivity Analysis | M3: Sensitivity Analysis
D4: 2015 Earnings Multiple | M4: $000, Except Where Noted
D5: 18 | E5: =D5+1 -> 19 | F5: =E5+1 -> 20 | G5: =F5+1 -> 21 | H5: =G5+1 -> 22 | I5: =H5+1 -> 23 | J5: =I5+1 -> 24 | N5: Annual Summary
C6: =C7-0.05 -> 1.410848 | D6: =$C6*D5 -> 25.395263 | E6: =$C6*E5 -> 26.806111 | F6: =$C6*F5 -> 28.216959 | G6: =$C6*G5 -> 29.627807 | H6: =$C6*H5 -> 31.038655 | I6: =$C6*I5 -> 32.449503 | J6: =$C6*J5 -> 33.860351 | N6: 2015 | O6: =N6+1 -> 2016 | P6: =O6+1 -> 2017
C7: =C8-0.05 -> 1.460848 | D7: =$C7*D5 -> 26.295263 | E7: =$C7*E5 -> 27.756111 | F7: =$C7*F5 -> 29.216959 | G7: =$C7*G5 -> 30.677807 | H7: =$C7*H5 -> 32.138655 | I7: =$C7*I5 -> 33.599503 | J7: =$C7*J5 -> 35.060351 | M7: Earnings per Share | N7: =IS!G25 -> 1.560848 | O7: =IS!H25 -> 1.7023614 | P7: =IS!I25 -> 1.84922
C8: =C9-0.05 -> 1.510848 | D8: =$C8*D5 -> 27.195263 | E8: =$C8*E5 -> 28.706111 | F8: =$C8*F5 -> 30.216959 | G8: =$C8*G5 -> 31.727807 | H8: =$C8*H5 -> 33.238655 | I8: =$C8*I5 -> 34.749503 | J8: =$C8*J5 -> 36.260351 | M8: EBITDA | N8: =IS!G18 -> 5024.5636 | O8: =IS!H18 -> 5216.0482 | P8: =IS!I18 -> 5456.0309
B9: 2015 EPS: | C9: =N7 -> 1.560848 | D9: =$C9*D5 -> 28.095263 | E9: =$C9*E5 -> 29.656111 | F9: =$C9*F5 -> 31.216959 | G9: =$C9*G5 -> 32.777807 | H9: =$C9*H5 -> 34.338655 | I9: =$C9*I5 -> 35.899503 | J9: =$C9*J5 -> 37.460351
C10: =C9+0.05 -> 1.610848 | D10: =$C10*D5 -> 28.995263 | E10: =$C10*E5 -> 30.606111 | F10: =$C10*F5 -> 32.216959 | G10: =$C10*G5 -> 33.827807 | H10: =$C10*H5 -> 35.438655 | I10: =$C10*I5 -> 37.049503 | J10: =$C10*J5 -> 38.660351 | M10: Cash From Operations | N10: =CF!G21 -> 3878.5282 | O10: =CF!H21 -> 3705.3803 | P10: =CF!I21 -> 3792.9242
C11: =C10+0.05 -> 1.660848 | D11: =$C11*D5 -> 29.895263 | E11: =$C11*E5 -> 31.556111 | F11: =$C11*F5 -> 33.216959 | G11: =$C11*G5 -> 34.877807 | H11: =$C11*H5 -> 36.538655 | I11: =$C11*I5 -> 38.199503 | J11: =$C11*J5 -> 39.860351 | M11: Less: Capex/Restructuring Costs | N11: =CF!G43 -> -2839.0579 | O11: =CF!H43 -> -2042.4745 | P11: =CF!I43 -> -2344.5216
C12: =C11+0.05 -> 1.710848 | D12: =$C12*D5 -> 30.795263 | E12: =$C12*E5 -> 32.506111 | F12: =$C12*F5 -> 34.216959 | G12: =$C12*G5 -> 35.927807 | H12: =$C12*H5 -> 37.638655 | I12: =$C12*I5 -> 39.349503 | J12: =$C12*J5 -> 41.060351 | M12: Add: After-Tax Interest Expense | N12: =IS!G19*(1-IS!G33) -> -660 | O12: =IS!H19*(1-IS!H33) -> -640 | P12: =IS!I19*(1-IS!I33) -> -640
C13: =C12+0.05 -> 1.760848 | D13: =$C13*D5 -> 31.695263 | E13: =$C13*E5 -> 33.456111 | F13: =$C13*F5 -> 35.216959 | G13: =$C13*G5 -> 36.977807 | H13: =$C13*H5 -> 38.738655 | I13: =$C13*I5 -> 40.499503 | J13: =$C13*J5 -> 42.260351 | M13: Unlevered Free Cash Flow | N13: =N10+N11-N12 -> 1699.4703 | O13: =O10+O11-O12 -> 2302.9058 | P13: =P10+P11-P12 -> 2088.4026
F15: Shares Outstanding | H15: =IS!G24 -> 1664.7204
F16: Net Debt | H16: =BS!G39 -> 14395
D18: 2015 EBITDA Multiple | M18: EBITDA | N18: =N8 -> 5024.5636 | O18: =O8 -> 5216.0482 | P18: =P8 -> 5456.0309
D19: 10.5 | E19: =D19+1 -> 11.5 | F19: =E19+1 -> 12.5 | G19: =F19+1 -> 13.5 | H19: =G19+1 -> 14.5 | I19: =H19+1 -> 15.5 | J19: =I19+1 -> 16.5 | M19: Less: Capex | N19: =N11 -> -2839.0579 | O19: =O11 -> -2042.4745 | P19: =P11 -> -2344.5216
C20: =C21-50 -> 4824.5636 | D20: =(($C20*D19)-$H$16)/$H$15 -> 21.783189 | E20: =(($C20*E19)-$H$16)/$H$15 -> 24.681311 | F20: =(($C20*F19)-$H$16)/$H$15 -> 27.579434 | G20: =(($C20*G19)-$H$16)/$H$15 -> 30.477557 | H20: =(($C20*H19)-$H$16)/$H$15 -> 33.375679 | I20: =(($C20*I19)-$H$16)/$H$15 -> 36.273802 | J20: =(($C20*J19)-$H$16)/$H$15 -> 39.171924 | M20: Less: WC | N20: =CF!G17 -> 362.97155 | O20: =CF!H17 -> 12.554583 | P20: =CF!I17 -> -98.352676
C21: =C22-50 -> 4874.5636 | D21: =(($C21*D19)-$H$16)/$H$15 -> 22.098557 | E21: =(($C21*E19)-$H$16)/$H$15 -> 25.026715 | F21: =(($C21*F19)-$H$16)/$H$15 -> 27.954872 | G21: =(($C21*G19)-$H$16)/$H$15 -> 30.88303 | H21: =(($C21*H19)-$H$16)/$H$15 -> 33.811188 | I21: =(($C21*I19)-$H$16)/$H$15 -> 36.739345 | J21: =(($C21*J19)-$H$16)/$H$15 -> 39.667503 | M21: Less: Taxes | N21: =IS!G21 -> -656.00693 | O21: =IS!H21 -> -695.22252 | P21: =IS!I21 -> -736.75401
C22: =C23-50 -> 4924.5636 | D22: =(($C22*D19)-$H$16)/$H$15 -> 22.413925 | E22: =(($C22*E19)-$H$16)/$H$15 -> 25.372118 | F22: =(($C22*F19)-$H$16)/$H$15 -> 28.330311 | G22: =(($C22*G19)-$H$16)/$H$15 -> 31.288504 | H22: =(($C22*H19)-$H$16)/$H$15 -> 34.246696 | I22: =(($C22*I19)-$H$16)/$H$15 -> 37.204889 | J22: =(($C22*J19)-$H$16)/$H$15 -> 40.163082 | M22: Unlevered FCF (alternate) | N22: =SUM(N18:N21) -> 1892.4703 | O22: =SUM(O18:O21) -> 2490.9058 | P22: =SUM(P18:P21) -> 2276.4026
C23: =C24-50 -> 4974.5636 | D23: =(($C23*D19)-$H$16)/$H$15 -> 22.729294 | E23: =(($C23*E19)-$H$16)/$H$15 -> 25.717521 | F23: =(($C23*F19)-$H$16)/$H$15 -> 28.705749 | G23: =(($C23*G19)-$H$16)/$H$15 -> 31.693977 | H23: =(($C23*H19)-$H$16)/$H$15 -> 34.682205 | I23: =(($C23*I19)-$H$16)/$H$15 -> 37.670433 | J23: =(($C23*J19)-$H$16)/$H$15 -> 40.65866
B24: 2015 EBITDA: | C24: =N8 -> 5024.5636 | D24: =(($C24*D19)-$H$16)/$H$15 -> 23.044662 | E24: =(($C24*E19)-$H$16)/$H$15 -> 26.062925 | F24: =(($C24*F19)-$H$16)/$H$15 -> 29.081188 | G24: =(($C24*G19)-$H$16)/$H$15 -> 32.099451 | H24: =(($C24*H19)-$H$16)/$H$15 -> 35.117713 | I24: =(($C24*I19)-$H$16)/$H$15 -> 38.135976 | J24: =(($C24*J19)-$H$16)/$H$15 -> 41.154239
C25: =C24+50 -> 5074.5636 | D25: =(($C25*D19)-$H$16)/$H$15 -> 23.36003 | E25: =(($C25*E19)-$H$16)/$H$15 -> 26.408328 | F25: =(($C25*F19)-$H$16)/$H$15 -> 29.456626 | G25: =(($C25*G19)-$H$16)/$H$15 -> 32.504924 | H25: =(($C25*H19)-$H$16)/$H$15 -> 35.553222 | I25: =(($C25*I19)-$H$16)/$H$15 -> 38.60152 | J25: =(($C25*J19)-$H$16)/$H$15 -> 41.649818
C26: =C25+50 -> 5124.5636 | D26: =(($C26*D19)-$H$16)/$H$15 -> 23.675399 | E26: =(($C26*E19)-$H$16)/$H$15 -> 26.753732 | F26: =(($C26*F19)-$H$16)/$H$15 -> 29.832065 | G26: =(($C26*G19)-$H$16)/$H$15 -> 32.910398 | H26: =(($C26*H19)-$H$16)/$H$15 -> 35.988731 | I26: =(($C26*I19)-$H$16)/$H$15 -> 39.067064 | J26: =(($C26*J19)-$H$16)/$H$15 -> 42.145397
C27: =C26+50 -> 5174.5636 | D27: =(($C27*D19)-$H$16)/$H$15 -> 23.990767 | E27: =(($C27*E19)-$H$16)/$H$15 -> 27.099135 | F27: =(($C27*F19)-$H$16)/$H$15 -> 30.207503 | G27: =(($C27*G19)-$H$16)/$H$15 -> 33.315871 | H27: =(($C27*H19)-$H$16)/$H$15 -> 36.424239 | I27: =(($C27*I19)-$H$16)/$H$15 -> 39.532607 | J27: =(($C27*J19)-$H$16)/$H$15 -> 42.640975
C28: =C27+50 -> 5224.5636 | D28: =(($C28*D19)-$H$16)/$H$15 -> 24.306135 | E28: =(($C28*E19)-$H$16)/$H$15 -> 27.444538 | F28: =(($C28*F19)-$H$16)/$H$15 -> 30.582941 | G28: =(($C28*G19)-$H$16)/$H$15 -> 33.721345 | H28: =(($C28*H19)-$H$16)/$H$15 -> 36.859748 | I28: =(($C28*I19)-$H$16)/$H$15 -> 39.998151 | J28: =(($C28*J19)-$H$16)/$H$15 -> 43.136554
D31: 2015 Free Cash Flow Multiple
D32: 25 | E32: =D32+3 -> 28 | F32: =E32+3 -> 31 | G32: =F32+3 -> 34 | H32: =G32+3 -> 37 | I32: =H32+3 -> 40 | J32: =I32+3 -> 43
C33: =C34-50 -> 1499.4703 | D33: =(($C33*D32)-$H$16)/$H$15 -> 13.871254 | E33: =(($C33*E32)-$H$16)/$H$15 -> 16.573456 | F33: =(($C33*F32)-$H$16)/$H$15 -> 19.275658 | G33: =(($C33*G32)-$H$16)/$H$15 -> 21.97786 | H33: =(($C33*H32)-$H$16)/$H$15 -> 24.680062 | I33: =(($C33*I32)-$H$16)/$H$15 -> 27.382264 | J33: =(($C33*J32)-$H$16)/$H$15 -> 30.084467
C34: =C35-50 -> 1549.4703 | D34: =(($C34*D32)-$H$16)/$H$15 -> 14.62213 | E34: =(($C34*E32)-$H$16)/$H$15 -> 17.414438 | F34: =(($C34*F32)-$H$16)/$H$15 -> 20.206745 | G34: =(($C34*G32)-$H$16)/$H$15 -> 22.999053 | H34: =(($C34*H32)-$H$16)/$H$15 -> 25.79136 | I34: =(($C34*I32)-$H$16)/$H$15 -> 28.583667 | J34: =(($C34*J32)-$H$16)/$H$15 -> 31.375975
C35: =C36-50 -> 1599.4703 | D35: =(($C35*D32)-$H$16)/$H$15 -> 15.373007 | E35: =(($C35*E32)-$H$16)/$H$15 -> 18.25542 | F35: =(($C35*F32)-$H$16)/$H$15 -> 21.137833 | G35: =(($C35*G32)-$H$16)/$H$15 -> 24.020245 | H35: =(($C35*H32)-$H$16)/$H$15 -> 26.902658 | I35: =(($C35*I32)-$H$16)/$H$15 -> 29.78507 | J35: =(($C35*J32)-$H$16)/$H$15 -> 32.667483
C36: =C37-50 -> 1649.4703 | D36: =(($C36*D32)-$H$16)/$H$15 -> 16.123884 | E36: =(($C36*E32)-$H$16)/$H$15 -> 19.096402 | F36: =(($C36*F32)-$H$16)/$H$15 -> 22.06892 | G36: =(($C36*G32)-$H$16)/$H$15 -> 25.041438 | H36: =(($C36*H32)-$H$16)/$H$15 -> 28.013956 | I36: =(($C36*I32)-$H$16)/$H$15 -> 30.986473 | J36: =(($C36*J32)-$H$16)/$H$15 -> 33.958991
B37: 2015 FCF: | C37: =N13 -> 1699.4703 | D37: =(($C37*D32)-$H$16)/$H$15 -> 16.874761 | E37: =(($C37*E32)-$H$16)/$H$15 -> 19.937384 | F37: =(($C37*F32)-$H$16)/$H$15 -> 23.000007 | G37: =(($C37*G32)-$H$16)/$H$15 -> 26.06263 | H37: =(($C37*H32)-$H$16)/$H$15 -> 29.125253 | I37: =(($C37*I32)-$H$16)/$H$15 -> 32.187876 | J37: =(($C37*J32)-$H$16)/$H$15 -> 35.2505
C38: =C37+50 -> 1749.4703 | D38: =(($C38*D32)-$H$16)/$H$15 -> 17.625638 | E38: =(($C38*E32)-$H$16)/$H$15 -> 20.778366 | F38: =(($C38*F32)-$H$16)/$H$15 -> 23.931095 | G38: =(($C38*G32)-$H$16)/$H$15 -> 27.083823 | H38: =(($C38*H32)-$H$16)/$H$15 -> 30.236551 | I38: =(($C38*I32)-$H$16)/$H$15 -> 33.389279 | J38: =(($C38*J32)-$H$16)/$H$15 -> 36.542008
C39: =C38+50 -> 1799.4703 | D39: =(($C39*D32)-$H$16)/$H$15 -> 18.376515 | E39: =(($C39*E32)-$H$16)/$H$15 -> 21.619348 | F39: =(($C39*F32)-$H$16)/$H$15 -> 24.862182 | G39: =(($C39*G32)-$H$16)/$H$15 -> 28.105015 | H39: =(($C39*H32)-$H$16)/$H$15 -> 31.347849 | I39: =(($C39*I32)-$H$16)/$H$15 -> 34.590682 | J39: =(($C39*J32)-$H$16)/$H$15 -> 37.833516
C40: =C39+50 -> 1849.4703 | D40: =(($C40*D32)-$H$16)/$H$15 -> 19.127392 | E40: =(($C40*E32)-$H$16)/$H$15 -> 22.46033 | F40: =(($C40*F32)-$H$16)/$H$15 -> 25.793269 | G40: =(($C40*G32)-$H$16)/$H$15 -> 29.126208 | H40: =(($C40*H32)-$H$16)/$H$15 -> 32.459147 | I40: =(($C40*I32)-$H$16)/$H$15 -> 35.792085 | J40: =(($C40*J32)-$H$16)/$H$15 -> 39.125024
C41: =C40+50 -> 1899.4703 | D41: =(($C41*D32)-$H$16)/$H$15 -> 19.878268 | E41: =(($C41*E32)-$H$16)/$H$15 -> 23.301312 | F41: =(($C41*F32)-$H$16)/$H$15 -> 26.724356 | G41: =(($C41*G32)-$H$16)/$H$15 -> 30.1474 | H41: =(($C41*H32)-$H$16)/$H$15 -> 33.570444 | I41: =(($C41*I32)-$H$16)/$H$15 -> 36.993488 | J41: =(($C41*J32)-$H$16)/$H$15 -> 40.416532

Sheet Holders
B2: =Debt!B2 -> Mondelez International, Inc. (MDLZ)
B3: Top Holders
B5: Holder | C5: Amount (mm) | D5: % of Shares Out | E5: Market Value (mm) | F5: Q/Q Change in Shares | G5: % Change | H5: Position Date
B6: BlackRock, Inc. (NYSE:BLK) | C6: 96534640 | D6: 0.05852 | E6: 3378.7 | F6: -9036283 | G6: -0.0856 | H6: 42004
B7: The Vanguard Group, Inc. | C7: 85272925 | D7: 0.0517 | E7: 2984.6 | F7: 2709907 | G7: 0.0328 | H7: 42004
B8: State Street Global Advisors, Inc. | C8: 77541976 | D8: 0.04701 | E8: 2714 | F8: 3245401 | G8: 0.0437 | H8: 42004
B9: Trian Fund Management, L.P. | C9: 48018409 | D9: 0.02911 | E9: 1680.6 | F9: 1719384 | G9: 0.0371 | H9: 42067
B10: Wellington Management Company LLP | C10: 44238445 | D10: 0.02682 | E10: 1548.3 | F10: 7126684 | G10: 0.192 | H10: 42004
B11: Prudential Investment Management, Inc. | C11: 33181242 | D11: 0.02012 | E11: 1161.3 | F11: -632249 | G11: -0.0187 | H11: 42004
B12: Invesco Ltd. (NYSE:IVZ) | C12: 32700884 | D12: 0.01983 | E12: 1144.5 | F12: -2098149 | G12: -0.0603 | H12: 42004
B13: Capital Research and Management Company | C13: 32417400 | D13: 0.01965 | E13: 1134.6 | F13: -1258000 | G13: -0.0374 | H13: 42004
B14: Southeastern Asset Management, Inc. | C14: 26741181 | D14: 0.01621 | E14: 935.9 | F14: -3901245 | G14: -0.1273 | H14: 42004
B15: Northern Trust Global Investments | C15: 25035599 | D15: 0.01518 | E15: 876.2 | F15: 333272 | G15: 0.0135 | H15: 42004
B16: BNY Mellon Asset Management | C16: 24799193 | D16: 0.01503 | E16: 868 | F16: -1416059 | G16: -0.054 | H16: 42004
B17: Fidelity Investments | C17: 24206546 | D17: 0.01468 | E17: 847.2 | F17: -4136141 | G17: -0.1459 | H17: 42004
... B25: Viking Global Investors L.P. | C25: 14237306 | D25: 0.00863 | E25: 498.3 | F25: 2984409 | G25: 0.2652 | H25: 42004

Sheet Returns
B2: =Holders!B2 -> Mondelez International, Inc. (MDLZ)
B3: Annual Returns Analysis
B4: $000, Except Where Noted | C4: Annual Summary
C5: 2011 | D5: =+C5+1 -> 2012 | E5: =+D5+1 -> 2013 | F5: =+E5+1 -> 2014 | G5: =+F5+1 -> 2015 | H5: =+G5+1 -> 2016 | I5: =+H5+1 -> 2017
B6: Net Income | C6: =IS!C23 -> 2452 | D6: =IS!D23 -> 2548 | E6: =IS!E23 -> 2793 | F6: =IS!F23 -> 3001 | G6: =IS!G23 -> 2596.0277 | H6: =IS!H23 -> 2752.8901 | I6: =IS!I23 -> 2919.0161
B7: Shareholder's Equity | C7: =BS!C33 -> 35217 | D7: =BS!D33 -> 32215 | E7: =BS!E33 -> 32373 | F7: =BS!F33 -> 27853 | G7: =BS!G33 -> 27650.196 | H7: =BS!H33 -> 27767.325 | I7: =BS!I33 -> 28012.189
B8: Return on Equity | C8: =C6/C7 -> 0.069625465 | D8: =D6/D7 -> 0.07909359 | E8: =E6/E7 -> 0.0862756 | F8: =F6/F7 -> 0.10774423 | G8: =G6/G7 -> 0.093888223 | H8: =H6/H7 -> 0.09914135 | I8: =I6/I7 -> 0.10420521
B10: Operating Income | C10: =IS!C16 -> 4097 | D10: =IS!D16 -> 4293 | E10: =IS!E16 -> 4271 | F10: =IS!F16 -> 4416 | G10: =IS!G16 -> 4105.0346 | H10: =IS!H16 -> 4276.1126 | I10: =IS!I16 -> 4483.7701
B11: Less: Taxes | C11: =IS!C21 -> -317 | D11: =IS!D21 -> -625 | E11: =IS!E21 -> -442 | F11: =IS!F21 -> -577 | G11: =IS!G21 -> -656.00693 | H11: =IS!H21 -> -695.22252 | I11: =IS!I21 -> -736.75401
B12: NOPAT: | C12: =SUM(C10:C11) -> 3780 | D12: =SUM(D10:D11) -> 3668 | E12: =SUM(E10:E11) -> 3829 | F12: =SUM(F10:F11) -> 3839 | G12: =SUM(G10:G11) -> 3449.0277 | H12: =SUM(H10:H11) -> 3580.8901 | I12: =SUM(I10:I11) -> 3747.0161
B14: ROIC:
B15: Shareholder's Equity | C15: =C7 -> 35217 | D15: =D7 -> 32215 | E15: =E7 -> 32373 | F15: =F7 -> 27853 | G15: =G7 -> 27650.196 | H15: =H7 -> 27767.325 | I15: =I7 -> 28012.189
B16: Cash & Equivalents | C16: =BS!C8 -> 1974 | D16: =BS!D8 -> 4475 | E16: =BS!E8 -> 2664 | F16: =BS!F8 -> 1631 | G16: =BS!G8 -> 1000 | H16: =BS!H8 -> 1000 | I16: =BS!I8 -> 1000
B17: Total Debt | C17: =BS!C38 -> 26749 | D17: =BS!D38 -> 19151 | E17: =BS!E38 -> 15485 | F17: =BS!F38 -> 15395 | G17: =BS!G38 -> 15395 | H17: =BS!H38 -> 15395 | I17: =BS!I38 -> 15395
B18: Net Debt | C18: =C17-C16 -> 24775 | D18: =D17-D16 -> 14676 | E18: =E17-E16 -> 12821 | F18: =F17-F16 -> 13764 | G18: =G17-G16 -> 14395 | H18: =H17-H16 -> 14395 | I18: =I17-I16 -> 14395
B19: Debt Equivalent: Pension Expense | F19: 2976 | G19: =F19 -> 2976 | H19: =G19 -> 2976 | I19: =H19 -> 2976
B20: Adjusted Net Debt | C20: =SUM(C18:C19) -> 24775 | D20: =SUM(D18:D19) -> 14676 | E20: =SUM(E18:E19) -> 12821 | F20: =SUM(F18:F19) -> 16740 | G20: =SUM(G18:G19) -> 17371 | H20: =SUM(H18:H19) -> 17371 | I20: =SUM(I18:I19) -> 17371
B21: Invested Capital | C21: =C18+C15 -> 59992 | D21: =D18+D15 -> 46891 | E21: =E18+E15 -> 45194 | F21: =F18+F15 -> 41617 | G21: =G18+G15 -> 42045.196 | H21: =H18+H15 -> 42162.325 | I21: =I18+I15 -> 42407.189
B22: Invested Capital (Adjusted Net Debt) | C22: =C20+C15 -> 59992 | D22: =D20+D15 -> 46891 | E22: =E20+E15 -> 45194 | F22: =F20+F15 -> 44593 | G22: =G20+G15 -> 45021.196 | H22: =H20+H15 -> 45138.325 | I22: =I20+I15 -> 45383.189
B23: ROIC | C23: =C12/C21 -> 0.063008401 | D23: =D12/D21 -> 0.078223966 | E23: =E12/E21 -> 0.084723636 | F23: =F12/F21 -> 0.092245957 | G23: =G12/G21 -> 0.082031435 | H23: =H12/H21 -> 0.08493104 | I23: =I12/I21 -> 0.088358039
B24: Adjusted ROIC (NOPAT / Adj. IC) | C24: =C12/C22 -> 0.063008401 | D24: =D12/D22 -> 0.078223966 | E24: =E12/E22 -> 0.084723636 | F24: =F12/F22 -> 0.086089745 | G24: =G12/G22 -> 0.076608977 | H24: =H12/H22 -> 0.079331479 | I24: =I12/I22 -> 0.082563965
B26: EBITDA | C26: =IS!C18 -> 5582 | D26: =IS!D18 -> 5638 | E26: =IS!E18 -> 5348 | F26: =IS!F18 -> 5475 | G26: =IS!G18 -> 5024.5636 | H26: =IS!H18 -> 5216.0482 | I26: =IS!I18 -> 5456.0309
B27: Net Debt / EBITDA | C27: =C18/C26 -> 4.4383733 | D27: =D18/D26 -> 2.6030507 | E27: =E18/E26 -> 2.3973448 | F27: =F18/F26 -> 2.5139726 | G27: =G18/G26 -> 2.8649254 | H27: =H18/H26 -> 2.7597521 | I27: =I18/I26 -> 2.6383648
B28: Adjusted Net Debt / EBITDA | C28: =C20/C26 -> 4.4383733 | D28: =D20/D26 -> 2.6030507 | E28: =E20/E26 -> 2.3973448 | F28: =F20/F26 -> 3.0575342 | G28: =G20/G26 -> 3.4572157 | H28: =H20/H26 -> 3.330299 | I28: =I20/I26 -> 3.1838163
B30: Return on Capital Employed:
B31: Operating Income | C31: =C10 -> 4097 | D31: =D10 -> 4293 | E31: =E10 -> 4271 | F31: =F10 -> 4416 | G31: =G10 -> 4105.0346 | H31: =H10 -> 4276.1126 | I31: =I10 -> 4483.7701
B32: Less: Income Tax | C32: =C11 -> -317 | D32: =D11 -> -625 | E32: =E11 -> -442 | F32: =F11 -> -577 | G32: =G11 -> -656.00693 | H32: =H11 -> -695.22252 | I32: =I11 -> -736.75401
B33: NOPAT | C33: =C31-C32 -> 4414 | D33: =D31-D32 -> 4918 | E33: =E31-E32 -> 4713 | F33: =F31-F32 -> 4993 | G33: =G31-G32 -> 4761.0416 | H33: =H31-H32 -> 4971.3351 | I33: =I31-I32 -> 5220.5241
B34: Cash | C34: =C16 -> 1974 | D34: =D16 -> 4475 | E34: =E16 -> 2664 | F34: =F16 -> 1631 | G34: =G16 -> 1000 | H34: =H16 -> 1000 | I34: =I16 -> 1000
B35: Net PP&E | C35: =BS!C16 -> 13813 | D35: =BS!D16 -> 10010 | E35: =BS!E16 -> 10247 | F35: =BS!F16 -> 9827 | G35: =BS!G16 -> 10746.529 | H35: =BS!H16 -> 11449.068 | I35: =BS!I16 -> 12421.329
B36: Current Assets (Ex-cash) | C36: =BS!C13-BS!C8 -> 14228 | D36: =BS!D13-BS!D8 -> 11147 | E36: =BS!E13-BS!E8 -> 10552 | F36: =BS!F13-BS!F8 -> 10076 | G36: =BS!G13-BS!G8 -> 9181.8635 | H36: =BS!H13-BS!H8 -> 9303.9943 | I36: =BS!I13-BS!I8 -> 9523.1038
B37: Other Assets | C37: =BS!C20 -> 1308 | D37: =BS!D20 -> 1475 | E37: =BS!E20 -> 1449 | F37: =BS!F20 -> 1461 | G37: =BS!G20 -> 1461 | H37: =BS!H20 -> 1461 | I37: =BS!I20 -> 1461
B38: Current Liabilities | C38: =BS!C13 -> 16202 | D38: =BS!D13 -> 15622 | E38: =BS!E13 -> 13216 | F38: =BS!F13 -> 11707 | G38: =BS!G13 -> 10181.863 | H38: =BS!H13 -> 10303.994 | I38: =BS!I13 -> 10523.104
B39: Capital Employed | C39: =SUM(C35:C38)-C34 -> 43577 | D39: =SUM(D35:D38)-D34 -> 33779 | E39: =SUM(E35:E38)-E34 -> 32800 | F39: =SUM(F35:F38)-F34 -> 31440 | G39: =SUM(G35:G38)-G34 -> 30571.256 | H39: =SUM(H35:H38)-H34 -> 31518.056 | I39: =SUM(I35:I38)-I34 -> 32928.536
B40: ROCE | C40: =C33/C39 -> 0.10129197 | D40: =D33/D39 -> 0.14559342 | E40: =E33/E39 -> 0.14368902 | F40: =F33/F39 -> 0.15881043 | G40: =G33/G39 -> 0.15573588 | H40: =H33/H39 -> 0.15772975 | I40: =I33/I39 -> 0.15854103

Sheet Comp Sheet
B2: =Returns!B2 -> Mondelez International, Inc. (MDLZ)
B3: Comp Sheet - Data as of 3/17/2015
C4: 42080 | E4: EV/EBITDA | G4: P/E | I4: Margins | K4: Free Cash Flow
B5: Company Name | C5: Share Price | D5: EV | E5: LTM | F5: NTM | G5: LTM | H5: NTM | I5: Gross | J5: EBITDA | K5: EV/FCF LTM | L5: FCF Margin %
B6: Kraft Foods Group, Inc. (NasdaqGS:KRFT) | C6: 61.7 | D6: 44988.5 | E6: 18.9 | F6: 12 | G6: 35.4 | H6: 19.13 | I6: 0.269 | J6: 0.131 | K6: 51.2 | L6: 0.0329
B7: General Mills, Inc. (NYSE:GIS) | C7: 52.05 | D7: 42465.5 | E7: 12.8 | F7: 11.9 | G7: 21.7 | H7: 17.47 | I7: 0.344 | J7: 0.183 | K7: 24.4 | L7: 0.0872
B8: Kellogg Company (NYSE:K) | C8: 62.25 | D8: 29126.1 | E8: 15.7 | F8: 11.45 | G8: 35.5 | H8: 17.19 | I8: 0.359 | J8: 0.128 | K8: 28.2 | L8: 0.0618
B9: The Hershey Company (NYSE:HSY) | C9: 100.07 | D9: 23833.3 | E9: 14.3 | F9: 13.41 | G9: 26.5 | H9: 22.88 | I9: 0.45 | J9: 0.224 | K9: 52.3 | L9: 0.054
B10: ConAgra Foods, Inc. (NYSE:CAG) | C10: 34.49 | D10: 22922.5 | E10: 9.5 | F10: 10.47 | H10: 15.09 | I10: 0.202 | J10: 0.133 | K10: 14.4 | L10: 0.0779
B11: Tyson Foods, Inc. (NYSE:TSN) | C11: 38.71 | D11: 22378.8 | E11: 10 | F11: 6.94 | G11: 15.6 | H11: 10.59 | I11: 0.077 | J11: 0.056 | K11: 37.9 | L11: 0.0123
B12: Campbell Soup Company (NYSE:CPB) | C12: 45.16 | D12: 17851.4 | E12: 12 | F12: 11.55 | G12: 18.8 | H12: 19.01 | I12: 0.339 | J12: 0.179 | K12: 26.7 | L12: 0.0718
B13: The J. M. Smucker Company (NYSE:SJM) | C13: 110.59 | D13: 13365.8 | E13: 11.4 | F13: 10.07 | G13: 20.4 | H13: 19.89 | I13: 0.362 | J13: 0.213 | K13: 30.6 | L13: 0.072
B15: =B2 -> Mondelez International, Inc. (MDLZ) | C15: =Summary!E6 -> 34.36 | D15: 72105 | E15: 14.3 | F15: 13.5 | G15: 27 | H15: 20.1 | I15: 0.368 | J15: 0.147 | K15: 43.9 | L15: 0.0338
B16: Average: | E16: =AVERAGE(E6:E15) -> 13.211111 | F16: =AVERAGE(F6:F15) -> 11.254444 | G16: =AVERAGE(G6:G15) -> 25.1125 | H16: =AVERAGE(H6:H15) -> 17.927778 | I16: =AVERAGE(I6:I15) -> 0.30777778 | J16: =AVERAGE(J6:J15) -> 0.15488889 | K16: =AVERAGE(K6:K15) -> 34.4 | L16: =AVERAGE(L6:L15) -> 0.055966667

Sheet To-Do List
B2: To Do List - 3/18/2015
A3: 1 | B3: Full Debt Schedule
A4: =A3+1 -> 2 | B4: Import FX spot rates from BBG - for rev projection
A5: =A4+1 -> 3 | B5: Import commodity futures curves (cocoa etc) from BBG - for rev projection
A6: =A5+1 -> 4 | B6: Bear/Base/Bull scenarios
A7: =A6+1 -> 5 | B7: Break out coffee division & layer in other acquisitions/segments
A8: =A7+1 -> 6 | B8: Deep dive on management + management track record
A9: =A8+1 -> 7 | B9: Industry analysis / trends for snack industry / get full Nielsen data
